Workbook
Name ポートフォリオ一覧_一覧用_賃貸可能面積: 賃貸可能面積!$Q$48:$Q$86

Sheet 物件別収支
AM1: （単位：百万円）
D2: エリアⅠ | S2: エリアⅡ | W2: エリアⅢ | AL2: その他 | AM2: 合計
D3: Ⅰ-1 | E3: Ⅰ-2 | F3: Ⅰ-3 | G3: Ⅰ-8 | H3: Ⅰ-10 | I3: Ⅰ-12 | J3: Ⅰ-14 | K3: Ⅰ-15 | L3: Ⅰ-16 | M3: Ⅰ-17 | N3: Ⅰ-18 | O3: Ⅰ-19 | P3: Ⅰ-20 | Q3: Ⅰ-21 | R3: Ⅰ-22 | S3: Ⅱ-1 | T3: Ⅱ-4 | U3: Ⅱ-5 | V3: Ⅱ-6 | W3: Ⅲ-1 | X3: Ⅲ-5 | Y3: Ⅲ-7 | Z3: Ⅲ-11 | AA3: Ⅲ-12 | AB3: Ⅲ-13 | AC3: Ⅲ-14 | AD3: Ⅲ-15 | AE3: Ⅳ-3 | AF3: Ⅳ-4 | AG3: Ⅳ-5 | AH3: Ⅳ-6 | AI3: Ⅳ-7 | AJ3: Ⅳ-8 | AK3: Ⅳ-10
D4: 大森 | E4: 芝 二丁目 | F4: 浜松町 | G4: 赤坂 ｲﾝﾀｰ ｼﾃｨ | H4: 台場 ｶﾞｰﾃﾞﾝ ｼﾃｨ | I4: 浜離宮 ｲﾝﾀｰ ｼﾃｨ | J4: 興和 西新橋 | K4: ﾏﾝｻｰﾄﾞ 代官山 | L4: 赤坂 ｲﾝﾀｰ ｼﾃｨ AIR | M4: BIZ CORE 赤坂 見附 | N4: BIZ CORE 神保町 | O4: BIZ CORE 渋谷 | P4: BIZ CORE 築地 | Q4: 大崎 ﾌﾞﾗｲﾄ ﾀﾜｰ･ ﾌﾟﾗｻﾞ | R4: ｱｰｸﾋﾙｽﾞﾌﾛﾝﾄﾀﾜｰ | S4: NHK 名古屋 | T4: ｸﾞﾗﾝﾌﾛﾝﾄ大阪 | V4: ｱｸｱ ﾀｳﾝ 納屋橋 | W4: 武蔵 小杉 | X4: 川崎 日進町 | Y4: 両国 | Z4: ｺｱｼﾃｨ 立川 | AA4: 日石 横浜 | AB4: 横浜 弁天通 | AC4: 新横浜 ｱﾘｰﾅ 通り | AD4: 浦和 SH | AE4: 広島 八丁堀 | AF4: SE 札幌 | AG4: 青葉通 ﾌﾟﾗｻﾞ | AH4: 大和 南森町 | AI4: 那覇 | AJ4: 広島 OS | AK4: 札幌 大手町
T5: （うめきた広場・ 南館） | U5: （北館）
A6: 不動産賃貸事業収益 | D6: 897 | E6: 382 | F6: 10 | G6: 626 | H6: 356 | I6: 823 | J6: - | K6: 296 | L6: - | M6: 127 | N6: 265 | O6: 156 | P6: - | Q6: - | R6: 466 | S6: 367 | T6: - | U6: - | V6: 121 | W6: 813 | X6: 217 | Y6: 123 | Z6: 326 | AA6: 1222 | AB6: 41 | AC6: 65 | AD6: - | AE6: 160 | AF6: 437 | AG6: 192 | AH6: 197 | AI6: 90 | AJ6: 161 | AK6: 128 | AL6: - | AM6: 10920
B7: 賃貸事業収入 | D7: 844 | E7: 381 | F7: 9 | G7: 586 | H7: 311 | I7: 766 | J7: - | K7: 280 | L7: - | M7: 121 | N7: 249 | O7: 150 | P7: - | Q7: - | R7: 442 | S7: - | T7: - | U7: - | V7: 116 | W7: 732 | X7: 213 | Y7: 114 | Z7: 313 | AA7: 1121 | AB7: 38 | AC7: 57 | AD7: - | AE7: 148 | AF7: 352 | AG7: 173 | AH7: 181 | AI7: 79 | AJ7: 154 | AK7: 119 | AL7: - | AM7: 10131
B8: その他賃貸事業収入 | D8: 52 | E8: 0 | F8: 0 | G8: 40 | H8: 44 | I8: 56 | J8: - | K8: 16 | L8: - | M8: 6 | N8: 16 | O8: 5 | P8: - | Q8: - | R8: 23 | S8: - | T8: - | U8: - | V8: 5 | W8: 81 | X8: 3 | Y8: 9 | Z8: 12 | AA8: 100 | AB8: 2 | AC8: 7 | AD8: - | AE8: 11 | AF8: 84 | AG8: 18 | AH8: 15 | AI8: 11 | AJ8: 7 | AK8: 9 | AL8: - | AM8: 789
A9: 不動産賃貸事業費用 | D9: 472 | E9: 165 | F9: 7 | G9: 284 | H9: 209 | I9: 447 | J9: - | K9: 134 | L9: - | M9: 55 | N9: 91 | O9: 61 | P9: - | Q9: - | R9: 169 | S9: 265 | T9: - | U9: - | V9: 44 | W9: 430 | X9: 123 | Y9: 75 | Z9: 131 | AA9: 823 | AB9: 27 | AC9: 30 | AD9: - | AE9: 98 | AF9: 228 | AG9: 123 | AH9: 81 | AI9: 56 | AJ9: 88 | AK9: 78 | AL9: - | AM9: 5681
B10: 維持管理費 | D10: 131 | E10: 61 | F10: 0 | G10: 88 | H10: 48 | I10: 128 | J10: - | K10: 26 | L10: - | M10: 13 | N10: 31 | O10: 19 | P10: - | Q10: - | R10: 80 | S10: 69 | T10: - | U10: - | V10: 23 | W10: 118 | X10: 55 | Y10: 21 | Z10: 35 | AA10: 196 | AB10: 7 | AC10: 9 | AD10: - | AE10: 19 | AF10: 48 | AG10: 39 | AH10: 24 | AI10: 10 | AJ10: 26 | AK10: 17 | AL10: - | AM10: 1617
B11: 水道光熱費 | D11: 103 | E11: - | F11: 0 | G11: 47 | H11: 37 | I11: 68 | J11: - | K11: 22 | L11: - | M11: 6 | N11: 8 | O11: 6 | P11: - | Q11: - | R11: 17 | S11: 31 | T11: - | U11: - | V11: 3 | W11: 82 | X11: - | Y11: 9 | Z11: 39 | AA11: 207 | AB11: 5 | AC11: 7 | AD11: - | AE11: 12 | AF11: 72 | AG11: 17 | AH11: 10 | AI11: 6 | AJ11: 13 | AK11: 14 | AL11: - | AM11: 973
B12: 公租公課 | D12: 79 | E12: 32 | F12: 1 | G12: 42 | H12: 38 | I12: 55 | J12: - | K12: 38 | L12: - | M12: 22 | N12: 17 | O12: 12 | P12: - | Q12: - | R12: 16 | S12: 25 | T12: - | U12: - | V12: - | W12: 82 | X12: 18 | Y12: 8 | Z12: 21 | AA12: 137 | AB12: 4 | AC12: 4 | AD12: - | AE12: 21 | AF12: 29 | AG12: 23 | AH12: 15 | AI12: 5 | AJ12: 14 | AK12: 15 | AL12: - | AM12: 1008
B13: 損害保険料 | D13: 1 | E13: 0 | F13: 0 | G13: 1 | H13: 0 | I13: 2 | J13: - | K13: 0 | L13: - | M13: 0 | N13: 0 | O13: 0 | P13: - | Q13: - | R13: 0 | S13: 0 | T13: - | U13: - | V13: 0 | W13: 1 | X13: 0 | Y13: 0 | Z13: 1 | AA13: 3 | AB13: 0 | AC13: 0 | AD13: - | AE13: 0 | AF13: 0 | AG13: 0 | AH13: 0 | AI13: 0 | AJ13: 0 | AK13: 0 | AL13: - | AM13: 25
B14: 修繕工事費 | D14: 8 | E14: 1 | F14: 0 | G14: 6 | H14: 0 | I14: 15 | J14: - | K14: 2 | L14: - | M14: 0 | N14: 0 | O14: 1 | P14: - | Q14: - | R14: 9 | S14: 2 | T14: - | U14: - | V14: 0 | W14: 5 | X14: 1 | Y14: 0 | Z14: 1 | AA14: 11 | AB14: 1 | AC14: 1 | AD14: - | AE14: 0 | AF14: 2 | AG14: 0 | AH14: 2 | AI14: 2 | AJ14: 0 | AK14: 2 | AL14: - | AM14: 138
B15: その他費用 | D15: 15 | E15: 1 | F15: 1 | G15: 3 | H15: 2 | I15: 8 | J15: - | K15: 1 | L15: - | M15: 0 | N15: 0 | O15: 0 | P15: - | Q15: - | R15: 0 | S15: 35 | T15: - | U15: - | V15: 0 | W15: 3 | X15: 1 | Y15: 1 | Z15: 0 | AA15: 2 | AB15: 0 | AC15: 0 | AD15: - | AE15: 0 | AF15: 0 | AG15: 0 | AH15: 0 | AI15: 5 | AJ15: 0 | AK15: 0 | AL15: - | AM15: 115
B16: 減価償却費 | D16: 131 | E16: 67 | F16: 3 | G16: 95 | H16: 81 | I16: 167 | J16: 44 | K16: 42 | L16: 28 | M16: 13 | N16: 31 | O16: 19 | P16: 27 | Q16: 47 | R16: 44 | S16: 100 | T16: - | U16: - | V16: 16 | W16: 137 | X16: 46 | Y16: 32 | Z16: 31 | AA16: 262 | AB16: 7 | AC16: 7 | AD16: 4 | AE16: 43 | AF16: 72 | AG16: 40 | AH16: 25 | AI16: 25 | AJ16: 32 | AK16: 26 | AL16: - | AM16: 1803
A17: 不動産賃貸事業損益 | D17: 424 | E17: 216 | F17: 3 | G17: 342 | H17: 146 | I17: 376 | J17: 189 | K17: 162 | L17: 128 | M17: 71 | N17: 173 | O17: 95 | P17: 168 | Q17: 188 | R17: 296 | S17: 101 | T17: 167 | U17: 90 | V17: 77 | W17: 382 | X17: 93 | Y17: 48 | Z17: 195 | AA17: 398 | AB17: 13 | AC17: 34 | AD17: 38 | AE17: 61 | AF17: 209 | AG17: 68 | AH17: 115 | AI17: 34 | AJ17: 73 | AK17: 50 | AL17: - | AM17: 5239
A18: NOI | D18: 556 | E18: 284 | F18: 6 | G18: 437 | H18: 227 | I18: 543 | J18: 233 | K18: 205 | L18: 156 | M18: 85 | N18: 205 | O18: 114 | P18: 195 | Q18: 235 | R18: 340 | S18: 202 | T18: 187 | U18: 114 | V18: 93 | W18: 520 | X18: 139 | Y18: 81 | Z18: 226 | AA18: 661 | AB18: 21 | AC18: 41 | AD18: 43 | AE18: 104 | AF18: 282 | AG18: 109 | AH18: 141 | AI18: 59 | AJ18: 105 | AK18: 77 | AL18: 0 | AM18: 7043
A19: NOI（年換算値） | D19: 1121 | E19: 573 | F19: 162 | G19: 882 | H19: 459 | I19: 1096 | J19: 471 | K19: 414 | L19: 316 | M19: 171 | N19: 414 | O19: 230 | P19: 394 | Q19: 474 | R19: 686 | S19: 407 | T19: 378 | U19: 231 | V19: 276 | W19: 1048 | X19: 281 | Y19: 164 | Z19: 457 | AA19: 1333 | AB19: 43 | AC19: 83 | AD19: 86 | AE19: 211 | AF19: 568 | AG19: 220 | AH19: 285 | AI19: 119 | AJ19: 212 | AK19: 156 | AL19: 0 | AM19: 14439
A20: 日数（日） | D20: 181 | E20: 181 | F20: 15 | G20: 181 | H20: 181 | I20: 181 | J20: 181 | K20: 181 | L20: 181 | M20: 181 | N20: 181 | O20: 181 | P20: 181 | Q20: 181 | R20: 181 | S20: 181 | T20: 181 | U20: 181 | V20: 124 | W20: 181 | X20: 181 | Y20: 181 | Z20: 181 | AA20: 181 | AB20: 181 | AC20: 181 | AD20: 181 | AE20: 181 | AF20: 181 | AG20: 181 | AH20: 181 | AI20: 181 | AJ20: 181 | AK20: 181 | AL20: 181
A21: 取得価格 | D21: 22552 | E21: 9450 | F21: 4592 | G21: 28146 | H21: 11000 | I21: 19080 | J21: 11431 | K21: 11420 | L21: 12135 | M21: 6200 | N21: 10860 | O21: 6640 | P21: 9800 | Q21: 13100 | R21: 17250 | S21: 5610 | T21: 9518 | U21: 7632 | V21: 6000 | W21: 13890 | X21: 4725 | Y21: 2550 | Z21: 6500 | AA21: 24500 | AB21: 640 | AC21: 2077 | AD21: 1760 | AE21: 2760 | AF21: 5500 | AG21: 2120 | AH21: 4410 | AI21: 1380 | AJ21: 2780 | AK21: 4069 | AL21: 0
A23: ■ NOI利回り
A24: 第40期 | D24: 0.05 | E24: 0.061 | F24: 0.035 | G24: 0.031 | H24: 0.042 | I24: 0.057 | J24: 0.041 | K24: 0.036 | L24: 0.032 | M24: 0.028 | N24: 0.038 | O24: 0.035 | P24: 0.04 | Q24: 0.036 | R24: 0.04 | S24: 0.073 | T24: 0.04 | U24: 0.03 | V24: 0.046 | W24: 0.076 | X24: 0.06 | Y24: 0.065 | Z24: 0.07 | AA24: 0.054 | AB24: 0.068 | AC24: 0.04 | AD24: 0.049 | AE24: 0.077 | AF24: 0.103 | AG24: 0.104 | AH24: 0.065 | AI24: 0.087 | AJ24: 0.076 | AK24: 0.038 | AL24: - | AM24: 0.04837353
A25: 第39期 | D25: 0.049 | E25: 0.061 | F25: 0.035 | G25: 0.03 | H25: 0.05 | I25: 0.057 | J25: 0.04 | K25: 0.033 | L25: 0.03 | M25: 0.029 | N25: 0.036 | O25: 0.038 | P25: 0.038 | Q25: 0.035 | R25: 0.036 | S25: 0.072 | T25: 0.036 | U25: 0.051 | V25: - | W25: 0.074 | X25: 0.061 | Y25: 0.066 | Z25: 0.064 | AA25: 0.058 | AB25: 0.075 | AC25: 0.033 | AD25: 0.04 | AE25: 0.07 | AF25: 0.099 | AG25: 0.097 | AH25: 0.062 | AI25: 0.088 | AJ25: 0.07 | AK25: 0.058 | AL25: - | AM25: 0.048006281
A26: 差異（pt） | D26: 0.1 | E26: 0 | F26: 0 | G26: 0.1 | H26: -0.8 | I26: 0 | J26: 0.1 | K26: 0.3 | L26: 0.2 | M26: -0.1 | N26: 0.2 | O26: -0.3 | P26: 0.2 | Q26: 0.1 | R26: 0.4 | S26: 0.1 | T26: 0.4 | U26: -2.1 | V26: - | W26: 0.2 | X26: -0.1 | Y26: -0.1 | Z26: 0.6 | AA26: -0.4 | AB26: -0.7 | AC26: 0.7 | AD26: 0.9 | AE26: 0.7 | AF26: 0.4 | AG26: 0.7 | AH26: 0.3 | AI26: -0.1 | AJ26: 0.6 | AK26: -2 | AL26: - | AM26: 0.036724936
A28: ■ 償却後NOI利回り
A29: 第40期 | D29: 0.038 | E29: 0.046 | F29: 0.018 | G29: 0.025 | H29: 0.027 | I29: 0.04 | J29: 0.033 | K29: 0.029 | L29: 0.026 | M29: 0.023 | N29: 0.032 | O29: 0.029 | P29: 0.035 | Q29: 0.029 | R29: 0.035 | S29: 0.037 | T29: 0.036 | U29: 0.024 | V29: 0.038 | W29: 0.056 | X29: 0.04 | Y29: 0.039 | Z29: 0.061 | AA29: 0.033 | AB29: 0.042 | AC29: 0.033 | AD29: 0.044 | AE29: 0.045 | AF29: 0.077 | AG29: 0.065 | AH29: 0.053 | AI29: 0.05 | AJ29: 0.053 | AK29: 0.025 | AL29: - | AM29: 0.036
A30: 第39期 | D30: 0.037 | E30: 0.048 | F30: 0.026 | G30: 0.023 | H30: 0.035 | I30: 0.04 | J30: 0.033 | K30: 0.025 | L30: 0.024 | M30: 0.024 | N30: 0.03 | O30: 0.032 | P30: 0.033 | Q30: 0.028 | R30: 0.031 | S30: 0.037 | T30: 0.032 | U30: 0.044 | V30: - | W30: 0.054 | X30: 0.042 | Y30: 0.041 | Z30: 0.053 | AA30: 0.037 | AB30: 0.052 | AC30: 0.026 | AD30: 0.032 | AE30: 0.041 | AF30: 0.071 | AG30: 0.062 | AH30: 0.051 | AI30: 0.052 | AJ30: 0.049 | AK30: 0.047 | AL30: - | AM30: 0.0359
A31: 差異（pt） | D31: 0.1 | E31: -0.2 | F31: -0.8 | G31: 0.2 | H31: -0.8 | I31: 0 | J31: 0 | K31: 0.4 | L31: 0.2 | M31: -0.1 | N31: 0.2 | O31: -0.3 | P31: 0.2 | Q31: 0.1 | R31: 0.4 | S31: 0 | T31: 0.4 | U31: -2 | V31: - | W31: 0.2 | X31: -0.2 | Y31: -0.2 | Z31: 0.8 | AA31: -0.4 | AB31: -1 | AC31: 0.7 | AD31: 1.2 | AE31: 0.4 | AF31: 0.6 | AG31: 0.3 | AH31: 0.2 | AI31: -0.2 | AJ31: 0.4 | AK31: -2.2 | AL31: - | AM31: 0.01
A33: ■ エリア別内訳 | G33: （単位：百万円）
D34: エリアⅠ 合計 | E34: エリアⅡ 合計 | F34: エリアⅢ 合計 | G34: エリアⅣ 合計
A35: NOI | D35: 3829 | E35: 598 | F35: 1735 | G35: 880
A36: 第40期NOI利回り | D36: 0.041 | E36: 0.045 | F36: 0.062 | G36: 0.077
A37: 第39期NOI利回り | D37: 0.04 | E37: 0.05 | F37: 0.062 | G37: 0.074
A38: 差異（pt） | D38: 0.1 | E38: -0.5 | F38: 0 | G38: 0.3

Sheet 【期別】
A1: 合計 | B1: ← 参照する「物件名」または「合計」を選択してください。
A4: 期 | C4: 1 | D4: 2 | E4: 3 | F4: 4 | G4: 5 | H4: 6 | I4: 7 | J4: 8 | K4: 9 | L4: 10 | M4: 11 | N4: 12 | O4: 13 | P4: 14 | Q4: 15 | R4: 16 | S4: 17 | T4: 18 | U4: 19 | V4: 20 | W4: 21 | X4: 22 | Y4: 23 | Z4: 24 | AA4: 25 | AB4: 26 | AC4: 27 | AD4: 28 | AE4: 29 | AF4: 30 | AG4: 31 | AH4: 32 | AI4: 33 | AJ4: 34 | AK4: 35 | AL4: 36 | AM4: 37 | AN4: 38 | AO4: 39 | AP4: 40
B5: 自 | C5: 38768 | D5: 39083 | E5: 39264 | F5: 39448 | G5: 39630 | H5: 39814 | I5: 39995 | J5: 40179 | K5: 40360 | L5: 40544 | M5: 40725 | N5: 40909 | O5: 41091 | P5: 41275 | Q5: 41456 | R5: 41640 | S5: 41821 | T5: 42005 | U5: 42186 | V5: 42370 | W5: 42552 | X5: 42736 | Y5: 42917 | Z5: 43101 | AA5: 43282 | AB5: 43466 | AC5: 43647 | AD5: 43831 | AE5: 44013 | AF5: 44197 | AG5: 44378 | AH5: 44562 | AI5: 44743 | AJ5: 44927 | AK5: 45108 | AL5: 45292 | AM5: 45474 | AN5: 45658 | AO5: 45839 | AP5: 46023
B6: 至 | C6: 39082 | D6: 39263 | E6: 39447 | F6: 39629 | G6: 39813 | H6: 39994 | I6: 40178 | J6: 40359 | K6: 40543 | L6: 40724 | M6: 40908 | N6: 41090 | O6: 41274 | P6: 41455 | Q6: 41639 | R6: 41820 | S6: 42004 | T6: 42185 | U6: 42369 | V6: 42551 | W6: 42735 | X6: 42916 | Y6: 43100 | Z6: 43281 | AA6: 43465 | AB6: 43646 | AC6: 43830 | AD6: 44012 | AE6: 44196 | AF6: 44377 | AG6: 44561 | AH6: 44742 | AI6: 44926 | AJ6: 45107 | AK6: 45291 | AL6: 45473 | AM6: 45657 | AN6: 45838 | AO6: 46022 | AP6: 46203
A7: 取得価格 | B7: （百万円） | C7: =IF(VLOOKUP($A$1,取得価格!$B$7:$AA$73,C$4+1,FALSE)="","",VLOOKUP($A$1,取得価格!$B$7:$AA$73,C$4+1,FALSE)) -> 98446 | D7: =IF(VLOOKUP($A$1,取得価格!$B$7:$AA$73,D$4+1,FALSE)="","",VLOOKUP($A$1,取得価格!$B$7:$AA$73,D$4+1,FALSE)) -> 139127 | E7: =IF(VLOOKUP($A$1,取得価格!$B$7:$AA$73,E$4+1,FALSE)="","",VLOOKUP($A$1,取得価格!$B$7:$AA$73,E$4+1,FALSE)) -> 188984 | F7: =IF(VLOOKUP($A$1,取得価格!$B$7:$AA$73,F$4+1,FALSE)="","",VLOOKUP($A$1,取得価格!$B$7:$AA$73,F$4+1,FALSE)) -> 188984 | G7: =IF(VLOOKUP($A$1,取得価格!$B$7:$AA$73,G$4+1,FALSE)="","",VLOOKUP($A$1,取得価格!$B$7:$AA$73,G$4+1,FALSE)) -> 189284 | H7: =IF(VLOOKUP($A$1,取得価格!$B$7:$AA$73,H$4+1,FALSE)="","",VLOOKUP($A$1,取得価格!$B$7:$AA$73,H$4+1,FALSE)) -> 181023 | I7: =IF(VLOOKUP($A$1,取得価格!$B$7:$AA$73,I$4+1,FALSE)="","",VLOOKUP($A$1,取得価格!$B$7:$AA$73,I$4+1,FALSE)) -> 181023 | J7: =IF(VLOOKUP($A$1,取得価格!$B$7:$AA$73,J$4+1,FALSE)="","",VLOOKUP($A$1,取得価格!$B$7:$AA$73,J$4+1,FALSE)) -> 181023 | ... AA7: =IF(VLOOKUP($A$1,取得価格!$B$7:$AA$73,AA$4+1,FALSE)="","",VLOOKUP($A$1,取得価格!$B$7:$AA$73,AA$4+1,FALSE)) -> 273587 | AB7: =IF(VLOOKUP($A$1,取得価格!$B$7:AB$73,AB$4+1,FALSE)="","",VLOOKUP($A$1,取得価格!$B$7:AB$73,AB$4+1,FALSE)) -> 273587 | AC7: =IF(VLOOKUP($A$1,取得価格!$B$7:AC$73,AC$4+1,FALSE)="","",VLOOKUP($A$1,取得価格!$B$7:AC$73,AC$4+1,FALSE)) -> 279433 | AD7: =IF(VLOOKUP($A$1,取得価格!$B$7:AD$73,AD$4+1,FALSE)="","",VLOOKUP($A$1,取得価格!$B$7:AD$73,AD$4+1,FALSE)) -> 273345 | AE7: =IF(VLOOKUP($A$1,取得価格!$B$7:AE$73,AE$4+1,FALSE)="","",VLOOKUP($A$1,取得価格!$B$7:AE$73,AE$4+1,FALSE)) -> 272344 | AF7: =IF(VLOOKUP($A$1,取得価格!$B$7:AF$73,AF$4+1,FALSE)="","",VLOOKUP($A$1,取得価格!$B$7:AF$73,AF$4+1,FALSE)) -> 282544 | AG7: =IF(VLOOKUP($A$1,取得価格!$B$7:AG$73,AG$4+1,FALSE)="","",VLOOKUP($A$1,取得価格!$B$7:AG$73,AG$4+1,FALSE)) -> 286613 | AH7: =IF(VLOOKUP($A$1,取得価格!$B$7:AH$73,AH$4+1,FALSE)="","",VLOOKUP($A$1,取得価格!$B$7:AH$73,AH$4+1,FALSE)) -> 281908 | AI7: =IF(VLOOKUP($A$1,取得価格!$B$7:AI$73,AI$4+1,FALSE)="","",VLOOKUP($A$1,取得価格!$B$7:AI$73,AI$4+1,FALSE)) -> 287848 | ... AL7: =IF(VLOOKUP($A$1,取得価格!$B$7:AL$73,AL$4+1,FALSE)="","",VLOOKUP($A$1,取得価格!$B$7:AL$73,AL$4+1,FALSE)) -> 294347 | AM7: =IF(VLOOKUP($A$1,取得価格!$B$7:AN$73,AM$4+1,FALSE)="","",VLOOKUP($A$1,取得価格!$B$7:AN$73,AM$4+1,FALSE)) -> 279441 | AN7: =IF(VLOOKUP($A$1,取得価格!$B$7:AN$73,AN$4+1,FALSE)="","",VLOOKUP($A$1,取得価格!$B$7:AN$73,AN$4+1,FALSE)) -> 293451 | AO7: =IF(VLOOKUP($A$1,取得価格!$B$7:AO$73,AO$4+1,FALSE)="","",VLOOKUP($A$1,取得価格!$B$7:AO$73,AO$4+1,FALSE)) -> 290534 | AP7: =IF(VLOOKUP($A$1,取得価格!$B$7:AP$73,AP$4+1,FALSE)="","",VLOOKUP($A$1,取得価格!$B$7:AP$73,AP$4+1,FALSE)) -> 297486
A8: 期末算定価格 | B8: （百万円） | C8: =IF(VLOOKUP($A$1,期末算定価格!$B$7:$AA$73,C$4+1,FALSE)="","",VLOOKUP($A$1,期末算定価格!$B$7:$AA$73,C$4+1,FALSE)) -> 107732 | D8: =IF(VLOOKUP($A$1,期末算定価格!$B$7:$AA$73,D$4+1,FALSE)="","",VLOOKUP($A$1,期末算定価格!$B$7:$AA$73,D$4+1,FALSE)) -> 153409 | E8: =IF(VLOOKUP($A$1,期末算定価格!$B$7:$AA$73,E$4+1,FALSE)="","",VLOOKUP($A$1,期末算定価格!$B$7:$AA$73,E$4+1,FALSE)) -> 213188 | F8: =IF(VLOOKUP($A$1,期末算定価格!$B$7:$AA$73,F$4+1,FALSE)="","",VLOOKUP($A$1,期末算定価格!$B$7:$AA$73,F$4+1,FALSE)) -> 214485 | G8: =IF(VLOOKUP($A$1,期末算定価格!$B$7:$AA$73,G$4+1,FALSE)="","",VLOOKUP($A$1,期末算定価格!$B$7:$AA$73,G$4+1,FALSE)) -> 192330 | H8: =IF(VLOOKUP($A$1,期末算定価格!$B$7:$AA$73,H$4+1,FALSE)="","",VLOOKUP($A$1,期末算定価格!$B$7:$AA$73,H$4+1,FALSE)) -> 183464 | I8: =IF(VLOOKUP($A$1,期末算定価格!$B$7:$AA$73,I$4+1,FALSE)="","",VLOOKUP($A$1,期末算定価格!$B$7:$AA$73,I$4+1,FALSE)) -> 177088 | J8: =IF(VLOOKUP($A$1,期末算定価格!$B$7:$AA$73,J$4+1,FALSE)="","",VLOOKUP($A$1,期末算定価格!$B$7:$AA$73,J$4+1,FALSE)) -> 173858 | ... AA8: =IF(VLOOKUP($A$1,期末算定価格!$B$7:$AA$73,AA$4+1,FALSE)="","",VLOOKUP($A$1,期末算定価格!$B$7:$AA$73,AA$4+1,FALSE)) -> 303455 | AB8: =IF(VLOOKUP($A$1,期末算定価格!$B$7:AB$73,AB$4+1,FALSE)="","",VLOOKUP($A$1,期末算定価格!$B$7:AB$73,AB$4+1,FALSE)) -> 310488 | AC8: =IF(VLOOKUP($A$1,期末算定価格!$B$7:AC$73,AC$4+1,FALSE)="","",VLOOKUP($A$1,期末算定価格!$B$7:AC$73,AC$4+1,FALSE)) -> 319662 | AD8: =IF(VLOOKUP($A$1,期末算定価格!$B$7:AD$73,AD$4+1,FALSE)="","",VLOOKUP($A$1,期末算定価格!$B$7:AD$73,AD$4+1,FALSE)) -> 318366 | AE8: =IF(VLOOKUP($A$1,期末算定価格!$B$7:AE$73,AE$4+1,FALSE)="","",VLOOKUP($A$1,期末算定価格!$B$7:AE$73,AE$4+1,FALSE)) -> 318162 | AF8: =IF(VLOOKUP($A$1,期末算定価格!$B$7:AF$73,AF$4+1,FALSE)="","",VLOOKUP($A$1,期末算定価格!$B$7:AF$73,AF$4+1,FALSE)) -> 329162 | AG8: =IF(VLOOKUP($A$1,期末算定価格!$B$7:AG$73,AG$4+1,FALSE)="","",VLOOKUP($A$1,期末算定価格!$B$7:AG$73,AG$4+1,FALSE)) -> 339412 | AH8: =IF(VLOOKUP($A$1,期末算定価格!$B$7:AH$73,AH$4+1,FALSE)="","",VLOOKUP($A$1,期末算定価格!$B$7:AH$73,AH$4+1,FALSE)) -> 337844 | AI8: =IF(VLOOKUP($A$1,期末算定価格!$B$7:AI$73,AI$4+1,FALSE)="","",VLOOKUP($A$1,期末算定価格!$B$7:AI$73,AI$4+1,FALSE)) -> 344863 | ... AL8: =IF(VLOOKUP($A$1,期末算定価格!$B$7:AL$73,AL$4+1,FALSE)="","",VLOOKUP($A$1,期末算定価格!$B$7:AL$73,AL$4+1,FALSE)) -> 348139 | AM8: =IF(VLOOKUP($A$1,期末算定価格!$B$7:AP$73,AM$4+1,FALSE)="","",VLOOKUP($A$1,期末算定価格!$B$7:AP$73,AM$4+1,FALSE)) -> 334408 | AN8: =IF(VLOOKUP($A$1,期末算定価格!$B$7:AP$73,AN$4+1,FALSE)="","",VLOOKUP($A$1,期末算定価格!$B$7:AP$73,AN$4+1,FALSE)) -> 349561 | AO8: =IF(VLOOKUP($A$1,期末算定価格!$B$7:AP$73,AO$4+1,FALSE)="","",VLOOKUP($A$1,期末算定価格!$B$7:AP$73,AO$4+1,FALSE)) -> 351603 | AP8: =IF(VLOOKUP($A$1,期末算定価格!$B$7:AQ$73,AP$4+1,FALSE)="","",VLOOKUP($A$1,期末算定価格!$B$7:AQ$73,AP$4+1,FALSE)) -> 362561
A9: 期末帳簿価格 | B9: （百万円） | C9: =IF(VLOOKUP($A$1,期末帳簿価格!$B$7:$AA$73,C$4+1,FALSE)="","",VLOOKUP($A$1,期末帳簿価格!$B$7:$AA$73,C$4+1,FALSE)) -> 98921 | D9: =IF(VLOOKUP($A$1,期末帳簿価格!$B$7:$AA$73,D$4+1,FALSE)="","",VLOOKUP($A$1,期末帳簿価格!$B$7:$AA$73,D$4+1,FALSE)) -> 139868 | E9: =IF(VLOOKUP($A$1,期末帳簿価格!$B$7:$AA$73,E$4+1,FALSE)="","",VLOOKUP($A$1,期末帳簿価格!$B$7:$AA$73,E$4+1,FALSE)) -> 189323 | F9: =IF(VLOOKUP($A$1,期末帳簿価格!$B$7:$AA$73,F$4+1,FALSE)="","",VLOOKUP($A$1,期末帳簿価格!$B$7:$AA$73,F$4+1,FALSE)) -> 188824 | G9: =IF(VLOOKUP($A$1,期末帳簿価格!$B$7:$AA$73,G$4+1,FALSE)="","",VLOOKUP($A$1,期末帳簿価格!$B$7:$AA$73,G$4+1,FALSE)) -> 180733 | H9: =IF(VLOOKUP($A$1,期末帳簿価格!$B$7:$AA$73,H$4+1,FALSE)="","",VLOOKUP($A$1,期末帳簿価格!$B$7:$AA$73,H$4+1,FALSE)) -> 180016 | I9: =IF(VLOOKUP($A$1,期末帳簿価格!$B$7:$AA$73,I$4+1,FALSE)="","",VLOOKUP($A$1,期末帳簿価格!$B$7:$AA$73,I$4+1,FALSE)) -> 179165 | J9: =IF(VLOOKUP($A$1,期末帳簿価格!$B$7:$AA$73,J$4+1,FALSE)="","",VLOOKUP($A$1,期末帳簿価格!$B$7:$AA$73,J$4+1,FALSE)) -> 178434 | ... AA9: =IF(VLOOKUP($A$1,期末帳簿価格!$B$7:$AA$73,AA$4+1,FALSE)="","",VLOOKUP($A$1,期末帳簿価格!$B$7:$AA$73,AA$4+1,FALSE)) -> 258689 | AB9: =IF(VLOOKUP($A$1,期末帳簿価格!$B$7:AB$73,AB$4+1,FALSE)="","",VLOOKUP($A$1,期末帳簿価格!$B$7:AB$73,AB$4+1,FALSE)) -> 258028 | AC9: =IF(VLOOKUP($A$1,期末帳簿価格!$B$7:AC$73,AC$4+1,FALSE)="","",VLOOKUP($A$1,期末帳簿価格!$B$7:AC$73,AC$4+1,FALSE)) -> 262443 | AD9: =IF(VLOOKUP($A$1,期末帳簿価格!$B$7:AD$73,AD$4+1,FALSE)="","",VLOOKUP($A$1,期末帳簿価格!$B$7:AD$73,AD$4+1,FALSE)) -> 257186 | AE9: =IF(VLOOKUP($A$1,期末帳簿価格!$B$7:AE$73,AE$4+1,FALSE)="","",VLOOKUP($A$1,期末帳簿価格!$B$7:AE$73,AE$4+1,FALSE)) -> 255463 | AF9: =IF(VLOOKUP($A$1,期末帳簿価格!$B$7:AF$73,AF$4+1,FALSE)="","",VLOOKUP($A$1,期末帳簿価格!$B$7:AF$73,AF$4+1,FALSE)) -> 265113 | AG9: =IF(VLOOKUP($A$1,期末帳簿価格!$B$7:AG$73,AG$4+1,FALSE)="","",VLOOKUP($A$1,期末帳簿価格!$B$7:AG$73,AG$4+1,FALSE)) -> 268610 | AH9: =IF(VLOOKUP($A$1,期末帳簿価格!$B$7:AH$73,AH$4+1,FALSE)="","",VLOOKUP($A$1,期末帳簿価格!$B$7:AH$73,AH$4+1,FALSE)) -> 263194 | AI9: =IF(VLOOKUP($A$1,期末帳簿価格!$B$7:AI$73,AI$4+1,FALSE)="","",VLOOKUP($A$1,期末帳簿価格!$B$7:AI$73,AI$4+1,FALSE)) -> 268467 | ... AL9: =IF(VLOOKUP($A$1,期末帳簿価格!$B$7:AL$73,AL$4+1,FALSE)="","",VLOOKUP($A$1,期末帳簿価格!$B$7:AL$73,AL$4+1,FALSE)) -> 276277 | AM9: =IF(VLOOKUP($A$1,期末帳簿価格!$B$7:AP$73,AM$4+1,FALSE)="","",VLOOKUP($A$1,期末帳簿価格!$B$7:AP$73,AM$4+1,FALSE)) -> 261310 | AN9: =IF(VLOOKUP($A$1,期末帳簿価格!$B$7:AP$73,AN$4+1,FALSE)="","",VLOOKUP($A$1,期末帳簿価格!$B$7:AP$73,AN$4+1,FALSE)) -> 275111 | AO9: =IF(VLOOKUP($A$1,期末帳簿価格!$B$7:AP$73,AO$4+1,FALSE)="","",VLOOKUP($A$1,期末帳簿価格!$B$7:AP$73,AO$4+1,FALSE)) -> 272046 | AP9: =IF(VLOOKUP($A$1,期末帳簿価格!$B$7:AQ$73,AP$4+1,FALSE)="","",VLOOKUP($A$1,期末帳簿価格!$B$7:AQ$73,AP$4+1,FALSE)) -> 279193
A10: 賃貸可能面積 | B10: （㎡） | C10: =IF(VLOOKUP($A$1,賃貸可能面積!$B$7:$AA$73,C$4+1,FALSE)="","",VLOOKUP($A$1,賃貸可能面積!$B$7:$AA$73,C$4+1,FALSE)) -> 135263.69 | D10: =IF(VLOOKUP($A$1,賃貸可能面積!$B$7:$AA$73,D$4+1,FALSE)="","",VLOOKUP($A$1,賃貸可能面積!$B$7:$AA$73,D$4+1,FALSE)) -> 190051.15 | E10: =IF(VLOOKUP($A$1,賃貸可能面積!$B$7:$AA$73,E$4+1,FALSE)="","",VLOOKUP($A$1,賃貸可能面積!$B$7:$AA$73,E$4+1,FALSE)) -> 234006.62 | F10: =IF(VLOOKUP($A$1,賃貸可能面積!$B$7:$AA$73,F$4+1,FALSE)="","",VLOOKUP($A$1,賃貸可能面積!$B$7:$AA$73,F$4+1,FALSE)) -> 234006.28 | G10: =IF(VLOOKUP($A$1,賃貸可能面積!$B$7:$AA$73,G$4+1,FALSE)="","",VLOOKUP($A$1,賃貸可能面積!$B$7:$AA$73,G$4+1,FALSE)) -> 220521.65 | H10: =IF(VLOOKUP($A$1,賃貸可能面積!$B$7:$AA$73,H$4+1,FALSE)="","",VLOOKUP($A$1,賃貸可能面積!$B$7:$AA$73,H$4+1,FALSE)) -> 220521.66 | I10: =IF(VLOOKUP($A$1,賃貸可能面積!$B$7:$AA$73,I$4+1,FALSE)="","",VLOOKUP($A$1,賃貸可能面積!$B$7:$AA$73,I$4+1,FALSE)) -> 220521.66 | J10: =IF(VLOOKUP($A$1,賃貸可能面積!$B$7:$AA$73,J$4+1,FALSE)="","",VLOOKUP($A$1,賃貸可能面積!$B$7:$AA$73,J$4+1,FALSE)) -> 220474.77 | ... AA10: =IF(VLOOKUP($A$1,賃貸可能面積!$B$7:$AA$73,AA$4+1,FALSE)="","",VLOOKUP($A$1,賃貸可能面積!$B$7:$AA$73,AA$4+1,FALSE)) -> 343830.44 | AB10: =IF(VLOOKUP($A$1,賃貸可能面積!$B$7:AB$73,AB$4+1,FALSE)="","",VLOOKUP($A$1,賃貸可能面積!$B$7:AB$73,AB$4+1,FALSE)) -> 343830.44 | AC10: =IF(VLOOKUP($A$1,賃貸可能面積!$B$7:AC$73,AC$4+1,FALSE)="","",VLOOKUP($A$1,賃貸可能面積!$B$7:AC$73,AC$4+1,FALSE)) -> 345940.29 | AD10: =IF(VLOOKUP($A$1,賃貸可能面積!$B$7:AD$73,AD$4+1,FALSE)="","",VLOOKUP($A$1,賃貸可能面積!$B$7:AD$73,AD$4+1,FALSE)) -> 332701.82 | AE10: =IF(VLOOKUP($A$1,賃貸可能面積!$B$7:AE$73,AE$4+1,FALSE)="","",VLOOKUP($A$1,賃貸可能面積!$B$7:AE$73,AE$4+1,FALSE)) -> 331111.56 | AF10: =IF(VLOOKUP($A$1,賃貸可能面積!$B$7:AF$73,AF$4+1,FALSE)="","",VLOOKUP($A$1,賃貸可能面積!$B$7:AF$73,AF$4+1,FALSE)) -> 336375.4 | AG10: =IF(VLOOKUP($A$1,賃貸可能面積!$B$7:AG$73,AG$4+1,FALSE)="","",VLOOKUP($A$1,賃貸可能面積!$B$7:AG$73,AG$4+1,FALSE)) -> 341069.62 | AH10: =IF(VLOOKUP($A$1,賃貸可能面積!$B$7:AH$73,AH$4+1,FALSE)="","",VLOOKUP($A$1,賃貸可能面積!$B$7:AH$73,AH$4+1,FALSE)) -> 335534.27 | AI10: =IF(VLOOKUP($A$1,賃貸可能面積!$B$7:AI$73,AI$4+1,FALSE)="","",VLOOKUP($A$1,賃貸可能面積!$B$7:AI$73,AI$4+1,FALSE)) -> 337388.63 | ... AL10: =IF(VLOOKUP($A$1,賃貸可能面積!$B$7:AL$73,AL$4+1,FALSE)="","",VLOOKUP($A$1,賃貸可能面積!$B$7:AL$73,AL$4+1,FALSE)) -> 319257.6 | AM10: =IF(VLOOKUP($A$1,賃貸可能面積!$B$7:AP$73,AM$4+1,FALSE)="","",VLOOKUP($A$1,賃貸可能面積!$B$7:AP$73,AM$4+1,FALSE)) -> 295883.72 | AN10: =IF(VLOOKUP($A$1,賃貸可能面積!$B$7:AP$73,AN$4+1,FALSE)="","",VLOOKUP($A$1,賃貸可能面積!$B$7:AP$73,AN$4+1,FALSE)) -> 302340.95 | AO10: =IF(VLOOKUP($A$1,賃貸可能面積!$B$7:AP$73,AO$4+1,FALSE)="","",VLOOKUP($A$1,賃貸可能面積!$B$7:AP$73,AO$4+1,FALSE)) -> 300200.04 | AP10: =IF(VLOOKUP($A$1,賃貸可能面積!$B$7:AQ$73,AP$4+1,FALSE)="","",VLOOKUP($A$1,賃貸可能面積!$B$7:AQ$73,AP$4+1,FALSE)) -> 303731.22
A11: テナント数 | B11: （件） | C11: =IF(VLOOKUP($A$1,テナント数!$B$7:$AA$73,C$4+1,FALSE)="","",VLOOKUP($A$1,テナント数!$B$7:$AA$73,C$4+1,FALSE)) -> 99 | D11: =IF(VLOOKUP($A$1,テナント数!$B$7:$AA$73,D$4+1,FALSE)="","",VLOOKUP($A$1,テナント数!$B$7:$AA$73,D$4+1,FALSE)) -> 120 | E11: =IF(VLOOKUP($A$1,テナント数!$B$7:$AA$73,E$4+1,FALSE)="","",VLOOKUP($A$1,テナント数!$B$7:$AA$73,E$4+1,FALSE)) -> 132 | F11: =IF(VLOOKUP($A$1,テナント数!$B$7:$AA$73,F$4+1,FALSE)="","",VLOOKUP($A$1,テナント数!$B$7:$AA$73,F$4+1,FALSE)) -> 131 | G11: =IF(VLOOKUP($A$1,テナント数!$B$7:$AA$73,G$4+1,FALSE)="","",VLOOKUP($A$1,テナント数!$B$7:$AA$73,G$4+1,FALSE)) -> 127 | H11: =IF(VLOOKUP($A$1,テナント数!$B$7:$AA$73,H$4+1,FALSE)="","",VLOOKUP($A$1,テナント数!$B$7:$AA$73,H$4+1,FALSE)) -> 126 | I11: =IF(VLOOKUP($A$1,テナント数!$B$7:$AA$73,I$4+1,FALSE)="","",VLOOKUP($A$1,テナント数!$B$7:$AA$73,I$4+1,FALSE)) -> 126 | J11: =IF(VLOOKUP($A$1,テナント数!$B$7:$AA$73,J$4+1,FALSE)="","",VLOOKUP($A$1,テナント数!$B$7:$AA$73,J$4+1,FALSE)) -> 124 | ... AA11: =IF(VLOOKUP($A$1,テナント数!$B$7:$AA$73,AA$4+1,FALSE)="","",VLOOKUP($A$1,テナント数!$B$7:$AA$73,AA$4+1,FALSE)) -> 204 | AB11: =IF(VLOOKUP($A$1,テナント数!$B$7:AB$73,AB$4+1,FALSE)="","",VLOOKUP($A$1,テナント数!$B$7:AB$73,AB$4+1,FALSE)) -> 204 | AC11: =IF(VLOOKUP($A$1,テナント数!$B$7:AC$73,AC$4+1,FALSE)="","",VLOOKUP($A$1,テナント数!$B$7:AC$73,AC$4+1,FALSE)) -> 200 | AD11: =IF(VLOOKUP($A$1,テナント数!$B$7:AD$73,AD$4+1,FALSE)="","",VLOOKUP($A$1,テナント数!$B$7:AD$73,AD$4+1,FALSE)) -> 193 | AE11: =IF(VLOOKUP($A$1,テナント数!$B$7:AE$73,AE$4+1,FALSE)="","",VLOOKUP($A$1,テナント数!$B$7:AE$73,AE$4+1,FALSE)) -> 191 | AF11: =IF(VLOOKUP($A$1,テナント数!$B$7:AF$73,AF$4+1,FALSE)="","",VLOOKUP($A$1,テナント数!$B$7:AF$73,AF$4+1,FALSE)) -> 187 | AG11: =IF(VLOOKUP($A$1,テナント数!$B$7:AG$73,AG$4+1,FALSE)="","",VLOOKUP($A$1,テナント数!$B$7:AG$73,AG$4+1,FALSE)) -> 587 | AH11: =IF(VLOOKUP($A$1,テナント数!$B$7:AH$73,AH$4+1,FALSE)="","",VLOOKUP($A$1,テナント数!$B$7:AH$73,AH$4+1,FALSE)) -> 585 | AI11: =IF(VLOOKUP($A$1,テナント数!$B$7:AI$73,AI$4+1,FALSE)="","",VLOOKUP($A$1,テナント数!$B$7:AI$73,AI$4+1,FALSE)) -> 617 | ... AL11: =IF(VLOOKUP($A$1,テナント数!$B$7:AL$73,AL$4+1,FALSE)="","",VLOOKUP($A$1,テナント数!$B$7:AL$73,AL$4+1,FALSE)) -> 603 | AM11: =IF(VLOOKUP($A$1,テナント数!$B$7:AP$73,AM$4+1,FALSE)="","",VLOOKUP($A$1,テナント数!$B$7:AP$73,AM$4+1,FALSE)) -> 606 | AN11: =IF(VLOOKUP($A$1,テナント数!$B$7:AP$73,AN$4+1,FALSE)="","",VLOOKUP($A$1,テナント数!$B$7:AP$73,AN$4+1,FALSE)) -> 610 | AO11: =IF(VLOOKUP($A$1,テナント数!$B$7:AP$73,AO$4+1,FALSE)="","",VLOOKUP($A$1,テナント数!$B$7:AP$73,AO$4+1,FALSE)) -> 598 | AP11: =IF(VLOOKUP($A$1,テナント数!$B$7:AQ$73,AP$4+1,FALSE)="","",VLOOKUP($A$1,テナント数!$B$7:AQ$73,AP$4+1,FALSE)) -> 598
A12: 期末稼働率 | B12: （％） | C12: =IF(VLOOKUP($A$1,期末稼働率!$B$7:$AA$73,C$4+1,FALSE)="","",VLOOKUP($A$1,期末稼働率!$B$7:$AA$73,C$4+1,FALSE)) -> 98.5 | D12: =IF(VLOOKUP($A$1,期末稼働率!$B$7:$AA$73,D$4+1,FALSE)="","",VLOOKUP($A$1,期末稼働率!$B$7:$AA$73,D$4+1,FALSE)) -> 98.2 | E12: =IF(VLOOKUP($A$1,期末稼働率!$B$7:$AA$73,E$4+1,FALSE)="","",VLOOKUP($A$1,期末稼働率!$B$7:$AA$73,E$4+1,FALSE)) -> 95.3 | F12: =IF(VLOOKUP($A$1,期末稼働率!$B$7:$AA$73,F$4+1,FALSE)="","",VLOOKUP($A$1,期末稼働率!$B$7:$AA$73,F$4+1,FALSE)) -> 95.1 | G12: =IF(VLOOKUP($A$1,期末稼働率!$B$7:$AA$73,G$4+1,FALSE)="","",VLOOKUP($A$1,期末稼働率!$B$7:$AA$73,G$4+1,FALSE)) -> 95.2 | H12: =IF(VLOOKUP($A$1,期末稼働率!$B$7:$AA$73,H$4+1,FALSE)="","",VLOOKUP($A$1,期末稼働率!$B$7:$AA$73,H$4+1,FALSE)) -> 98.5 | I12: =IF(VLOOKUP($A$1,期末稼働率!$B$7:$AA$73,I$4+1,FALSE)="","",VLOOKUP($A$1,期末稼働率!$B$7:$AA$73,I$4+1,FALSE)) -> 97 | J12: =IF(VLOOKUP($A$1,期末稼働率!$B$7:$AA$73,J$4+1,FALSE)="","",VLOOKUP($A$1,期末稼働率!$B$7:$AA$73,J$4+1,FALSE)) -> 97.4 | ... AA12: =IF(VLOOKUP($A$1,期末稼働率!$B$7:$AA$73,AA$4+1,FALSE)="","",VLOOKUP($A$1,期末稼働率!$B$7:$AA$73,AA$4+1,FALSE)) -> 99.6 | AB12: =IF(VLOOKUP($A$1,期末稼働率!$B$7:AB$73,AB$4+1,FALSE)="","",VLOOKUP($A$1,期末稼働率!$B$7:AB$73,AB$4+1,FALSE)) -> 99.4 | AC12: =IF(VLOOKUP($A$1,期末稼働率!$B$7:AC$73,AC$4+1,FALSE)="","",VLOOKUP($A$1,期末稼働率!$B$7:AC$73,AC$4+1,FALSE)) -> 99.6 | AD12: =IF(VLOOKUP($A$1,期末稼働率!$B$7:AD$73,AD$4+1,FALSE)="","",VLOOKUP($A$1,期末稼働率!$B$7:AD$73,AD$4+1,FALSE)) -> 99.6 | AE12: =IF(VLOOKUP($A$1,期末稼働率!$B$7:AE$73,AE$4+1,FALSE)="","",VLOOKUP($A$1,期末稼働率!$B$7:AE$73,AE$4+1,FALSE)) -> 98 | AF12: =IF(VLOOKUP($A$1,期末稼働率!$B$7:AF$73,AF$4+1,FALSE)="","",VLOOKUP($A$1,期末稼働率!$B$7:AF$73,AF$4+1,FALSE)) -> 96.4 | AG12: =IF(VLOOKUP($A$1,期末稼働率!$B$7:AG$73,AG$4+1,FALSE)="","",VLOOKUP($A$1,期末稼働率!$B$7:AG$73,AG$4+1,FALSE)) -> 93.1 | AH12: =IF(VLOOKUP($A$1,期末稼働率!$B$7:AH$73,AH$4+1,FALSE)="","",VLOOKUP($A$1,期末稼働率!$B$7:AH$73,AH$4+1,FALSE)) -> 90.8 | AI12: =IF(VLOOKUP($A$1,期末稼働率!$B$7:AI$73,AI$4+1,FALSE)="","",VLOOKUP($A$1,期末稼働率!$B$7:AI$73,AI$4+1,FALSE)) -> 93 | ... AL12: =IF(VLOOKUP($A$1,期末稼働率!$B$7:AL$73,AL$4+1,FALSE)="","",VLOOKUP($A$1,期末稼働率!$B$7:AL$73,AL$4+1,FALSE)) -> 98.4 | AM12: =IF(VLOOKUP($A$1,期末稼働率!$B$7:AP$73,AM$4+1,FALSE)="","",VLOOKUP($A$1,期末稼働率!$B$7:AP$73,AM$4+1,FALSE)) -> 99 | AN12: =IF(VLOOKUP($A$1,期末稼働率!$B$7:AP$73,AN$4+1,FALSE)="","",VLOOKUP($A$1,期末稼働率!$B$7:AP$73,AN$4+1,FALSE)) -> 98.9 | AO12: =IF(VLOOKUP($A$1,期末稼働率!$B$7:AP$73,AO$4+1,FALSE)="","",VLOOKUP($A$1,期末稼働率!$B$7:AP$73,AO$4+1,FALSE)) -> 98.3 | AP12: =IF(VLOOKUP($A$1,期末稼働率!$B$7:AQ$73,AP$4+1,FALSE)="","",VLOOKUP($A$1,期末稼働率!$B$7:AQ$73,AP$4+1,FALSE)) -> 98.1
A13: 不動産賃貸事業収益 | B13: （百万円） | C13: =IF(VLOOKUP($A$1,不動産賃貸事業収益!$B$7:$AA$73,C$4+1,FALSE)="","",VLOOKUP($A$1,不動産賃貸事業収益!$B$7:$AA$73,C$4+1,FALSE)) -> 4751 | D13: =IF(VLOOKUP($A$1,不動産賃貸事業収益!$B$7:$AA$73,D$4+1,FALSE)="","",VLOOKUP($A$1,不動産賃貸事業収益!$B$7:$AA$73,D$4+1,FALSE)) -> 5505 | E13: =IF(VLOOKUP($A$1,不動産賃貸事業収益!$B$7:$AA$73,E$4+1,FALSE)="","",VLOOKUP($A$1,不動産賃貸事業収益!$B$7:$AA$73,E$4+1,FALSE)) -> 6982 | F13: =IF(VLOOKUP($A$1,不動産賃貸事業収益!$B$7:$AA$73,F$4+1,FALSE)="","",VLOOKUP($A$1,不動産賃貸事業収益!$B$7:$AA$73,F$4+1,FALSE)) -> 7840 | G13: =IF(VLOOKUP($A$1,不動産賃貸事業収益!$B$7:$AA$73,G$4+1,FALSE)="","",VLOOKUP($A$1,不動産賃貸事業収益!$B$7:$AA$73,G$4+1,FALSE)) -> 7647 | H13: =IF(VLOOKUP($A$1,不動産賃貸事業収益!$B$7:$AA$73,H$4+1,FALSE)="","",VLOOKUP($A$1,不動産賃貸事業収益!$B$7:$AA$73,H$4+1,FALSE)) -> 7544 | I13: =IF(VLOOKUP($A$1,不動産賃貸事業収益!$B$7:$AA$73,I$4+1,FALSE)="","",VLOOKUP($A$1,不動産賃貸事業収益!$B$7:$AA$73,I$4+1,FALSE)) -> 7494 | J13: =IF(VLOOKUP($A$1,不動産賃貸事業収益!$B$7:$AA$73,J$4+1,FALSE)="","",VLOOKUP($A$1,不動産賃貸事業収益!$B$7:$AA$73,J$4+1,FALSE)) -> 7302 | ... AA13: =IF(VLOOKUP($A$1,不動産賃貸事業収益!$B$7:$AA$73,AA$4+1,FALSE)="","",VLOOKUP($A$1,不動産賃貸事業収益!$B$7:$AA$73,AA$4+1,FALSE)) -> 10657 | AB13: =IF(VLOOKUP($A$1,不動産賃貸事業収益!$B$7:AB$73,AB$4+1,FALSE)="","",VLOOKUP($A$1,不動産賃貸事業収益!$B$7:AB$73,AB$4+1,FALSE)) -> 10668 | AC13: =IF(VLOOKUP($A$1,不動産賃貸事業収益!$B$7:AC$73,AC$4+1,FALSE)="","",VLOOKUP($A$1,不動産賃貸事業収益!$B$7:AC$73,AC$4+1,FALSE)) -> 10890 | AD13: =IF(VLOOKUP($A$1,不動産賃貸事業収益!$B$7:AD$73,AD$4+1,FALSE)="","",VLOOKUP($A$1,不動産賃貸事業収益!$B$7:AD$73,AD$4+1,FALSE)) -> 11013 | AE13: =IF(VLOOKUP($A$1,不動産賃貸事業収益!$B$7:AE$73,AE$4+1,FALSE)="","",VLOOKUP($A$1,不動産賃貸事業収益!$B$7:AE$73,AE$4+1,FALSE)) -> 10729 | AF13: =IF(VLOOKUP($A$1,不動産賃貸事業収益!$B$7:AF$73,AF$4+1,FALSE)="","",VLOOKUP($A$1,不動産賃貸事業収益!$B$7:AF$73,AF$4+1,FALSE)) -> 10567 | AG13: =IF(VLOOKUP($A$1,不動産賃貸事業収益!$B$7:AG$73,AG$4+1,FALSE)="","",VLOOKUP($A$1,不動産賃貸事業収益!$B$7:AG$73,AG$4+1,FALSE)) -> 10666 | AH13: =IF(VLOOKUP($A$1,不動産賃貸事業収益!$B$7:AH$73,AH$4+1,FALSE)="","",VLOOKUP($A$1,不動産賃貸事業収益!$B$7:AH$73,AH$4+1,FALSE)) -> 10267 | AI13: =IF(VLOOKUP($A$1,不動産賃貸事業収益!$B$7:AI$73,AI$4+1,FALSE)="","",VLOOKUP($A$1,不動産賃貸事業収益!$B$7:AI$73,AI$4+1,FALSE)) -> 10141 | ... AL13: =IF(VLOOKUP($A$1,不動産賃貸事業収益!$B$7:AL$73,AL$4+1,FALSE)="","",VLOOKUP($A$1,不動産賃貸事業収益!$B$7:AL$73,AL$4+1,FALSE)) -> 10662 | AM13: =IF(VLOOKUP($A$1,不動産賃貸事業収益!$B$7:AP$73,AM$4+1,FALSE)="","",VLOOKUP($A$1,不動産賃貸事業収益!$B$7:AP$73,AM$4+1,FALSE)) -> 10981 | AN13: =IF(VLOOKUP($A$1,不動産賃貸事業収益!$B$7:AP$73,AN$4+1,FALSE)="","",VLOOKUP($A$1,不動産賃貸事業収益!$B$7:AP$73,AN$4+1,FALSE)) -> 10466 | AO13: =IF(VLOOKUP($A$1,不動産賃貸事業収益!$B$7:AP$73,AO$4+1,FALSE)="","",VLOOKUP($A$1,不動産賃貸事業収益!$B$7:AP$73,AO$4+1,FALSE)) -> 11115 | AP13: =IF(VLOOKUP($A$1,不動産賃貸事業収益!$B$7:AQ$73,AP$4+1,FALSE)="","",VLOOKUP($A$1,不動産賃貸事業収益!$B$7:AQ$73,AP$4+1,FALSE)) -> 10920
A14: 賃貸事業収入 | B14: （百万円） | C14: =IF(VLOOKUP($A$1,賃貸事業収入!$B$7:$AA$73,C$4+1,FALSE)="","",VLOOKUP($A$1,賃貸事業収入!$B$7:$AA$73,C$4+1,FALSE)) -> 4335 | D14: =IF(VLOOKUP($A$1,賃貸事業収入!$B$7:$AA$73,D$4+1,FALSE)="","",VLOOKUP($A$1,賃貸事業収入!$B$7:$AA$73,D$4+1,FALSE)) -> 5069 | E14: =IF(VLOOKUP($A$1,賃貸事業収入!$B$7:$AA$73,E$4+1,FALSE)="","",VLOOKUP($A$1,賃貸事業収入!$B$7:$AA$73,E$4+1,FALSE)) -> 6335 | F14: =IF(VLOOKUP($A$1,賃貸事業収入!$B$7:$AA$73,F$4+1,FALSE)="","",VLOOKUP($A$1,賃貸事業収入!$B$7:$AA$73,F$4+1,FALSE)) -> 7135 | G14: =IF(VLOOKUP($A$1,賃貸事業収入!$B$7:$AA$73,G$4+1,FALSE)="","",VLOOKUP($A$1,賃貸事業収入!$B$7:$AA$73,G$4+1,FALSE)) -> 6909 | H14: =IF(VLOOKUP($A$1,賃貸事業収入!$B$7:$AA$73,H$4+1,FALSE)="","",VLOOKUP($A$1,賃貸事業収入!$B$7:$AA$73,H$4+1,FALSE)) -> 6890 | I14: =IF(VLOOKUP($A$1,賃貸事業収入!$B$7:$AA$73,I$4+1,FALSE)="","",VLOOKUP($A$1,賃貸事業収入!$B$7:$AA$73,I$4+1,FALSE)) -> 6886 | J14: =IF(VLOOKUP($A$1,賃貸事業収入!$B$7:$AA$73,J$4+1,FALSE)="","",VLOOKUP($A$1,賃貸事業収入!$B$7:$AA$73,J$4+1,FALSE)) -> 6746 | ... AA14: =IF(VLOOKUP($A$1,賃貸事業収入!$B$7:$AA$73,AA$4+1,FALSE)="","",VLOOKUP($A$1,賃貸事業収入!$B$7:$AA$73,AA$4+1,FALSE)) -> 9779 | AB14: =IF(VLOOKUP($A$1,賃貸事業収入!$B$7:AB$73,AB$4+1,FALSE)="","",VLOOKUP($A$1,賃貸事業収入!$B$7:AB$73,AB$4+1,FALSE)) -> 9850 | AC14: =IF(VLOOKUP($A$1,賃貸事業収入!$B$7:AC$73,AC$4+1,FALSE)="","",VLOOKUP($A$1,賃貸事業収入!$B$7:AC$73,AC$4+1,FALSE)) -> 9984 | AD14: =IF(VLOOKUP($A$1,賃貸事業収入!$B$7:AD$73,AD$4+1,FALSE)="","",VLOOKUP($A$1,賃貸事業収入!$B$7:AD$73,AD$4+1,FALSE)) -> 10250 | AE14: =IF(VLOOKUP($A$1,賃貸事業収入!$B$7:AE$73,AE$4+1,FALSE)="","",VLOOKUP($A$1,賃貸事業収入!$B$7:AE$73,AE$4+1,FALSE)) -> 9998 | AF14: =IF(VLOOKUP($A$1,賃貸事業収入!$B$7:AF$73,AF$4+1,FALSE)="","",VLOOKUP($A$1,賃貸事業収入!$B$7:AF$73,AF$4+1,FALSE)) -> 9845 | AG14: =IF(VLOOKUP($A$1,賃貸事業収入!$B$7:AG$73,AG$4+1,FALSE)="","",VLOOKUP($A$1,賃貸事業収入!$B$7:AG$73,AG$4+1,FALSE)) -> 9883 | AH14: =IF(VLOOKUP($A$1,賃貸事業収入!$B$7:AH$73,AH$4+1,FALSE)="","",VLOOKUP($A$1,賃貸事業収入!$B$7:AH$73,AH$4+1,FALSE)) -> 9566 | AI14: =IF(VLOOKUP($A$1,賃貸事業収入!$B$7:AI$73,AI$4+1,FALSE)="","",VLOOKUP($A$1,賃貸事業収入!$B$7:AI$73,AI$4+1,FALSE)) -> 9271 | ... AL14: =IF(VLOOKUP($A$1,賃貸事業収入!$B$7:AL$73,AL$4+1,FALSE)="","",VLOOKUP($A$1,賃貸事業収入!$B$7:AL$73,AL$4+1,FALSE)) -> 9912 | AM14: =IF(VLOOKUP($A$1,賃貸事業収入!$B$7:AP$73,AM$4+1,FALSE)="","",VLOOKUP($A$1,賃貸事業収入!$B$7:AP$73,AM$4+1,FALSE)) -> 10012 | AN14: =IF(VLOOKUP($A$1,賃貸事業収入!$B$7:AP$73,AN$4+1,FALSE)="","",VLOOKUP($A$1,賃貸事業収入!$B$7:AP$73,AN$4+1,FALSE)) -> 9679 | AO14: =IF(VLOOKUP($A$1,賃貸事業収入!$B$7:AP$73,AO$4+1,FALSE)="","",VLOOKUP($A$1,賃貸事業収入!$B$7:AP$73,AO$4+1,FALSE)) -> 10096 | AP14: =IF(VLOOKUP($A$1,賃貸事業収入!$B$7:AQ$73,AP$4+1,FALSE)="","",VLOOKUP($A$1,賃貸事業収入!$B$7:AQ$73,AP$4+1,FALSE)) -> 10131
A15: その他賃貸事業収入 | B15: （百万円） | C15: =IF(VLOOKUP($A$1,その他賃貸事業収入!$B$7:$AA$73,C$4+1,FALSE)="","",VLOOKUP($A$1,その他賃貸事業収入!$B$7:$AA$73,C$4+1,FALSE)) -> 416 | D15: =IF(VLOOKUP($A$1,その他賃貸事業収入!$B$7:$AA$73,D$4+1,FALSE)="","",VLOOKUP($A$1,その他賃貸事業収入!$B$7:$AA$73,D$4+1,FALSE)) -> 436 | E15: =IF(VLOOKUP($A$1,その他賃貸事業収入!$B$7:$AA$73,E$4+1,FALSE)="","",VLOOKUP($A$1,その他賃貸事業収入!$B$7:$AA$73,E$4+1,FALSE)) -> 647 | F15: =IF(VLOOKUP($A$1,その他賃貸事業収入!$B$7:$AA$73,F$4+1,FALSE)="","",VLOOKUP($A$1,その他賃貸事業収入!$B$7:$AA$73,F$4+1,FALSE)) -> 704 | G15: =IF(VLOOKUP($A$1,その他賃貸事業収入!$B$7:$AA$73,G$4+1,FALSE)="","",VLOOKUP($A$1,その他賃貸事業収入!$B$7:$AA$73,G$4+1,FALSE)) -> 738 | H15: =IF(VLOOKUP($A$1,その他賃貸事業収入!$B$7:$AA$73,H$4+1,FALSE)="","",VLOOKUP($A$1,その他賃貸事業収入!$B$7:$AA$73,H$4+1,FALSE)) -> 654 | I15: =IF(VLOOKUP($A$1,その他賃貸事業収入!$B$7:$AA$73,I$4+1,FALSE)="","",VLOOKUP($A$1,その他賃貸事業収入!$B$7:$AA$73,I$4+1,FALSE)) -> 608 | J15: =IF(VLOOKUP($A$1,その他賃貸事業収入!$B$7:$AA$73,J$4+1,FALSE)="","",VLOOKUP($A$1,その他賃貸事業収入!$B$7:$AA$73,J$4+1,FALSE)) -> 556 | ... AA15: =IF(VLOOKUP($A$1,その他賃貸事業収入!$B$7:$AA$73,AA$4+1,FALSE)="","",VLOOKUP($A$1,その他賃貸事業収入!$B$7:$AA$73,AA$4+1,FALSE)) -> 877 | AB15: =IF(VLOOKUP($A$1,その他賃貸事業収入!$B$7:AB$73,AB$4+1,FALSE)="","",VLOOKUP($A$1,その他賃貸事業収入!$B$7:AB$73,AB$4+1,FALSE)) -> 818 | AC15: =IF(VLOOKUP($A$1,その他賃貸事業収入!$B$7:AC$73,AC$4+1,FALSE)="","",VLOOKUP($A$1,その他賃貸事業収入!$B$7:AC$73,AC$4+1,FALSE)) -> 906 | AD15: =IF(VLOOKUP($A$1,その他賃貸事業収入!$B$7:AD$73,AD$4+1,FALSE)="","",VLOOKUP($A$1,その他賃貸事業収入!$B$7:AD$73,AD$4+1,FALSE)) -> 763 | AE15: =IF(VLOOKUP($A$1,その他賃貸事業収入!$B$7:AE$73,AE$4+1,FALSE)="","",VLOOKUP($A$1,その他賃貸事業収入!$B$7:AE$73,AE$4+1,FALSE)) -> 730 | AF15: =IF(VLOOKUP($A$1,その他賃貸事業収入!$B$7:AF$73,AF$4+1,FALSE)="","",VLOOKUP($A$1,その他賃貸事業収入!$B$7:AF$73,AF$4+1,FALSE)) -> 722 | AG15: =IF(VLOOKUP($A$1,その他賃貸事業収入!$B$7:AG$73,AG$4+1,FALSE)="","",VLOOKUP($A$1,その他賃貸事業収入!$B$7:AG$73,AG$4+1,FALSE)) -> 782 | AH15: =IF(VLOOKUP($A$1,その他賃貸事業収入!$B$7:AH$73,AH$4+1,FALSE)="","",VLOOKUP($A$1,その他賃貸事業収入!$B$7:AH$73,AH$4+1,FALSE)) -> 700 | AI15: =IF(VLOOKUP($A$1,その他賃貸事業収入!$B$7:AI$73,AI$4+1,FALSE)="","",VLOOKUP($A$1,その他賃貸事業収入!$B$7:AI$73,AI$4+1,FALSE)) -> 869 | ... AL15: =IF(VLOOKUP($A$1,その他賃貸事業収入!$B$7:AL$73,AL$4+1,FALSE)="","",VLOOKUP($A$1,その他賃貸事業収入!$B$7:AL$73,AL$4+1,FALSE)) -> 749 | AM15: =IF(VLOOKUP($A$1,その他賃貸事業収入!$B$7:AP$73,AM$4+1,FALSE)="","",VLOOKUP($A$1,その他賃貸事業収入!$B$7:AP$73,AM$4+1,FALSE)) -> 969 | AN15: =IF(VLOOKUP($A$1,その他賃貸事業収入!$B$7:AP$73,AN$4+1,FALSE)="","",VLOOKUP($A$1,その他賃貸事業収入!$B$7:AP$73,AN$4+1,FALSE)) -> 786 | AO15: =IF(VLOOKUP($A$1,その他賃貸事業収入!$B$7:AP$73,AO$4+1,FALSE)="","",VLOOKUP($A$1,その他賃貸事業収入!$B$7:AP$73,AO$4+1,FALSE)) -> 1018 | AP15: =IF(VLOOKUP($A$1,その他賃貸事業収入!$B$7:AQ$73,AP$4+1,FALSE)="","",VLOOKUP($A$1,その他賃貸事業収入!$B$7:AQ$73,AP$4+1,FALSE)) -> 789
A16: 不動産賃貸事業費用 | B16: （百万円） | C16: =IF(VLOOKUP($A$1,不動産賃貸事業費用!$B$7:$AA$73,C$4+1,FALSE)="","",VLOOKUP($A$1,不動産賃貸事業費用!$B$7:$AA$73,C$4+1,FALSE)) -> 1977 | D16: =IF(VLOOKUP($A$1,不動産賃貸事業費用!$B$7:$AA$73,D$4+1,FALSE)="","",VLOOKUP($A$1,不動産賃貸事業費用!$B$7:$AA$73,D$4+1,FALSE)) -> 2409 | E16: =IF(VLOOKUP($A$1,不動産賃貸事業費用!$B$7:$AA$73,E$4+1,FALSE)="","",VLOOKUP($A$1,不動産賃貸事業費用!$B$7:$AA$73,E$4+1,FALSE)) -> 3437 | F16: =IF(VLOOKUP($A$1,不動産賃貸事業費用!$B$7:$AA$73,F$4+1,FALSE)="","",VLOOKUP($A$1,不動産賃貸事業費用!$B$7:$AA$73,F$4+1,FALSE)) -> 3849 | G16: =IF(VLOOKUP($A$1,不動産賃貸事業費用!$B$7:$AA$73,G$4+1,FALSE)="","",VLOOKUP($A$1,不動産賃貸事業費用!$B$7:$AA$73,G$4+1,FALSE)) -> 3910 | H16: =IF(VLOOKUP($A$1,不動産賃貸事業費用!$B$7:$AA$73,H$4+1,FALSE)="","",VLOOKUP($A$1,不動産賃貸事業費用!$B$7:$AA$73,H$4+1,FALSE)) -> 3720 | I16: =IF(VLOOKUP($A$1,不動産賃貸事業費用!$B$7:$AA$73,I$4+1,FALSE)="","",VLOOKUP($A$1,不動産賃貸事業費用!$B$7:$AA$73,I$4+1,FALSE)) -> 3577 | J16: =IF(VLOOKUP($A$1,不動産賃貸事業費用!$B$7:$AA$73,J$4+1,FALSE)="","",VLOOKUP($A$1,不動産賃貸事業費用!$B$7:$AA$73,J$4+1,FALSE)) -> 3516 | ... AA16: =IF(VLOOKUP($A$1,不動産賃貸事業費用!$B$7:$AA$73,AA$4+1,FALSE)="","",VLOOKUP($A$1,不動産賃貸事業費用!$B$7:$AA$73,AA$4+1,FALSE)) -> 5780 | AB16: =IF(VLOOKUP($A$1,不動産賃貸事業費用!$B$7:AB$73,AB$4+1,FALSE)="","",VLOOKUP($A$1,不動産賃貸事業費用!$B$7:AB$73,AB$4+1,FALSE)) -> 5747 | AC16: =IF(VLOOKUP($A$1,不動産賃貸事業費用!$B$7:AC$73,AC$4+1,FALSE)="","",VLOOKUP($A$1,不動産賃貸事業費用!$B$7:AC$73,AC$4+1,FALSE)) -> 5906 | AD16: =IF(VLOOKUP($A$1,不動産賃貸事業費用!$B$7:AD$73,AD$4+1,FALSE)="","",VLOOKUP($A$1,不動産賃貸事業費用!$B$7:AD$73,AD$4+1,FALSE)) -> 5697 | AE16: =IF(VLOOKUP($A$1,不動産賃貸事業費用!$B$7:AE$73,AE$4+1,FALSE)="","",VLOOKUP($A$1,不動産賃貸事業費用!$B$7:AE$73,AE$4+1,FALSE)) -> 5487 | AF16: =IF(VLOOKUP($A$1,不動産賃貸事業費用!$B$7:AF$73,AF$4+1,FALSE)="","",VLOOKUP($A$1,不動産賃貸事業費用!$B$7:AF$73,AF$4+1,FALSE)) -> 5355 | AG16: =IF(VLOOKUP($A$1,不動産賃貸事業費用!$B$7:AG$73,AG$4+1,FALSE)="","",VLOOKUP($A$1,不動産賃貸事業費用!$B$7:AG$73,AG$4+1,FALSE)) -> 5563 | AH16: =IF(VLOOKUP($A$1,不動産賃貸事業費用!$B$7:AH$73,AH$4+1,FALSE)="","",VLOOKUP($A$1,不動産賃貸事業費用!$B$7:AH$73,AH$4+1,FALSE)) -> 5699 | AI16: =IF(VLOOKUP($A$1,不動産賃貸事業費用!$B$7:AI$73,AI$4+1,FALSE)="","",VLOOKUP($A$1,不動産賃貸事業費用!$B$7:AI$73,AI$4+1,FALSE)) -> 5944 | ... AL16: =IF(VLOOKUP($A$1,不動産賃貸事業費用!$B$7:AL$73,AL$4+1,FALSE)="","",VLOOKUP($A$1,不動産賃貸事業費用!$B$7:AL$73,AL$4+1,FALSE)) -> 5979 | AM16: =IF(VLOOKUP($A$1,不動産賃貸事業費用!$B$7:AP$73,AM$4+1,FALSE)="","",VLOOKUP($A$1,不動産賃貸事業費用!$B$7:AP$73,AM$4+1,FALSE)) -> 6007 | AN16: =IF(VLOOKUP($A$1,不動産賃貸事業費用!$B$7:AP$73,AN$4+1,FALSE)="","",VLOOKUP($A$1,不動産賃貸事業費用!$B$7:AP$73,AN$4+1,FALSE)) -> 5557 | AO16: =IF(VLOOKUP($A$1,不動産賃貸事業費用!$B$7:AP$73,AO$4+1,FALSE)="","",VLOOKUP($A$1,不動産賃貸事業費用!$B$7:AP$73,AO$4+1,FALSE)) -> 5799 | AP16: =IF(VLOOKUP($A$1,不動産賃貸事業費用!$B$7:AQ$73,AP$4+1,FALSE)="","",VLOOKUP($A$1,不動産賃貸事業費用!$B$7:AQ$73,AP$4+1,FALSE)) -> 5681
A17: 維持管理費 | B17: （百万円） | C17: =IF(VLOOKUP($A$1,維持管理費!$B$7:$AA$73,C$4+1,FALSE)="","",VLOOKUP($A$1,維持管理費!$B$7:$AA$73,C$4+1,FALSE)) -> 712 | D17: =IF(VLOOKUP($A$1,維持管理費!$B$7:$AA$73,D$4+1,FALSE)="","",VLOOKUP($A$1,維持管理費!$B$7:$AA$73,D$4+1,FALSE)) -> 859 | E17: =IF(VLOOKUP($A$1,維持管理費!$B$7:$AA$73,E$4+1,FALSE)="","",VLOOKUP($A$1,維持管理費!$B$7:$AA$73,E$4+1,FALSE)) -> 1083 | F17: =IF(VLOOKUP($A$1,維持管理費!$B$7:$AA$73,F$4+1,FALSE)="","",VLOOKUP($A$1,維持管理費!$B$7:$AA$73,F$4+1,FALSE)) -> 1257 | G17: =IF(VLOOKUP($A$1,維持管理費!$B$7:$AA$73,G$4+1,FALSE)="","",VLOOKUP($A$1,維持管理費!$B$7:$AA$73,G$4+1,FALSE)) -> 1063 | H17: =IF(VLOOKUP($A$1,維持管理費!$B$7:$AA$73,H$4+1,FALSE)="","",VLOOKUP($A$1,維持管理費!$B$7:$AA$73,H$4+1,FALSE)) -> 1141 | I17: =IF(VLOOKUP($A$1,維持管理費!$B$7:$AA$73,I$4+1,FALSE)="","",VLOOKUP($A$1,維持管理費!$B$7:$AA$73,I$4+1,FALSE)) -> 1066 | J17: =IF(VLOOKUP($A$1,維持管理費!$B$7:$AA$73,J$4+1,FALSE)="","",VLOOKUP($A$1,維持管理費!$B$7:$AA$73,J$4+1,FALSE)) -> 1082 | ... AA17: =IF(VLOOKUP($A$1,維持管理費!$B$7:$AA$73,AA$4+1,FALSE)="","",VLOOKUP($A$1,維持管理費!$B$7:$AA$73,AA$4+1,FALSE)) -> 1358 | AB17: =IF(VLOOKUP($A$1,維持管理費!$B$7:AB$73,AB$4+1,FALSE)="","",VLOOKUP($A$1,維持管理費!$B$7:AB$73,AB$4+1,FALSE)) -> 1399 | AC17: =IF(VLOOKUP($A$1,維持管理費!$B$7:AC$73,AC$4+1,FALSE)="","",VLOOKUP($A$1,維持管理費!$B$7:AC$73,AC$4+1,FALSE)) -> 1458 | AD17: =IF(VLOOKUP($A$1,維持管理費!$B$7:AD$73,AD$4+1,FALSE)="","",VLOOKUP($A$1,維持管理費!$B$7:AD$73,AD$4+1,FALSE)) -> 1455 | AE17: =IF(VLOOKUP($A$1,維持管理費!$B$7:AE$73,AE$4+1,FALSE)="","",VLOOKUP($A$1,維持管理費!$B$7:AE$73,AE$4+1,FALSE)) -> 1371 | AF17: =IF(VLOOKUP($A$1,維持管理費!$B$7:AF$73,AF$4+1,FALSE)="","",VLOOKUP($A$1,維持管理費!$B$7:AF$73,AF$4+1,FALSE)) -> 1393 | AG17: =IF(VLOOKUP($A$1,維持管理費!$B$7:AG$73,AG$4+1,FALSE)="","",VLOOKUP($A$1,維持管理費!$B$7:AG$73,AG$4+1,FALSE)) -> 1553 | AH17: =IF(VLOOKUP($A$1,維持管理費!$B$7:AH$73,AH$4+1,FALSE)="","",VLOOKUP($A$1,維持管理費!$B$7:AH$73,AH$4+1,FALSE)) -> 1566 | AI17: =IF(VLOOKUP($A$1,維持管理費!$B$7:AI$73,AI$4+1,FALSE)="","",VLOOKUP($A$1,維持管理費!$B$7:AI$73,AI$4+1,FALSE)) -> 1580 | ... AL17: =IF(VLOOKUP($A$1,維持管理費!$B$7:AL$73,AL$4+1,FALSE)="","",VLOOKUP($A$1,維持管理費!$B$7:AL$73,AL$4+1,FALSE)) -> 1572 | AM17: =IF(VLOOKUP($A$1,維持管理費!$B$7:AP$73,AM$4+1,FALSE)="","",VLOOKUP($A$1,維持管理費!$B$7:AP$73,AM$4+1,FALSE)) -> 1525 | AN17: =IF(VLOOKUP($A$1,維持管理費!$B$7:AP$73,AN$4+1,FALSE)="","",VLOOKUP($A$1,維持管理費!$B$7:AP$73,AN$4+1,FALSE)) -> 1489 | AO17: =IF(VLOOKUP($A$1,維持管理費!$B$7:AP$73,AO$4+1,FALSE)="","",VLOOKUP($A$1,維持管理費!$B$7:AP$73,AO$4+1,FALSE)) -> 1579 | AP17: =IF(VLOOKUP($A$1,維持管理費!$B$7:AQ$73,AP$4+1,FALSE)="","",VLOOKUP($A$1,維持管理費!$B$7:AQ$73,AP$4+1,FALSE)) -> 1617
A18: 水道光熱費 | B18: （百万円） | C18: =IF(VLOOKUP($A$1,水道光熱費!$B$7:$AA$73,C$4+1,FALSE)="","",VLOOKUP($A$1,水道光熱費!$B$7:$AA$73,C$4+1,FALSE)) -> 406 | D18: =IF(VLOOKUP($A$1,水道光熱費!$B$7:$AA$73,D$4+1,FALSE)="","",VLOOKUP($A$1,水道光熱費!$B$7:$AA$73,D$4+1,FALSE)) -> 452 | E18: =IF(VLOOKUP($A$1,水道光熱費!$B$7:$AA$73,E$4+1,FALSE)="","",VLOOKUP($A$1,水道光熱費!$B$7:$AA$73,E$4+1,FALSE)) -> 613 | F18: =IF(VLOOKUP($A$1,水道光熱費!$B$7:$AA$73,F$4+1,FALSE)="","",VLOOKUP($A$1,水道光熱費!$B$7:$AA$73,F$4+1,FALSE)) -> 672 | G18: =IF(VLOOKUP($A$1,水道光熱費!$B$7:$AA$73,G$4+1,FALSE)="","",VLOOKUP($A$1,水道光熱費!$B$7:$AA$73,G$4+1,FALSE)) -> 759 | H18: =IF(VLOOKUP($A$1,水道光熱費!$B$7:$AA$73,H$4+1,FALSE)="","",VLOOKUP($A$1,水道光熱費!$B$7:$AA$73,H$4+1,FALSE)) -> 685 | I18: =IF(VLOOKUP($A$1,水道光熱費!$B$7:$AA$73,I$4+1,FALSE)="","",VLOOKUP($A$1,水道光熱費!$B$7:$AA$73,I$4+1,FALSE)) -> 648 | J18: =IF(VLOOKUP($A$1,水道光熱費!$B$7:$AA$73,J$4+1,FALSE)="","",VLOOKUP($A$1,水道光熱費!$B$7:$AA$73,J$4+1,FALSE)) -> 582 | ... AA18: =IF(VLOOKUP($A$1,水道光熱費!$B$7:$AA$73,AA$4+1,FALSE)="","",VLOOKUP($A$1,水道光熱費!$B$7:$AA$73,AA$4+1,FALSE)) -> 1029 | AB18: =IF(VLOOKUP($A$1,水道光熱費!$B$7:AB$73,AB$4+1,FALSE)="","",VLOOKUP($A$1,水道光熱費!$B$7:AB$73,AB$4+1,FALSE)) -> 959 | AC18: =IF(VLOOKUP($A$1,水道光熱費!$B$7:AC$73,AC$4+1,FALSE)="","",VLOOKUP($A$1,水道光熱費!$B$7:AC$73,AC$4+1,FALSE)) -> 1013 | AD18: =IF(VLOOKUP($A$1,水道光熱費!$B$7:AD$73,AD$4+1,FALSE)="","",VLOOKUP($A$1,水道光熱費!$B$7:AD$73,AD$4+1,FALSE)) -> 864 | AE18: =IF(VLOOKUP($A$1,水道光熱費!$B$7:AE$73,AE$4+1,FALSE)="","",VLOOKUP($A$1,水道光熱費!$B$7:AE$73,AE$4+1,FALSE)) -> 831 | AF18: =IF(VLOOKUP($A$1,水道光熱費!$B$7:AF$73,AF$4+1,FALSE)="","",VLOOKUP($A$1,水道光熱費!$B$7:AF$73,AF$4+1,FALSE)) -> 759 | AG18: =IF(VLOOKUP($A$1,水道光熱費!$B$7:AG$73,AG$4+1,FALSE)="","",VLOOKUP($A$1,水道光熱費!$B$7:AG$73,AG$4+1,FALSE)) -> 867 | AH18: =IF(VLOOKUP($A$1,水道光熱費!$B$7:AH$73,AH$4+1,FALSE)="","",VLOOKUP($A$1,水道光熱費!$B$7:AH$73,AH$4+1,FALSE)) -> 935 | AI18: =IF(VLOOKUP($A$1,水道光熱費!$B$7:AI$73,AI$4+1,FALSE)="","",VLOOKUP($A$1,水道光熱費!$B$7:AI$73,AI$4+1,FALSE)) -> 1156 | ... AL18: =IF(VLOOKUP($A$1,水道光熱費!$B$7:AL$73,AL$4+1,FALSE)="","",VLOOKUP($A$1,水道光熱費!$B$7:AL$73,AL$4+1,FALSE)) -> 990 | AM18: =IF(VLOOKUP($A$1,水道光熱費!$B$7:AP$73,AM$4+1,FALSE)="","",VLOOKUP($A$1,水道光熱費!$B$7:AP$73,AM$4+1,FALSE)) -> 1144 | AN18: =IF(VLOOKUP($A$1,水道光熱費!$B$7:AP$73,AN$4+1,FALSE)="","",VLOOKUP($A$1,水道光熱費!$B$7:AP$73,AN$4+1,FALSE)) -> 1006 | AO18: =IF(VLOOKUP($A$1,水道光熱費!$B$7:AP$73,AO$4+1,FALSE)="","",VLOOKUP($A$1,水道光熱費!$B$7:AP$73,AO$4+1,FALSE)) -> 1104 | AP18: =IF(VLOOKUP($A$1,水道光熱費!$B$7:AQ$73,AP$4+1,FALSE)="","",VLOOKUP($A$1,水道光熱費!$B$7:AQ$73,AP$4+1,FALSE)) -> 973
A19: 公租公課 | B19: （百万円） | C19: =IF(VLOOKUP($A$1,公租公課!$B$7:$AA$73,C$4+1,FALSE)="","",VLOOKUP($A$1,公租公課!$B$7:$AA$73,C$4+1,FALSE)) -> - | D19: =IF(VLOOKUP($A$1,公租公課!$B$7:$AA$73,D$4+1,FALSE)="","",VLOOKUP($A$1,公租公課!$B$7:$AA$73,D$4+1,FALSE)) -> 174 | E19: =IF(VLOOKUP($A$1,公租公課!$B$7:$AA$73,E$4+1,FALSE)="","",VLOOKUP($A$1,公租公課!$B$7:$AA$73,E$4+1,FALSE)) -> 330 | F19: =IF(VLOOKUP($A$1,公租公課!$B$7:$AA$73,F$4+1,FALSE)="","",VLOOKUP($A$1,公租公課!$B$7:$AA$73,F$4+1,FALSE)) -> 457 | G19: =IF(VLOOKUP($A$1,公租公課!$B$7:$AA$73,G$4+1,FALSE)="","",VLOOKUP($A$1,公租公課!$B$7:$AA$73,G$4+1,FALSE)) -> 560 | H19: =IF(VLOOKUP($A$1,公租公課!$B$7:$AA$73,H$4+1,FALSE)="","",VLOOKUP($A$1,公租公課!$B$7:$AA$73,H$4+1,FALSE)) -> 540 | I19: =IF(VLOOKUP($A$1,公租公課!$B$7:$AA$73,I$4+1,FALSE)="","",VLOOKUP($A$1,公租公課!$B$7:$AA$73,I$4+1,FALSE)) -> 542 | J19: =IF(VLOOKUP($A$1,公租公課!$B$7:$AA$73,J$4+1,FALSE)="","",VLOOKUP($A$1,公租公課!$B$7:$AA$73,J$4+1,FALSE)) -> 540 | ... AA19: =IF(VLOOKUP($A$1,公租公課!$B$7:$AA$73,AA$4+1,FALSE)="","",VLOOKUP($A$1,公租公課!$B$7:$AA$73,AA$4+1,FALSE)) -> 894 | AB19: =IF(VLOOKUP($A$1,公租公課!$B$7:AB$73,AB$4+1,FALSE)="","",VLOOKUP($A$1,公租公課!$B$7:AB$73,AB$4+1,FALSE)) -> 917 | AC19: =IF(VLOOKUP($A$1,公租公課!$B$7:AC$73,AC$4+1,FALSE)="","",VLOOKUP($A$1,公租公課!$B$7:AC$73,AC$4+1,FALSE)) -> 944 | AD19: =IF(VLOOKUP($A$1,公租公課!$B$7:AD$73,AD$4+1,FALSE)="","",VLOOKUP($A$1,公租公課!$B$7:AD$73,AD$4+1,FALSE)) -> 963 | AE19: =IF(VLOOKUP($A$1,公租公課!$B$7:AE$73,AE$4+1,FALSE)="","",VLOOKUP($A$1,公租公課!$B$7:AE$73,AE$4+1,FALSE)) -> 919 | AF19: =IF(VLOOKUP($A$1,公租公課!$B$7:AF$73,AF$4+1,FALSE)="","",VLOOKUP($A$1,公租公課!$B$7:AF$73,AF$4+1,FALSE)) -> 934 | AG19: =IF(VLOOKUP($A$1,公租公課!$B$7:AG$73,AG$4+1,FALSE)="","",VLOOKUP($A$1,公租公課!$B$7:AG$73,AG$4+1,FALSE)) -> 940 | AH19: =IF(VLOOKUP($A$1,公租公課!$B$7:AH$73,AH$4+1,FALSE)="","",VLOOKUP($A$1,公租公課!$B$7:AH$73,AH$4+1,FALSE)) -> 980 | AI19: =IF(VLOOKUP($A$1,公租公課!$B$7:AI$73,AI$4+1,FALSE)="","",VLOOKUP($A$1,公租公課!$B$7:AI$73,AI$4+1,FALSE)) -> 976 | ... AL19: =IF(VLOOKUP($A$1,公租公課!$B$7:AL$73,AL$4+1,FALSE)="","",VLOOKUP($A$1,公租公課!$B$7:AL$73,AL$4+1,FALSE)) -> 1012 | AM19: =IF(VLOOKUP($A$1,公租公課!$B$7:AP$73,AM$4+1,FALSE)="","",VLOOKUP($A$1,公租公課!$B$7:AP$73,AM$4+1,FALSE)) -> 1097 | AN19: =IF(VLOOKUP($A$1,公租公課!$B$7:AP$73,AN$4+1,FALSE)="","",VLOOKUP($A$1,公租公課!$B$7:AP$73,AN$4+1,FALSE)) -> 982 | AO19: =IF(VLOOKUP($A$1,公租公課!$B$7:AP$73,AO$4+1,FALSE)="","",VLOOKUP($A$1,公租公課!$B$7:AP$73,AO$4+1,FALSE)) -> 1009 | AP19: =IF(VLOOKUP($A$1,公租公課!$B$7:AQ$73,AP$4+1,FALSE)="","",VLOOKUP($A$1,公租公課!$B$7:AQ$73,AP$4+1,FALSE)) -> 1008
A20: 損害保険料 | B20: （百万円） | C20: =IF(VLOOKUP($A$1,損害保険料!$B$7:$AA$73,C$4+1,FALSE)="","",VLOOKUP($A$1,損害保険料!$B$7:$AA$73,C$4+1,FALSE)) -> 13 | D20: =IF(VLOOKUP($A$1,損害保険料!$B$7:$AA$73,D$4+1,FALSE)="","",VLOOKUP($A$1,損害保険料!$B$7:$AA$73,D$4+1,FALSE)) -> 19 | E20: =IF(VLOOKUP($A$1,損害保険料!$B$7:$AA$73,E$4+1,FALSE)="","",VLOOKUP($A$1,損害保険料!$B$7:$AA$73,E$4+1,FALSE)) -> 22 | F20: =IF(VLOOKUP($A$1,損害保険料!$B$7:$AA$73,F$4+1,FALSE)="","",VLOOKUP($A$1,損害保険料!$B$7:$AA$73,F$4+1,FALSE)) -> 23 | G20: =IF(VLOOKUP($A$1,損害保険料!$B$7:$AA$73,G$4+1,FALSE)="","",VLOOKUP($A$1,損害保険料!$B$7:$AA$73,G$4+1,FALSE)) -> 21 | H20: =IF(VLOOKUP($A$1,損害保険料!$B$7:$AA$73,H$4+1,FALSE)="","",VLOOKUP($A$1,損害保険料!$B$7:$AA$73,H$4+1,FALSE)) -> 21 | I20: =IF(VLOOKUP($A$1,損害保険料!$B$7:$AA$73,I$4+1,FALSE)="","",VLOOKUP($A$1,損害保険料!$B$7:$AA$73,I$4+1,FALSE)) -> 21 | J20: =IF(VLOOKUP($A$1,損害保険料!$B$7:$AA$73,J$4+1,FALSE)="","",VLOOKUP($A$1,損害保険料!$B$7:$AA$73,J$4+1,FALSE)) -> 21 | ... AA20: =IF(VLOOKUP($A$1,損害保険料!$B$7:$AA$73,AA$4+1,FALSE)="","",VLOOKUP($A$1,損害保険料!$B$7:$AA$73,AA$4+1,FALSE)) -> 24 | AB20: =IF(VLOOKUP($A$1,損害保険料!$B$7:AB$73,AB$4+1,FALSE)="","",VLOOKUP($A$1,損害保険料!$B$7:AB$73,AB$4+1,FALSE)) -> 22 | AC20: =IF(VLOOKUP($A$1,損害保険料!$B$7:AC$73,AC$4+1,FALSE)="","",VLOOKUP($A$1,損害保険料!$B$7:AC$73,AC$4+1,FALSE)) -> 20 | AD20: =IF(VLOOKUP($A$1,損害保険料!$B$7:AD$73,AD$4+1,FALSE)="","",VLOOKUP($A$1,損害保険料!$B$7:AD$73,AD$4+1,FALSE)) -> 22 | AE20: =IF(VLOOKUP($A$1,損害保険料!$B$7:AE$73,AE$4+1,FALSE)="","",VLOOKUP($A$1,損害保険料!$B$7:AE$73,AE$4+1,FALSE)) -> 20 | AF20: =IF(VLOOKUP($A$1,損害保険料!$B$7:AF$73,AF$4+1,FALSE)="","",VLOOKUP($A$1,損害保険料!$B$7:AF$73,AF$4+1,FALSE)) -> 20 | AG20: =IF(VLOOKUP($A$1,損害保険料!$B$7:AG$73,AG$4+1,FALSE)="","",VLOOKUP($A$1,損害保険料!$B$7:AG$73,AG$4+1,FALSE)) -> 21 | AH20: =IF(VLOOKUP($A$1,損害保険料!$B$7:AH$73,AH$4+1,FALSE)="","",VLOOKUP($A$1,損害保険料!$B$7:AH$73,AH$4+1,FALSE)) -> 21 | AI20: =IF(VLOOKUP($A$1,損害保険料!$B$7:AI$73,AI$4+1,FALSE)="","",VLOOKUP($A$1,損害保険料!$B$7:AI$73,AI$4+1,FALSE)) -> 22 | ... AL20: =IF(VLOOKUP($A$1,損害保険料!$B$7:AL$73,AL$4+1,FALSE)="","",VLOOKUP($A$1,損害保険料!$B$7:AL$73,AL$4+1,FALSE)) -> 24 | AM20: =IF(VLOOKUP($A$1,損害保険料!$B$7:AP$73,AM$4+1,FALSE)="","",VLOOKUP($A$1,損害保険料!$B$7:AP$73,AM$4+1,FALSE)) -> 28 | AN20: =IF(VLOOKUP($A$1,損害保険料!$B$7:AP$73,AN$4+1,FALSE)="","",VLOOKUP($A$1,損害保険料!$B$7:AP$73,AN$4+1,FALSE)) -> 25 | AO20: =IF(VLOOKUP($A$1,損害保険料!$B$7:AP$73,AO$4+1,FALSE)="","",VLOOKUP($A$1,損害保険料!$B$7:AP$73,AO$4+1,FALSE)) -> 25 | AP20: =IF(VLOOKUP($A$1,損害保険料!$B$7:AQ$73,AP$4+1,FALSE)="","",VLOOKUP($A$1,損害保険料!$B$7:AQ$73,AP$4+1,FALSE)) -> 25
A21: 修繕工事費 | B21: （百万円） | C21: =IF(VLOOKUP($A$1,修繕工事費!$B$7:$AA$73,C$4+1,FALSE)="","",VLOOKUP($A$1,修繕工事費!$B$7:$AA$73,C$4+1,FALSE)) -> 120 | D21: =IF(VLOOKUP($A$1,修繕工事費!$B$7:$AA$73,D$4+1,FALSE)="","",VLOOKUP($A$1,修繕工事費!$B$7:$AA$73,D$4+1,FALSE)) -> 124 | E21: =IF(VLOOKUP($A$1,修繕工事費!$B$7:$AA$73,E$4+1,FALSE)="","",VLOOKUP($A$1,修繕工事費!$B$7:$AA$73,E$4+1,FALSE)) -> 363 | F21: =IF(VLOOKUP($A$1,修繕工事費!$B$7:$AA$73,F$4+1,FALSE)="","",VLOOKUP($A$1,修繕工事費!$B$7:$AA$73,F$4+1,FALSE)) -> 217 | G21: =IF(VLOOKUP($A$1,修繕工事費!$B$7:$AA$73,G$4+1,FALSE)="","",VLOOKUP($A$1,修繕工事費!$B$7:$AA$73,G$4+1,FALSE)) -> 313 | H21: =IF(VLOOKUP($A$1,修繕工事費!$B$7:$AA$73,H$4+1,FALSE)="","",VLOOKUP($A$1,修繕工事費!$B$7:$AA$73,H$4+1,FALSE)) -> 182 | I21: =IF(VLOOKUP($A$1,修繕工事費!$B$7:$AA$73,I$4+1,FALSE)="","",VLOOKUP($A$1,修繕工事費!$B$7:$AA$73,I$4+1,FALSE)) -> 142 | J21: =IF(VLOOKUP($A$1,修繕工事費!$B$7:$AA$73,J$4+1,FALSE)="","",VLOOKUP($A$1,修繕工事費!$B$7:$AA$73,J$4+1,FALSE)) -> 130 | ... AA21: =IF(VLOOKUP($A$1,修繕工事費!$B$7:$AA$73,AA$4+1,FALSE)="","",VLOOKUP($A$1,修繕工事費!$B$7:$AA$73,AA$4+1,FALSE)) -> 314 | AB21: =IF(VLOOKUP($A$1,修繕工事費!$B$7:AB$73,AB$4+1,FALSE)="","",VLOOKUP($A$1,修繕工事費!$B$7:AB$73,AB$4+1,FALSE)) -> 285 | AC21: =IF(VLOOKUP($A$1,修繕工事費!$B$7:AC$73,AC$4+1,FALSE)="","",VLOOKUP($A$1,修繕工事費!$B$7:AC$73,AC$4+1,FALSE)) -> 311 | AD21: =IF(VLOOKUP($A$1,修繕工事費!$B$7:AD$73,AD$4+1,FALSE)="","",VLOOKUP($A$1,修繕工事費!$B$7:AD$73,AD$4+1,FALSE)) -> 214 | AE21: =IF(VLOOKUP($A$1,修繕工事費!$B$7:AE$73,AE$4+1,FALSE)="","",VLOOKUP($A$1,修繕工事費!$B$7:AE$73,AE$4+1,FALSE)) -> 282 | AF21: =IF(VLOOKUP($A$1,修繕工事費!$B$7:AF$73,AF$4+1,FALSE)="","",VLOOKUP($A$1,修繕工事費!$B$7:AF$73,AF$4+1,FALSE)) -> 158 | AG21: =IF(VLOOKUP($A$1,修繕工事費!$B$7:AG$73,AG$4+1,FALSE)="","",VLOOKUP($A$1,修繕工事費!$B$7:AG$73,AG$4+1,FALSE)) -> 160 | AH21: =IF(VLOOKUP($A$1,修繕工事費!$B$7:AH$73,AH$4+1,FALSE)="","",VLOOKUP($A$1,修繕工事費!$B$7:AH$73,AH$4+1,FALSE)) -> 126 | AI21: =IF(VLOOKUP($A$1,修繕工事費!$B$7:AI$73,AI$4+1,FALSE)="","",VLOOKUP($A$1,修繕工事費!$B$7:AI$73,AI$4+1,FALSE)) -> 137 | ... AL21: =IF(VLOOKUP($A$1,修繕工事費!$B$7:AL$73,AL$4+1,FALSE)="","",VLOOKUP($A$1,修繕工事費!$B$7:AL$73,AL$4+1,FALSE)) -> 387 | AM21: =IF(VLOOKUP($A$1,修繕工事費!$B$7:AP$73,AM$4+1,FALSE)="","",VLOOKUP($A$1,修繕工事費!$B$7:AP$73,AM$4+1,FALSE)) -> 194 | AN21: =IF(VLOOKUP($A$1,修繕工事費!$B$7:AP$73,AN$4+1,FALSE)="","",VLOOKUP($A$1,修繕工事費!$B$7:AP$73,AN$4+1,FALSE)) -> 169 | AO21: =IF(VLOOKUP($A$1,修繕工事費!$B$7:AP$73,AO$4+1,FALSE)="","",VLOOKUP($A$1,修繕工事費!$B$7:AP$73,AO$4+1,FALSE)) -> 165 | AP21: =IF(VLOOKUP($A$1,修繕工事費!$B$7:AQ$73,AP$4+1,FALSE)="","",VLOOKUP($A$1,修繕工事費!$B$7:AQ$73,AP$4+1,FALSE)) -> 138
A22: その他費用 | B22: （百万円） | C22: =IF(VLOOKUP($A$1,その他費用!$B$7:$AA$73,C$4+1,FALSE)="","",VLOOKUP($A$1,その他費用!$B$7:$AA$73,C$4+1,FALSE)) -> 93 | D22: =IF(VLOOKUP($A$1,その他費用!$B$7:$AA$73,D$4+1,FALSE)="","",VLOOKUP($A$1,その他費用!$B$7:$AA$73,D$4+1,FALSE)) -> 104 | E22: =IF(VLOOKUP($A$1,その他費用!$B$7:$AA$73,E$4+1,FALSE)="","",VLOOKUP($A$1,その他費用!$B$7:$AA$73,E$4+1,FALSE)) -> 131 | F22: =IF(VLOOKUP($A$1,その他費用!$B$7:$AA$73,F$4+1,FALSE)="","",VLOOKUP($A$1,その他費用!$B$7:$AA$73,F$4+1,FALSE)) -> 179 | G22: =IF(VLOOKUP($A$1,その他費用!$B$7:$AA$73,G$4+1,FALSE)="","",VLOOKUP($A$1,その他費用!$B$7:$AA$73,G$4+1,FALSE)) -> 196 | H22: =IF(VLOOKUP($A$1,その他費用!$B$7:$AA$73,H$4+1,FALSE)="","",VLOOKUP($A$1,その他費用!$B$7:$AA$73,H$4+1,FALSE)) -> 159 | I22: =IF(VLOOKUP($A$1,その他費用!$B$7:$AA$73,I$4+1,FALSE)="","",VLOOKUP($A$1,その他費用!$B$7:$AA$73,I$4+1,FALSE)) -> 165 | J22: =IF(VLOOKUP($A$1,その他費用!$B$7:$AA$73,J$4+1,FALSE)="","",VLOOKUP($A$1,その他費用!$B$7:$AA$73,J$4+1,FALSE)) -> 165 | ... AA22: =IF(VLOOKUP($A$1,その他費用!$B$7:$AA$73,AA$4+1,FALSE)="","",VLOOKUP($A$1,その他費用!$B$7:$AA$73,AA$4+1,FALSE)) -> 238 | AB22: =IF(VLOOKUP($A$1,その他費用!$B$7:AB$73,AB$4+1,FALSE)="","",VLOOKUP($A$1,その他費用!$B$7:AB$73,AB$4+1,FALSE)) -> 228 | AC22: =IF(VLOOKUP($A$1,その他費用!$B$7:AC$73,AC$4+1,FALSE)="","",VLOOKUP($A$1,その他費用!$B$7:AC$73,AC$4+1,FALSE)) -> 227 | AD22: =IF(VLOOKUP($A$1,その他費用!$B$7:AD$73,AD$4+1,FALSE)="","",VLOOKUP($A$1,その他費用!$B$7:AD$73,AD$4+1,FALSE)) -> 229 | AE22: =IF(VLOOKUP($A$1,その他費用!$B$7:AE$73,AE$4+1,FALSE)="","",VLOOKUP($A$1,その他費用!$B$7:AE$73,AE$4+1,FALSE)) -> 237 | AF22: =IF(VLOOKUP($A$1,その他費用!$B$7:AF$73,AF$4+1,FALSE)="","",VLOOKUP($A$1,その他費用!$B$7:AF$73,AF$4+1,FALSE)) -> 241 | AG22: =IF(VLOOKUP($A$1,その他費用!$B$7:AG$73,AG$4+1,FALSE)="","",VLOOKUP($A$1,その他費用!$B$7:AG$73,AG$4+1,FALSE)) -> 128 | AH22: =IF(VLOOKUP($A$1,その他費用!$B$7:AH$73,AH$4+1,FALSE)="","",VLOOKUP($A$1,その他費用!$B$7:AH$73,AH$4+1,FALSE)) -> 132 | AI22: =IF(VLOOKUP($A$1,その他費用!$B$7:AI$73,AI$4+1,FALSE)="","",VLOOKUP($A$1,その他費用!$B$7:AI$73,AI$4+1,FALSE)) -> 138 | ... AL22: =IF(VLOOKUP($A$1,その他費用!$B$7:AL$73,AL$4+1,FALSE)="","",VLOOKUP($A$1,その他費用!$B$7:AL$73,AL$4+1,FALSE)) -> 141 | AM22: =IF(VLOOKUP($A$1,その他費用!$B$7:AP$73,AM$4+1,FALSE)="","",VLOOKUP($A$1,その他費用!$B$7:AP$73,AM$4+1,FALSE)) -> 151 | AN22: =IF(VLOOKUP($A$1,その他費用!$B$7:AP$73,AN$4+1,FALSE)="","",VLOOKUP($A$1,その他費用!$B$7:AP$73,AN$4+1,FALSE)) -> 121 | AO22: =IF(VLOOKUP($A$1,その他費用!$B$7:AP$73,AO$4+1,FALSE)="","",VLOOKUP($A$1,その他費用!$B$7:AP$73,AO$4+1,FALSE)) -> 126 | AP22: =IF(VLOOKUP($A$1,その他費用!$B$7:AQ$73,AP$4+1,FALSE)="","",VLOOKUP($A$1,その他費用!$B$7:AQ$73,AP$4+1,FALSE)) -> 115
A23: NOI | B23: （百万円） | C23: =IF(VLOOKUP($A$1,NOI!$B$7:$AA$73,C$4+1,FALSE)="","",VLOOKUP($A$1,NOI!$B$7:$AA$73,C$4+1,FALSE)) -> 3405 | D23: =IF(VLOOKUP($A$1,NOI!$B$7:$AA$73,D$4+1,FALSE)="","",VLOOKUP($A$1,NOI!$B$7:$AA$73,D$4+1,FALSE)) -> 3770 | E23: =IF(VLOOKUP($A$1,NOI!$B$7:$AA$73,E$4+1,FALSE)="","",VLOOKUP($A$1,NOI!$B$7:$AA$73,E$4+1,FALSE)) -> 4438 | F23: =IF(VLOOKUP($A$1,NOI!$B$7:$AA$73,F$4+1,FALSE)="","",VLOOKUP($A$1,NOI!$B$7:$AA$73,F$4+1,FALSE)) -> 5033 | G23: =IF(VLOOKUP($A$1,NOI!$B$7:$AA$73,G$4+1,FALSE)="","",VLOOKUP($A$1,NOI!$B$7:$AA$73,G$4+1,FALSE)) -> 4732 | H23: =IF(VLOOKUP($A$1,NOI!$B$7:$AA$73,H$4+1,FALSE)="","",VLOOKUP($A$1,NOI!$B$7:$AA$73,H$4+1,FALSE)) -> 4814 | I23: =IF(VLOOKUP($A$1,NOI!$B$7:$AA$73,I$4+1,FALSE)="","",VLOOKUP($A$1,NOI!$B$7:$AA$73,I$4+1,FALSE)) -> 4907 | J23: =IF(VLOOKUP($A$1,NOI!$B$7:$AA$73,J$4+1,FALSE)="","",VLOOKUP($A$1,NOI!$B$7:$AA$73,J$4+1,FALSE)) -> 4778 | ... AA23: =IF(VLOOKUP($A$1,NOI!$B$7:$AA$73,AA$4+1,FALSE)="","",VLOOKUP($A$1,NOI!$B$7:$AA$73,AA$4+1,FALSE)) -> 6797 | AB23: =IF(VLOOKUP($A$1,NOI!$B$7:AB$73,AB$4+1,FALSE)="","",VLOOKUP($A$1,NOI!$B$7:AB$73,AB$4+1,FALSE)) -> 6856 | AC23: =IF(VLOOKUP($A$1,NOI!$B$7:AC$73,AC$4+1,FALSE)="","",VLOOKUP($A$1,NOI!$B$7:AC$73,AC$4+1,FALSE)) -> 6913 | AD23: =IF(VLOOKUP($A$1,NOI!$B$7:AD$73,AD$4+1,FALSE)="","",VLOOKUP($A$1,NOI!$B$7:AD$73,AD$4+1,FALSE)) -> 7263 | AE23: =IF(VLOOKUP($A$1,NOI!$B$7:AE$73,AE$4+1,FALSE)="","",VLOOKUP($A$1,NOI!$B$7:AE$73,AE$4+1,FALSE)) -> 7066 | AF23: =IF(VLOOKUP($A$1,NOI!$B$7:AF$73,AF$4+1,FALSE)="","",VLOOKUP($A$1,NOI!$B$7:AF$73,AF$4+1,FALSE)) -> 7059 | AG23: =IF(VLOOKUP($A$1,NOI!$B$7:AG$73,AG$4+1,FALSE)="","",VLOOKUP($A$1,NOI!$B$7:AG$73,AG$4+1,FALSE)) -> 6994 | AH23: =IF(VLOOKUP($A$1,NOI!$B$7:AH$73,AH$4+1,FALSE)="","",VLOOKUP($A$1,NOI!$B$7:AH$73,AH$4+1,FALSE)) -> 6504 | AI23: =IF(VLOOKUP($A$1,NOI!$B$7:AI$73,AI$4+1,FALSE)="","",VLOOKUP($A$1,NOI!$B$7:AI$73,AI$4+1,FALSE)) -> 6128 | ... AL23: =IF(VLOOKUP($A$1,NOI!$B$7:AL$73,AL$4+1,FALSE)="","",VLOOKUP($A$1,NOI!$B$7:AL$73,AL$4+1,FALSE)) -> 6533 | AM23: =IF(VLOOKUP($A$1,NOI!$B$7:AP$73,AM$4+1,FALSE)="","",VLOOKUP($A$1,NOI!$B$7:AP$73,AM$4+1,FALSE)) -> 6839 | AN23: =IF(VLOOKUP($A$1,NOI!$B$7:AP$73,AN$4+1,FALSE)="","",VLOOKUP($A$1,NOI!$B$7:AP$73,AN$4+1,FALSE)) -> 6670 | AO23: =IF(VLOOKUP($A$1,NOI!$B$7:AP$73,AO$4+1,FALSE)="","",VLOOKUP($A$1,NOI!$B$7:AP$73,AO$4+1,FALSE)) -> 7104 | AP23: =IF(VLOOKUP($A$1,NOI!$B$7:AQ$73,AP$4+1,FALSE)="","",VLOOKUP($A$1,NOI!$B$7:AQ$73,AP$4+1,FALSE)) -> 7043
A24: 減価償却費 | B24: （百万円） | C24: =IF(VLOOKUP($A$1,減価償却費!$B$7:$AA$73,C$4+1,FALSE)="","",VLOOKUP($A$1,減価償却費!$B$7:$AA$73,C$4+1,FALSE)) -> 631 | D24: =IF(VLOOKUP($A$1,減価償却費!$B$7:$AA$73,D$4+1,FALSE)="","",VLOOKUP($A$1,減価償却費!$B$7:$AA$73,D$4+1,FALSE)) -> 674 | E24: =IF(VLOOKUP($A$1,減価償却費!$B$7:$AA$73,E$4+1,FALSE)="","",VLOOKUP($A$1,減価償却費!$B$7:$AA$73,E$4+1,FALSE)) -> 894 | F24: =IF(VLOOKUP($A$1,減価償却費!$B$7:$AA$73,F$4+1,FALSE)="","",VLOOKUP($A$1,減価償却費!$B$7:$AA$73,F$4+1,FALSE)) -> 1042 | G24: =IF(VLOOKUP($A$1,減価償却費!$B$7:$AA$73,G$4+1,FALSE)="","",VLOOKUP($A$1,減価償却費!$B$7:$AA$73,G$4+1,FALSE)) -> 995 | H24: =IF(VLOOKUP($A$1,減価償却費!$B$7:$AA$73,H$4+1,FALSE)="","",VLOOKUP($A$1,減価償却費!$B$7:$AA$73,H$4+1,FALSE)) -> 990 | I24: =IF(VLOOKUP($A$1,減価償却費!$B$7:$AA$73,I$4+1,FALSE)="","",VLOOKUP($A$1,減価償却費!$B$7:$AA$73,I$4+1,FALSE)) -> 990 | J24: =IF(VLOOKUP($A$1,減価償却費!$B$7:$AA$73,J$4+1,FALSE)="","",VLOOKUP($A$1,減価償却費!$B$7:$AA$73,J$4+1,FALSE)) -> 992 | ... AA24: =IF(VLOOKUP($A$1,減価償却費!$B$7:$AA$73,AA$4+1,FALSE)="","",VLOOKUP($A$1,減価償却費!$B$7:$AA$73,AA$4+1,FALSE)) -> 1920 | AB24: =IF(VLOOKUP($A$1,減価償却費!$B$7:AB$73,AB$4+1,FALSE)="","",VLOOKUP($A$1,減価償却費!$B$7:AB$73,AB$4+1,FALSE)) -> 1935 | AC24: =IF(VLOOKUP($A$1,減価償却費!$B$7:AC$73,AC$4+1,FALSE)="","",VLOOKUP($A$1,減価償却費!$B$7:AC$73,AC$4+1,FALSE)) -> 1929 | AD24: =IF(VLOOKUP($A$1,減価償却費!$B$7:AD$73,AD$4+1,FALSE)="","",VLOOKUP($A$1,減価償却費!$B$7:AD$73,AD$4+1,FALSE)) -> 1946 | AE24: =IF(VLOOKUP($A$1,減価償却費!$B$7:AE$73,AE$4+1,FALSE)="","",VLOOKUP($A$1,減価償却費!$B$7:AE$73,AE$4+1,FALSE)) -> 1824 | AF24: =IF(VLOOKUP($A$1,減価償却費!$B$7:AF$73,AF$4+1,FALSE)="","",VLOOKUP($A$1,減価償却費!$B$7:AF$73,AF$4+1,FALSE)) -> 1847 | AG24: =IF(VLOOKUP($A$1,減価償却費!$B$7:AG$73,AG$4+1,FALSE)="","",VLOOKUP($A$1,減価償却費!$B$7:AG$73,AG$4+1,FALSE)) -> 1892 | AH24: =IF(VLOOKUP($A$1,減価償却費!$B$7:AH$73,AH$4+1,FALSE)="","",VLOOKUP($A$1,減価償却費!$B$7:AH$73,AH$4+1,FALSE)) -> 1937 | AI24: =IF(VLOOKUP($A$1,減価償却費!$B$7:AI$73,AI$4+1,FALSE)="","",VLOOKUP($A$1,減価償却費!$B$7:AI$73,AI$4+1,FALSE)) -> 1931 | ... AL24: =IF(VLOOKUP($A$1,減価償却費!$B$7:AL$73,AL$4+1,FALSE)="","",VLOOKUP($A$1,減価償却費!$B$7:AL$73,AL$4+1,FALSE)) -> 1850 | AM24: =IF(VLOOKUP($A$1,減価償却費!$B$7:AP$73,AM$4+1,FALSE)="","",VLOOKUP($A$1,減価償却費!$B$7:AP$73,AM$4+1,FALSE)) -> 1865 | AN24: =IF(VLOOKUP($A$1,減価償却費!$B$7:AP$73,AN$4+1,FALSE)="","",VLOOKUP($A$1,減価償却費!$B$7:AP$73,AN$4+1,FALSE)) -> 1761 | AO24: =IF(VLOOKUP($A$1,減価償却費!$B$7:AP$73,AO$4+1,FALSE)="","",VLOOKUP($A$1,減価償却費!$B$7:AP$73,AO$4+1,FALSE)) -> 1789 | AP24: =IF(VLOOKUP($A$1,減価償却費!$B$7:AQ$73,AP$4+1,FALSE)="","",VLOOKUP($A$1,減価償却費!$B$7:AQ$73,AP$4+1,FALSE)) -> 1803
A25: 不動産賃貸事業損益 | B25: （百万円） | C25: =IF(VLOOKUP($A$1,不動産賃貸事業損益!$B$7:$AA$73,C$4+1,FALSE)="","",VLOOKUP($A$1,不動産賃貸事業損益!$B$7:$AA$73,C$4+1,FALSE)) -> 2773 | D25: =IF(VLOOKUP($A$1,不動産賃貸事業損益!$B$7:$AA$73,D$4+1,FALSE)="","",VLOOKUP($A$1,不動産賃貸事業損益!$B$7:$AA$73,D$4+1,FALSE)) -> 3096 | E25: =IF(VLOOKUP($A$1,不動産賃貸事業損益!$B$7:$AA$73,E$4+1,FALSE)="","",VLOOKUP($A$1,不動産賃貸事業損益!$B$7:$AA$73,E$4+1,FALSE)) -> 3544 | F25: =IF(VLOOKUP($A$1,不動産賃貸事業損益!$B$7:$AA$73,F$4+1,FALSE)="","",VLOOKUP($A$1,不動産賃貸事業損益!$B$7:$AA$73,F$4+1,FALSE)) -> 3990 | G25: =IF(VLOOKUP($A$1,不動産賃貸事業損益!$B$7:$AA$73,G$4+1,FALSE)="","",VLOOKUP($A$1,不動産賃貸事業損益!$B$7:$AA$73,G$4+1,FALSE)) -> 3736 | H25: =IF(VLOOKUP($A$1,不動産賃貸事業損益!$B$7:$AA$73,H$4+1,FALSE)="","",VLOOKUP($A$1,不動産賃貸事業損益!$B$7:$AA$73,H$4+1,FALSE)) -> 3824 | I25: =IF(VLOOKUP($A$1,不動産賃貸事業損益!$B$7:$AA$73,I$4+1,FALSE)="","",VLOOKUP($A$1,不動産賃貸事業損益!$B$7:$AA$73,I$4+1,FALSE)) -> 3917 | J25: =IF(VLOOKUP($A$1,不動産賃貸事業損益!$B$7:$AA$73,J$4+1,FALSE)="","",VLOOKUP($A$1,不動産賃貸事業損益!$B$7:$AA$73,J$4+1,FALSE)) -> 3786 | ... AA25: =IF(VLOOKUP($A$1,不動産賃貸事業損益!$B$7:$AA$73,AA$4+1,FALSE)="","",VLOOKUP($A$1,不動産賃貸事業損益!$B$7:$AA$73,AA$4+1,FALSE)) -> 4877 | AB25: =IF(VLOOKUP($A$1,不動産賃貸事業損益!$B$7:AB$73,AB$4+1,FALSE)="","",VLOOKUP($A$1,不動産賃貸事業損益!$B$7:AB$73,AB$4+1,FALSE)) -> 4920 | AC25: =IF(VLOOKUP($A$1,不動産賃貸事業損益!$B$7:AC$73,AC$4+1,FALSE)="","",VLOOKUP($A$1,不動産賃貸事業損益!$B$7:AC$73,AC$4+1,FALSE)) -> 4983 | AD25: =IF(VLOOKUP($A$1,不動産賃貸事業損益!$B$7:AD$73,AD$4+1,FALSE)="","",VLOOKUP($A$1,不動産賃貸事業損益!$B$7:AD$73,AD$4+1,FALSE)) -> 5316 | AE25: =IF(VLOOKUP($A$1,不動産賃貸事業損益!$B$7:AE$73,AE$4+1,FALSE)="","",VLOOKUP($A$1,不動産賃貸事業損益!$B$7:AE$73,AE$4+1,FALSE)) -> 5242 | AF25: =IF(VLOOKUP($A$1,不動産賃貸事業損益!$B$7:AF$73,AF$4+1,FALSE)="","",VLOOKUP($A$1,不動産賃貸事業損益!$B$7:AF$73,AF$4+1,FALSE)) -> 5212 | AG25: =IF(VLOOKUP($A$1,不動産賃貸事業損益!$B$7:AG$73,AG$4+1,FALSE)="","",VLOOKUP($A$1,不動産賃貸事業損益!$B$7:AG$73,AG$4+1,FALSE)) -> 5103 | AH25: =IF(VLOOKUP($A$1,不動産賃貸事業損益!$B$7:AH$73,AH$4+1,FALSE)="","",VLOOKUP($A$1,不動産賃貸事業損益!$B$7:AH$73,AH$4+1,FALSE)) -> 4567 | AI25: =IF(VLOOKUP($A$1,不動産賃貸事業損益!$B$7:AI$73,AI$4+1,FALSE)="","",VLOOKUP($A$1,不動産賃貸事業損益!$B$7:AI$73,AI$4+1,FALSE)) -> 4196 | ... AL25: =IF(VLOOKUP($A$1,不動産賃貸事業損益!$B$7:AL$73,AL$4+1,FALSE)="","",VLOOKUP($A$1,不動産賃貸事業損益!$B$7:AL$73,AL$4+1,FALSE)) -> 4683 | AM25: =IF(VLOOKUP($A$1,不動産賃貸事業損益!$B$7:AP$73,AM$4+1,FALSE)="","",VLOOKUP($A$1,不動産賃貸事業損益!$B$7:AP$73,AM$4+1,FALSE)) -> 4973 | AN25: =IF(VLOOKUP($A$1,不動産賃貸事業損益!$B$7:AP$73,AN$4+1,FALSE)="","",VLOOKUP($A$1,不動産賃貸事業損益!$B$7:AP$73,AN$4+1,FALSE)) -> 4909 | AO25: =IF(VLOOKUP($A$1,不動産賃貸事業損益!$B$7:AP$73,AO$4+1,FALSE)="","",VLOOKUP($A$1,不動産賃貸事業損益!$B$7:AP$73,AO$4+1,FALSE)) -> 5315 | AP25: =IF(VLOOKUP($A$1,不動産賃貸事業損益!$B$7:AQ$73,AP$4+1,FALSE)="","",VLOOKUP($A$1,不動産賃貸事業損益!$B$7:AQ$73,AP$4+1,FALSE)) -> 5239
A26: 不動産等売却益 | B26: （百万円） | C26: =IF(VLOOKUP($A$1,不動産等売却益!$B$7:$AA$73,C$4+1,FALSE)="","",VLOOKUP($A$1,不動産等売却益!$B$7:$AA$73,C$4+1,FALSE)) | D26: =IF(VLOOKUP($A$1,不動産等売却益!$B$7:$AA$73,D$4+1,FALSE)="","",VLOOKUP($A$1,不動産等売却益!$B$7:$AA$73,D$4+1,FALSE)) | E26: =IF(VLOOKUP($A$1,不動産等売却益!$B$7:$AA$73,E$4+1,FALSE)="","",VLOOKUP($A$1,不動産等売却益!$B$7:$AA$73,E$4+1,FALSE)) | F26: =IF(VLOOKUP($A$1,不動産等売却益!$B$7:$AA$73,F$4+1,FALSE)="","",VLOOKUP($A$1,不動産等売却益!$B$7:$AA$73,F$4+1,FALSE)) | G26: =IF(VLOOKUP($A$1,不動産等売却益!$B$7:$AA$73,G$4+1,FALSE)="","",VLOOKUP($A$1,不動産等売却益!$B$7:$AA$73,G$4+1,FALSE)) -> 854 | H26: =IF(VLOOKUP($A$1,不動産等売却益!$B$7:$AA$73,H$4+1,FALSE)="","",VLOOKUP($A$1,不動産等売却益!$B$7:$AA$73,H$4+1,FALSE)) | I26: =IF(VLOOKUP($A$1,不動産等売却益!$B$7:$AA$73,I$4+1,FALSE)="","",VLOOKUP($A$1,不動産等売却益!$B$7:$AA$73,I$4+1,FALSE)) | J26: =IF(VLOOKUP($A$1,不動産等売却益!$B$7:$AA$73,J$4+1,FALSE)="","",VLOOKUP($A$1,不動産等売却益!$B$7:$AA$73,J$4+1,FALSE)) | ... AA26: =IF(VLOOKUP($A$1,不動産等売却益!$B$7:$AA$73,AA$4+1,FALSE)="","",VLOOKUP($A$1,不動産等売却益!$B$7:$AA$73,AA$4+1,FALSE)) | AB26: =IF(VLOOKUP($A$1,不動産等売却益!$B$7:AB$73,AB$4+1,FALSE)="","",VLOOKUP($A$1,不動産等売却益!$B$7:AB$73,AB$4+1,FALSE)) | AC26: =IF(VLOOKUP($A$1,不動産等売却益!$B$7:AC$73,AC$4+1,FALSE)="","",VLOOKUP($A$1,不動産等売却益!$B$7:AC$73,AC$4+1,FALSE)) -> 101 | AD26: =IF(VLOOKUP($A$1,不動産等売却益!$B$7:AD$73,AD$4+1,FALSE)="","",VLOOKUP($A$1,不動産等売却益!$B$7:AD$73,AD$4+1,FALSE)) -> 1704 | AE26: =IF(VLOOKUP($A$1,不動産等売却益!$B$7:AE$73,AE$4+1,FALSE)="","",VLOOKUP($A$1,不動産等売却益!$B$7:AE$73,AE$4+1,FALSE)) -> 314 | AF26: =IF(VLOOKUP($A$1,不動産等売却益!$B$7:AF$73,AF$4+1,FALSE)="","",VLOOKUP($A$1,不動産等売却益!$B$7:AF$73,AF$4+1,FALSE)) | AG26: =IF(VLOOKUP($A$1,不動産等売却益!$B$7:AG$73,AG$4+1,FALSE)="","",VLOOKUP($A$1,不動産等売却益!$B$7:AG$73,AG$4+1,FALSE)) | AH26: =IF(VLOOKUP($A$1,不動産等売却益!$B$7:AH$73,AH$4+1,FALSE)="","",VLOOKUP($A$1,不動産等売却益!$B$7:AH$73,AH$4+1,FALSE)) -> 797 | AI26: =IF(VLOOKUP($A$1,不動産等売却益!$B$7:AI$73,AI$4+1,FALSE)="","",VLOOKUP($A$1,不動産等売却益!$B$7:AI$73,AI$4+1,FALSE)) -> 530 | ... AL26: =IF(VLOOKUP($A$1,不動産等売却益!$B$7:AL$73,AL$4+1,FALSE)="","",VLOOKUP($A$1,不動産等売却益!$B$7:AL$73,AL$4+1,FALSE)) -> 728 | AM26: =IF(VLOOKUP($A$1,不動産等売却益!$B$7:AP$73,AM$4+1,FALSE)="","",VLOOKUP($A$1,不動産等売却益!$B$7:AP$73,AM$4+1,FALSE)) -> 1689 | AN26: =IF(VLOOKUP($A$1,不動産等売却益!$B$7:AP$73,AN$4+1,FALSE)="","",VLOOKUP($A$1,不動産等売却益!$B$7:AP$73,AN$4+1,FALSE)) -> 768 | AO26: =IF(VLOOKUP($A$1,不動産等売却益!$B$7:AP$73,AO$4+1,FALSE)="","",VLOOKUP($A$1,不動産等売却益!$B$7:AP$73,AO$4+1,FALSE)) -> 557 | AP26: =IF(VLOOKUP($A$1,不動産等売却益!$B$7:AQ$73,AP$4+1,FALSE)="","",VLOOKUP($A$1,不動産等売却益!$B$7:AQ$73,AP$4+1,FALSE)) -> 683
A27: 不動産等売却損 | B27: （百万円） | C27: =IF(VLOOKUP($A$1,不動産等売却損!$B$7:$AA$73,C$4+1,FALSE)="","",VLOOKUP($A$1,不動産等売却損!$B$7:$AA$73,C$4+1,FALSE)) | D27: =IF(VLOOKUP($A$1,不動産等売却損!$B$7:$AA$73,D$4+1,FALSE)="","",VLOOKUP($A$1,不動産等売却損!$B$7:$AA$73,D$4+1,FALSE)) | E27: =IF(VLOOKUP($A$1,不動産等売却損!$B$7:$AA$73,E$4+1,FALSE)="","",VLOOKUP($A$1,不動産等売却損!$B$7:$AA$73,E$4+1,FALSE)) | F27: =IF(VLOOKUP($A$1,不動産等売却損!$B$7:$AA$73,F$4+1,FALSE)="","",VLOOKUP($A$1,不動産等売却損!$B$7:$AA$73,F$4+1,FALSE)) | G27: =IF(VLOOKUP($A$1,不動産等売却損!$B$7:$AA$73,G$4+1,FALSE)="","",VLOOKUP($A$1,不動産等売却損!$B$7:$AA$73,G$4+1,FALSE)) | H27: =IF(VLOOKUP($A$1,不動産等売却損!$B$7:$AA$73,H$4+1,FALSE)="","",VLOOKUP($A$1,不動産等売却損!$B$7:$AA$73,H$4+1,FALSE)) | I27: =IF(VLOOKUP($A$1,不動産等売却損!$B$7:$AA$73,I$4+1,FALSE)="","",VLOOKUP($A$1,不動産等売却損!$B$7:$AA$73,I$4+1,FALSE)) | J27: =IF(VLOOKUP($A$1,不動産等売却損!$B$7:$AA$73,J$4+1,FALSE)="","",VLOOKUP($A$1,不動産等売却損!$B$7:$AA$73,J$4+1,FALSE)) | ... AA27: =IF(VLOOKUP($A$1,不動産等売却損!$B$7:$AA$73,AA$4+1,FALSE)="","",VLOOKUP($A$1,不動産等売却損!$B$7:$AA$73,AA$4+1,FALSE)) | AB27: =IF(VLOOKUP($A$1,不動産等売却損!$B$7:AB$73,AB$4+1,FALSE)="","",VLOOKUP($A$1,不動産等売却損!$B$7:AB$73,AB$4+1,FALSE)) | AC27: =IF(VLOOKUP($A$1,不動産等売却損!$B$7:AC$73,AC$4+1,FALSE)="","",VLOOKUP($A$1,不動産等売却損!$B$7:AC$73,AC$4+1,FALSE)) -> 222 | AD27: =IF(VLOOKUP($A$1,不動産等売却損!$B$7:AD$73,AD$4+1,FALSE)="","",VLOOKUP($A$1,不動産等売却損!$B$7:AD$73,AD$4+1,FALSE)) | AE27: =IF(VLOOKUP($A$1,不動産等売却損!$B$7:AE$73,AE$4+1,FALSE)="","",VLOOKUP($A$1,不動産等売却損!$B$7:AE$73,AE$4+1,FALSE)) | AF27: =IF(VLOOKUP($A$1,不動産等売却損!$B$7:AF$73,AF$4+1,FALSE)="","",VLOOKUP($A$1,不動産等売却損!$B$7:AF$73,AF$4+1,FALSE)) | AG27: =IF(VLOOKUP($A$1,不動産等売却損!$B$7:AG$73,AG$4+1,FALSE)="","",VLOOKUP($A$1,不動産等売却損!$B$7:AG$73,AG$4+1,FALSE)) | AH27: =IF(VLOOKUP($A$1,不動産等売却損!$B$7:AH$73,AH$4+1,FALSE)="","",VLOOKUP($A$1,不動産等売却損!$B$7:AH$73,AH$4+1,FALSE)) | AI27: =IF(VLOOKUP($A$1,不動産等売却損!$B$7:AI$73,AI$4+1,FALSE)="","",VLOOKUP($A$1,不動産等売却損!$B$7:AI$73,AI$4+1,FALSE)) | ... AL27: =IF(VLOOKUP($A$1,不動産等売却損!$B$7:AL$73,AL$4+1,FALSE)="","",VLOOKUP($A$1,不動産等売却損!$B$7:AL$73,AL$4+1,FALSE)) | AM27: =IF(VLOOKUP($A$1,不動産等売却損!$B$7:AP$73,AM$4+1,FALSE)="","",VLOOKUP($A$1,不動産等売却損!$B$7:AP$73,AM$4+1,FALSE)) -> 1614 | AN27: =IF(VLOOKUP($A$1,不動産等売却損!$B$7:AP$73,AN$4+1,FALSE)="","",VLOOKUP($A$1,不動産等売却損!$B$7:AP$73,AN$4+1,FALSE)) | AO27: =IF(VLOOKUP($A$1,不動産等売却損!$B$7:AP$73,AO$4+1,FALSE)="","",VLOOKUP($A$1,不動産等売却損!$B$7:AP$73,AO$4+1,FALSE)) -> 49 | AP27: =IF(VLOOKUP($A$1,不動産等売却損!$B$7:AQ$73,AP$4+1,FALSE)="","",VLOOKUP($A$1,不動産等売却損!$B$7:AQ$73,AP$4+1,FALSE))
A28: 資本的支出 | B28: （百万円） | C28: =IF(VLOOKUP($A$1,資本的支出!$B$7:$AA$73,C$4+1,FALSE)="","",VLOOKUP($A$1,資本的支出!$B$7:$AA$73,C$4+1,FALSE)) -> 155 | D28: =IF(VLOOKUP($A$1,資本的支出!$B$7:$AA$73,D$4+1,FALSE)="","",VLOOKUP($A$1,資本的支出!$B$7:$AA$73,D$4+1,FALSE)) -> 182 | E28: =IF(VLOOKUP($A$1,資本的支出!$B$7:$AA$73,E$4+1,FALSE)="","",VLOOKUP($A$1,資本的支出!$B$7:$AA$73,E$4+1,FALSE)) -> 319 | F28: =IF(VLOOKUP($A$1,資本的支出!$B$7:$AA$73,F$4+1,FALSE)="","",VLOOKUP($A$1,資本的支出!$B$7:$AA$73,F$4+1,FALSE)) -> 530 | G28: =IF(VLOOKUP($A$1,資本的支出!$B$7:$AA$73,G$4+1,FALSE)="","",VLOOKUP($A$1,資本的支出!$B$7:$AA$73,G$4+1,FALSE)) -> 799 | H28: =IF(VLOOKUP($A$1,資本的支出!$B$7:$AA$73,H$4+1,FALSE)="","",VLOOKUP($A$1,資本的支出!$B$7:$AA$73,H$4+1,FALSE)) -> 267 | I28: =IF(VLOOKUP($A$1,資本的支出!$B$7:$AA$73,I$4+1,FALSE)="","",VLOOKUP($A$1,資本的支出!$B$7:$AA$73,I$4+1,FALSE)) -> 134 | J28: =IF(VLOOKUP($A$1,資本的支出!$B$7:$AA$73,J$4+1,FALSE)="","",VLOOKUP($A$1,資本的支出!$B$7:$AA$73,J$4+1,FALSE)) -> 248 | ... AA28: =IF(VLOOKUP($A$1,資本的支出!$B$7:$AA$73,AA$4+1,FALSE)="","",VLOOKUP($A$1,資本的支出!$B$7:$AA$73,AA$4+1,FALSE)) -> 809 | AB28: =IF(VLOOKUP($A$1,資本的支出!$B$7:AB$73,AB$4+1,FALSE)="","",VLOOKUP($A$1,資本的支出!$B$7:AB$73,AB$4+1,FALSE)) -> 1285 | AC28: =IF(VLOOKUP($A$1,資本的支出!$B$7:AC$73,AC$4+1,FALSE)="","",VLOOKUP($A$1,資本的支出!$B$7:AC$73,AC$4+1,FALSE)) -> 1726 | AD28: =IF(VLOOKUP($A$1,資本的支出!$B$7:AD$73,AD$4+1,FALSE)="","",VLOOKUP($A$1,資本的支出!$B$7:AD$73,AD$4+1,FALSE)) -> 806 | AE28: =IF(VLOOKUP($A$1,資本的支出!$B$7:AE$73,AE$4+1,FALSE)="","",VLOOKUP($A$1,資本的支出!$B$7:AE$73,AE$4+1,FALSE)) -> 1127 | AF28: =IF(VLOOKUP($A$1,資本的支出!$B$7:AF$73,AF$4+1,FALSE)="","",VLOOKUP($A$1,資本的支出!$B$7:AF$73,AF$4+1,FALSE)) -> 1547 | AG28: =IF(VLOOKUP($A$1,資本的支出!$B$7:AG$73,AG$4+1,FALSE)="","",VLOOKUP($A$1,資本的支出!$B$7:AG$73,AG$4+1,FALSE)) -> 1305 | AH28: =IF(VLOOKUP($A$1,資本的支出!$B$7:AH$73,AH$4+1,FALSE)="","",VLOOKUP($A$1,資本的支出!$B$7:AH$73,AH$4+1,FALSE)) -> 1298 | AI28: =IF(VLOOKUP($A$1,資本的支出!$B$7:AI$73,AI$4+1,FALSE)="","",VLOOKUP($A$1,資本的支出!$B$7:AI$73,AI$4+1,FALSE)) -> 1188 | ... AL28: =IF(VLOOKUP($A$1,資本的支出!$B$7:AL$73,AL$4+1,FALSE)="","",VLOOKUP($A$1,資本的支出!$B$7:AL$73,AL$4+1,FALSE)) -> 1317 | AM28: =IF(VLOOKUP($A$1,資本的支出!$B$7:AP$73,AM$4+1,FALSE)="","",VLOOKUP($A$1,資本的支出!$B$7:AP$73,AM$4+1,FALSE)) -> 1513 | AN28: =IF(VLOOKUP($A$1,資本的支出!$B$7:AP$73,AN$4+1,FALSE)="","",VLOOKUP($A$1,資本的支出!$B$7:AP$73,AN$4+1,FALSE)) -> 1436 | AO28: =IF(VLOOKUP($A$1,資本的支出!$B$7:AP$73,AO$4+1,FALSE)="","",VLOOKUP($A$1,資本的支出!$B$7:AP$73,AO$4+1,FALSE)) -> 1559 | AP28: =IF(VLOOKUP($A$1,資本的支出!$B$7:AQ$73,AP$4+1,FALSE)="","",VLOOKUP($A$1,資本的支出!$B$7:AQ$73,AP$4+1,FALSE)) -> 1575
A29: NOI利回り | B29: （％） | C29: =IF(VLOOKUP($A$1,NOI利回り!$B$7:$AA$73,C$4+1,FALSE)="","",VLOOKUP($A$1,NOI利回り!$B$7:$AA$73,C$4+1,FALSE)) -> 6.7 | D29: =IF(VLOOKUP($A$1,NOI利回り!$B$7:$AA$73,D$4+1,FALSE)="","",VLOOKUP($A$1,NOI利回り!$B$7:$AA$73,D$4+1,FALSE)) -> 6.3 | E29: =IF(VLOOKUP($A$1,NOI利回り!$B$7:$AA$73,E$4+1,FALSE)="","",VLOOKUP($A$1,NOI利回り!$B$7:$AA$73,E$4+1,FALSE)) -> 5.6 | F29: =IF(VLOOKUP($A$1,NOI利回り!$B$7:$AA$73,F$4+1,FALSE)="","",VLOOKUP($A$1,NOI利回り!$B$7:$AA$73,F$4+1,FALSE)) -> 5.4 | G29: =IF(VLOOKUP($A$1,NOI利回り!$B$7:$AA$73,G$4+1,FALSE)="","",VLOOKUP($A$1,NOI利回り!$B$7:$AA$73,G$4+1,FALSE)) -> 5.2 | H29: =IF(VLOOKUP($A$1,NOI利回り!$B$7:$AA$73,H$4+1,FALSE)="","",VLOOKUP($A$1,NOI利回り!$B$7:$AA$73,H$4+1,FALSE)) -> 5.4 | I29: =IF(VLOOKUP($A$1,NOI利回り!$B$7:$AA$73,I$4+1,FALSE)="","",VLOOKUP($A$1,NOI利回り!$B$7:$AA$73,I$4+1,FALSE)) -> 5.4 | J29: =IF(VLOOKUP($A$1,NOI利回り!$B$7:$AA$73,J$4+1,FALSE)="","",VLOOKUP($A$1,NOI利回り!$B$7:$AA$73,J$4+1,FALSE)) -> 5.3 | ... AA29: =IF(VLOOKUP($A$1,NOI利回り!$B$7:$AA$73,AA$4+1,FALSE)="","",VLOOKUP($A$1,NOI利回り!$B$7:$AA$73,AA$4+1,FALSE)) -> 4.93 | AB29: =IF(VLOOKUP($A$1,NOI利回り!$B$7:AB$73,AB$4+1,FALSE)="","",VLOOKUP($A$1,NOI利回り!$B$7:AB$73,AB$4+1,FALSE)) -> 5.05 | AC29: =IF(VLOOKUP($A$1,NOI利回り!$B$7:AC$73,AC$4+1,FALSE)="","",VLOOKUP($A$1,NOI利回り!$B$7:AC$73,AC$4+1,FALSE)) -> 4.95 | AD29: =IF(VLOOKUP($A$1,NOI利回り!$B$7:AD$73,AD$4+1,FALSE)="","",VLOOKUP($A$1,NOI利回り!$B$7:AD$73,AD$4+1,FALSE)) -> 5.14 | AE29: =IF(VLOOKUP($A$1,NOI利回り!$B$7:AE$73,AE$4+1,FALSE)="","",VLOOKUP($A$1,NOI利回り!$B$7:AE$73,AE$4+1,FALSE)) -> 5.15 | AF29: =IF(VLOOKUP($A$1,NOI利回り!$B$7:AF$73,AF$4+1,FALSE)="","",VLOOKUP($A$1,NOI利回り!$B$7:AF$73,AF$4+1,FALSE)) -> 5.22 | AG29: =IF(VLOOKUP($A$1,NOI利回り!$B$7:AG$73,AG$4+1,FALSE)="","",VLOOKUP($A$1,NOI利回り!$B$7:AG$73,AG$4+1,FALSE)) -> 4.9 | AH29: =IF(VLOOKUP($A$1,NOI利回り!$B$7:AH$73,AH$4+1,FALSE)="","",VLOOKUP($A$1,NOI利回り!$B$7:AH$73,AH$4+1,FALSE)) -> 4.58 | AI29: =IF(VLOOKUP($A$1,NOI利回り!$B$7:AI$73,AI$4+1,FALSE)="","",VLOOKUP($A$1,NOI利回り!$B$7:AI$73,AI$4+1,FALSE)) -> 4.2385847 | ... AL29: =IF(VLOOKUP($A$1,NOI利回り!$B$7:AL$73,AL$4+1,FALSE)="","",VLOOKUP($A$1,NOI利回り!$B$7:AL$73,AL$4+1,FALSE)) -> 4.580223 | AM29: =IF(VLOOKUP($A$1,NOI利回り!$B$7:AP$73,AM$4+1,FALSE)="","",VLOOKUP($A$1,NOI利回り!$B$7:AP$73,AM$4+1,FALSE)) -> 4.6484476 | AN29: =IF(VLOOKUP($A$1,NOI利回り!$B$7:AP$73,AN$4+1,FALSE)="","",VLOOKUP($A$1,NOI利回り!$B$7:AP$73,AN$4+1,FALSE)) -> 4.7396192 | AO29: =IF(VLOOKUP($A$1,NOI利回り!$B$7:AP$73,AO$4+1,FALSE)="","",VLOOKUP($A$1,NOI利回り!$B$7:AP$73,AO$4+1,FALSE)) -> 4.8006281 | AP29: =IF(VLOOKUP($A$1,NOI利回り!$B$7:AQ$73,AP$4+1,FALSE)="","",VLOOKUP($A$1,NOI利回り!$B$7:AQ$73,AP$4+1,FALSE)) -> 4.837353
A31: ・ 金額については、百万円未満を切り捨てています。
A32: ・ 賃貸可能面積は、本投資法人の保有部分における賃貸が可能な貸室面積を記載しています。共有の物件については、共有する物件全体の賃貸可能面積に共有持分の割合を乗じた数値を、本投資法人の賃貸可能面積とみなして算出しています。
A33: ・ 「テナント総数」は、各月末現在におけるテナント数を記載しています。2021年11月末までのテナント総数については、マスターリース契約が締結されている場合は、 1テナントとして記載しています。1テナントが複数の貸室を賃借している場合には、同一物件については１テナントとして、複数の物件にわたる場合には複数テナントとして算出しています。
A34: 2021年12月末からのテナント総数については、原則として、エンドテナント数を記載しています。１テナントが複数の貸室を賃借している場合には、同一物件については１テナントとして、複数の物件にわたる場合には物件毎に１テナントとして算出しています。ただし、住宅部分及び本投資法人の保有持分割合が相対的に低い物件は、マスターリース会社をテナントと捉えて、当該物件のマスターリース会社の数をカウントしています。
A35: ・ 一部のビルについては、エンドテナントや共有者等からの同意が得られていないため、収支の明細を開示していません。
A36: ・ NOI利回りは、年換算値で表示しています（NOI利回り＝年換算NOI÷取得価格）
A37: ・ 「その他」に記載の費用は、前期に売却を完了した物件の精算金です。
A38: ・ 「合計」のNOI利回りは、各期間における譲渡物件を含む実績値です。

Sheet 【物件名】
A1: 合計
A2: 大森ベルポートD館
A3: 芝二丁目ビルディング
A4: JEI浜松町ビル
A5: 第32興和ビル
A6: 第36興和ビル
A7: 第28興和ビル
A8: 赤坂ガーデンシティ
A9: 赤坂インターシティ
A10: 興和白金台ビル
A11: 台場ガーデンシティビル
A12: 第35興和ビル
... A55: その他

Sheet 取得価格
A1: 取得価格
B3: (単位：百万円）
C4: 1 | D4: 2 | E4: 3 | F4: 4 | G4: 5 | H4: 6 | I4: 7 | J4: 8 | K4: 9 | L4: 10 | M4: 11 | N4: 12 | O4: 13 | P4: 14 | Q4: 15 | R4: 16 | S4: 17 | T4: 18 | U4: 19 | V4: 20 | W4: 21 | X4: 22 | Y4: 23 | Z4: 24 | AA4: 25 | AB4: 26 | AC4: 27 | AD4: 28 | AE4: 29 | AF4: 30 | AG4: 31 | AH4: 32 | AI4: 33 | AJ4: 34 | AK4: 35 | AL4: 36 | AM4: 37 | AN4: 38 | AO4: 39 | AP4: 40
A5: 物件番号 | B5: 物件名 | C5: 38768 | D5: 39083 | E5: 39264 | F5: 39448 | G5: 39630 | H5: 39814 | I5: 39995 | J5: 40179 | K5: 40360 | L5: 40544 | M5: 40725 | N5: 40909 | O5: 41091 | P5: 41275 | Q5: 41456 | R5: 41640 | S5: 41821 | T5: 42005 | U5: 42186 | V5: 42370 | W5: 42552 | X5: 42736 | Y5: 42917 | Z5: 43101 | AA5: 43282 | AB5: 43466 | AC5: 43647 | AD5: 43831 | AE5: 44013 | AF5: 44197 | AG5: 44378 | AH5: 44562 | AI5: 44743 | AJ5: 44927 | AK5: 45108 | AL5: 45292 | AM5: 45474 | AN5: 45658 | AO5: 45839 | AP5: 46023
C6: 39082 | D6: 39263 | E6: 39447 | F6: 39629 | G6: 39813 | H6: 39994 | I6: 40178 | J6: 40359 | K6: 40543 | L6: 40724 | M6: 40908 | N6: 41090 | O6: 41274 | P6: 41455 | Q6: 41639 | R6: 41820 | S6: 42004 | T6: 42185 | U6: 42369 | V6: 42551 | W6: 42735 | X6: 42916 | Y6: 43100 | Z6: 43281 | AA6: 43465 | AB6: 43646 | AC6: 43830 | AD6: 44012 | AE6: 44196 | AF6: 44377 | AG6: 44561 | AH6: 44742 | AI6: 44926 | AJ6: 45107 | AK6: 45291 | AL6: 45473 | AM6: 45657 | AN6: 45838 | AO6: 46022 | AP6: 46203
A7: Ⅰ-1 | B7: 大森ベルポートD館 | C7: 22552 | D7: 22552 | E7: 22552 | F7: 22552 | G7: 22552 | H7: 22552 | I7: 22552 | J7: 22552 | K7: 22552 | L7: 22552 | M7: 22552 | N7: 22552 | O7: 22552 | P7: 22552 | Q7: 22552 | R7: 22552 | S7: 22552 | T7: 22552 | U7: 22552 | V7: 22552 | W7: 22552 | X7: 22552 | Y7: 22552 | Z7: 22552 | AA7: 22552 | AB7: 22552 | AC7: 22552 | AD7: 22552 | AE7: 22552 | AF7: 22552 | AG7: 22552 | AH7: 22552 | AI7: 22552 | AJ7: 22552 | AK7: 22552 | AL7: 22552 | AM7: 22552 | AN7: 22552 | AO7: 22552 | AP7: 22552
A8: Ⅰ-2 | B8: 芝二丁目ビルディング | C8: 9450 | D8: 9450 | E8: 9450 | F8: 9450 | G8: 9450 | H8: 9450 | I8: 9450 | J8: 9450 | K8: 9450 | L8: 9450 | M8: 9450 | N8: 9450 | O8: 9450 | P8: 9450 | Q8: 9450 | R8: 9450 | S8: 9450 | T8: 9450 | U8: 9450 | V8: 9450 | W8: 9450 | X8: 9450 | Y8: 9450 | Z8: 9450 | AA8: 9450 | AB8: 9450 | AC8: 9450 | AD8: 9450 | AE8: 9450 | AF8: 9450 | AG8: 9450 | AH8: 9450 | AI8: 9450 | AJ8: 9450 | AK8: 9450 | AL8: 9450 | AM8: 9450 | AN8: 9450 | AO8: 9450 | AP8: 9450
A9: Ⅰ-3 | B9: JEI浜松町ビル | C9: 8350 | D9: 8350 | E9: 8350 | F9: 8350 | G9: 8350 | H9: 8350 | I9: 8350 | J9: 8350 | K9: 8350 | L9: 8350 | M9: 8350 | N9: 8350 | O9: 8350 | P9: 8350 | Q9: 8350 | R9: 8350 | S9: 8350 | T9: 8350 | U9: 8350 | V9: 8350 | W9: 8350 | X9: 8350 | Y9: 8350 | Z9: 8350 | AA9: 8350 | AB9: 8350 | AC9: 8350 | AD9: 8350 | AE9: 8350 | AF9: 8350 | AG9: 8350 | AH9: 8350 | AI9: 8350 | AJ9: 8350 | AK9: 8350 | AL9: 8350 | AM9: 8350 | AN9: 8350 | AO9: 4592
A10: Ⅰ-4 | B10: 第32興和ビル | C10: 5040 | D10: 5040 | E10: 5040 | F10: 5040 | G10: 5040 | H10: 5040 | I10: 5040 | J10: 5040 | K10: 7430 | L10: 7430 | M10: 7430 | N10: 7430 | O10: 7430 | P10: 7430 | Q10: 7430 | R10: 7430 | S10: 7430 | T10: 7430
A11: Ⅰ-5 | B11: 第36興和ビル | C11: 4000 | D11: 4000 | E11: 4000 | F11: 4000 | G11: 4000 | H11: 4000 | I11: 4000 | J11: 4000 | K11: 4000
A12: Ⅰ-6 | B12: 第28興和ビル | C12: 2859 | D12: 2859 | E12: 2859 | F12: 2859 | G12: 2859 | H12: 2859 | I12: 2859 | J12: 2859 | K12: 2859 | L12: 2859 | M12: 2859
A13: Ⅰ-7 | B13: 赤坂ガーデンシティ | D13: 23300 | E13: 23300 | F13: 23300 | G13: 23300 | H13: 23300 | I13: 23300 | J13: 23300 | K13: 23300 | L13: 23300 | M13: 23300 | N13: 23300 | O13: 23300 | P13: 23300 | Q13: 23300 | R13: 23300 | S13: 23300 | T13: 23300 | U13: 23300 | V13: 23300 | W13: 23300 | X13: 23300
A14: Ⅰ-8 | B14: 赤坂インターシティ | E14: 17857 | F14: 17857 | G14: 17857 | H14: 17857 | I14: 17857 | J14: 17857 | K14: 17857 | L14: 17857 | M14: 17857 | N14: 17857 | O14: 17857 | P14: 28146 | Q14: 28146 | R14: 28146 | S14: 28146 | T14: 28146 | U14: 28146 | V14: 28146 | W14: 28146 | X14: 28146 | Y14: 28146 | Z14: 28146 | AA14: 28146 | AB14: 28146 | AC14: 28146 | AD14: 28146 | AE14: 28146 | AF14: 28146 | AG14: 28146 | AH14: 28146 | AI14: 28146 | AJ14: 28146 | AK14: 28146 | AL14: 28146 | AM14: 28146 | AN14: 28146 | AO14: 28146 | AP14: 28146
A15: Ⅰ-9 | B15: 興和白金台ビル | K15: 4705 | L15: 4705 | M15: 4705 | N15: 4705 | O15: 4705 | P15: 4705 | Q15: 4705 | R15: 4705 | S15: 4705 | T15: 4705 | U15: 4705 | V15: 4705 | W15: 4705 | X15: 4705 | Y15: 4705 | Z15: 4705 | AA15: 4705 | AB15: 4705 | AC15: 4705 | AD15: 4705 | AE15: 4705 | AF15: 4705 | AG15: 4705
A16: Ⅰ-10 | B16: 台場ガーデンシティビル | L16: 11000 | M16: 11000 | N16: 11000 | O16: 11000 | P16: 11000 | Q16: 11000 | R16: 11000 | S16: 11000 | T16: 11000 | U16: 11000 | V16: 11000 | W16: 11000 | X16: 11000 | Y16: 11000 | Z16: 11000 | AA16: 11000 | AB16: 11000 | AC16: 11000 | AD16: 11000 | AE16: 11000 | AF16: 11000 | AG16: 11000 | AH16: 11000 | AI16: 11000 | AJ16: 11000 | AK16: 11000 | AL16: 11000 | AM16: 11000 | AN16: 11000 | AO16: 11000 | AP16: 11000
A17: Ⅰ-11 | B17: 第35興和ビル | M17: 8280 | N17: 8280 | O17: 8280 | P17: 8280 | Q17: 8280 | R17: 8280 | S17: 8280 | T17: 8280
A18: Ⅰ-12 | B18: 浜離宮インターシティ | M18: 7080 | N18: 7080 | O18: 7080 | P18: 7080 | Q18: 7080 | R18: 19080 | S18: 19080 | T18: 19080 | U18: 19080 | V18: 19080 | W18: 19080 | X18: 19080 | Y18: 19080 | Z18: 19080 | AA18: 19080 | AB18: 19080 | AC18: 19080 | AD18: 19080 | AE18: 19080 | AF18: 19080 | AG18: 19080 | AH18: 19080 | AI18: 19080 | AJ18: 19080 | AK18: 19080 | AL18: 19080 | AM18: 19080 | AN18: 19080 | AO18: 19080 | AP18: 19080
A19: Ⅰ-13 | B19: 新富町ビル | N19: 1750 | O19: 1750 | P19: 1750 | Q19: 1750 | R19: 1750 | S19: 1750 | T19: 1750 | U19: 1750 | V19: 1750 | W19: 1750 | X19: 1750 | Y19: 1750 | Z19: 1750 | AA19: 1750 | AB19: 1750 | AC19: 1750 | AD19: 1750 | AE19: 1750 | AF19: 1750 | AG19: 1750 | AH19: 1750 | AI19: 1050
A20: Ⅰ-14 | B20: 興和西新橋ビル | P20: 3931 | Q20: 3931 | R20: 3931 | S20: 3931 | T20: 3931 | U20: 3931 | V20: 3931 | W20: 3931 | X20: 3931 | Y20: 11431 | Z20: 11431 | AA20: 11431 | AB20: 11431 | AC20: 11431 | AD20: 11431 | AE20: 11431 | AF20: 11431 | AG20: 11431 | AH20: 11431 | AI20: 11431 | AJ20: 11431 | AK20: 11431 | AL20: 11431 | AM20: 11431 | AN20: 11431 | AO20: 11431 | AP20: 11431
A21: Ⅰ-15 | B21: マンサード代官山 | W21: 11420 | X21: 11420 | Y21: 11420 | Z21: 11420 | AA21: 11420 | AB21: 11420 | AC21: 11420 | AD21: 11420 | AE21: 11420 | AF21: 11420 | AG21: 11420 | AH21: 11420 | AI21: 11420 | AJ21: 11420 | AK21: 11420 | AL21: 11420 | AM21: 11420 | AN21: 11420 | AO21: 11420 | AP21: 11420
A22: Ⅰ-16 | B22: 赤坂インターシティAIR | AA22: 6590 | AB22: 6590 | AC22: 6590 | AD22: 6590 | AE22: 6590 | AF22: 6590 | AG22: 6590 | AH22: 6590 | AI22: 6590 | AJ22: 6590 | AK22: 6590 | AL22: 6590 | AM22: 6590 | AN22: 6590 | AO22: 6590 | AP22: 12135
A23: Ⅰ-17 | B23: BIZCORE赤坂見附 | AC23: 6200 | AD23: 6200 | AE23: 6200 | AF23: 6200 | AG23: 6200 | AH23: 6200 | AI23: 6200 | AJ23: 6200 | AK23: 6200 | AL23: 6200 | AM23: 6200 | AN23: 6200 | AO23: 6200 | AP23: 6200
A24: Ⅰ-18 | B24: BIZCORE神保町 | AF24: 10200 | AG24: 10200 | AH24: 10200 | AI24: 10200 | AJ24: 10200 | AK24: 10200 | AL24: 10200 | AM24: 10200 | AN24: 10200 | AO24: 10860 | AP24: 10860
A25: Ⅰ-19 | B25: BIZCORE渋谷 | AI25: 6640 | AJ25: 6640 | AK25: 6640 | AL25: 6640 | AM25: 6640 | AN25: 6640 | AO25: 6640 | AP25: 6640
A26: Ⅰ-20 | B26: BIZCORE築地 | AK26: 9800 | AL26: 9800 | AM26: 9800 | AN26: 9800 | AO26: 9800 | AP26: 9800
A27: Ⅰ-21 | B27: 大崎ブライトタワー・大崎ブライトプラザ | AL27: 13100 | AM27: 13100 | AN27: 13100 | AO27: 13100 | AP27: 13100
A28: Ⅰ-22 | B28: アークヒルズフロントタワー | AN28: 17250 | AO28: 17250 | AP28: 17250
A32: Ⅱ-1 | B32: NHK名古屋放送センタービル | C32: 4300 | D32: 4300 | E32: 4300 | F32: 4300 | G32: 4300 | H32: 4300 | I32: 4300 | J32: 4300 | K32: 4300 | L32: 4300 | M32: 4300 | N32: 4300 | O32: 4300 | P32: 4300 | Q32: 4300 | R32: 5610 | S32: 5610 | T32: 5610 | U32: 5610 | V32: 5610 | W32: 5610 | X32: 5610 | Y32: 5610 | Z32: 5610 | AA32: 5610 | AB32: 5610 | AC32: 5610 | AD32: 5610 | AE32: 5610 | AF32: 5610 | AG32: 5610 | AH32: 5610 | AI32: 5610 | AJ32: 5610 | AK32: 5610 | AL32: 5610 | AM32: 5610 | AN32: 5610 | AO32: 5610 | AP32: 5610
A33: Ⅱ-2 | B33: JEI西本町ビル | D33: 6673 | E33: 6673 | F33: 6673 | G33: 6673 | H33: 6673 | I33: 6673 | J33: 6673 | K33: 6673 | L33: 6673 | M33: 6673 | N33: 6673 | O33: 6673 | P33: 6673 | Q33: 6673 | R33: 6673 | S33: 6673 | T33: 6673 | U33: 6673 | V33: 6673 | W33: 6673 | X33: 6673 | Y33: 6673 | Z33: 6673 | AA33: 6673 | AB33: 6673 | AC33: 6339 | AD33: 1001
A34: Ⅱ-3 | B34: 大阪興銀ビル（底地） | P34: 1770 | Q34: 1770 | R34: 1770 | S34: 1770 | T34: 1770 | U34: 1770 | V34: 1770 | W34: 1770 | X34: 1770 | Y34: 1770 | Z34: 1770 | AA34: 1770 | AB34: 1770 | AC34: 1770 | AD34: 1770 | AE34: 1770 | AF34: 1770 | AG34: 1770 | AH34: 1770 | AI34: 1770 | AJ34: 1770 | AK34: 1770 | AL34: 1770
A35: Ⅱ-4 | B35: グランフロント大阪（うめきた広場・南館） | AD35: 4868 | AE35: 4868 | AF35: 4868 | AG35: 4868 | AH35: 4868 | AI35: 4868 | AJ35: 4868 | AK35: 9518 | AL35: 9518 | AM35: 9518 | AN35: 9518 | AO35: 9518 | AP35: 9518
A36: Ⅱ-5 | B36: グランフロント大阪（北館） | AD36: 3982 | AE36: 3982 | AF36: 3982 | AG36: 3982 | AH36: 3982 | AI36: 3982 | AJ36: 3982 | AK36: 7632 | AL36: 7632 | AM36: 7632 | AN36: 7632 | AO36: 7632 | AP36: 7632
A37: Ⅱ-6 | B37: アクアタウン納屋橋 | AP37: 6000
A41: Ⅲ-1 | B41: 武蔵小杉タワープレイス | C41: 13890 | D41: 13890 | E41: 13890 | F41: 13890 | G41: 13890 | H41: 13890 | I41: 13890 | J41: 13890 | K41: 13890 | L41: 13890 | M41: 13890 | N41: 13890 | O41: 13890 | P41: 13890 | Q41: 13890 | R41: 13890 | S41: 13890 | T41: 13890 | U41: 13890 | V41: 13890 | W41: 13890 | X41: 13890 | Y41: 13890 | Z41: 13890 | AA41: 13890 | AB41: 13890 | AC41: 13890 | AD41: 13890 | AE41: 13890 | AF41: 13890 | AG41: 13890 | AH41: 13890 | AI41: 13890 | AJ41: 13890 | AK41: 13890 | AL41: 13890 | AM41: 13890 | AN41: 13890 | AO41: 13890 | AP41: 13890
A42: Ⅲ-2 | B42: 興和川崎東口ビル | C42: 10976 | D42: 10976 | E42: 10976 | F42: 10976 | G42: 10976 | H42: 10976 | I42: 10976 | J42: 10976 | K42: 10976 | L42: 10976 | M42: 10976 | N42: 10976 | O42: 10976 | P42: 10976 | Q42: 10976 | R42: 10976 | S42: 10976 | T42: 10976 | U42: 10976 | V42: 10976 | W42: 10976 | X42: 10976 | Y42: 10976 | Z42: 10976 | AA42: 10976 | AB42: 10976 | AC42: 10976 | AD42: 10976 | AE42: 10976 | AF42: 10976 | AG42: 10976 | AH42: 10976 | AI42: 10976 | AJ42: 10976 | AK42: 10976 | AL42: 10976
A43: Ⅲ-3 | B43: JEI本郷ビル | C43: 5400 | D43: 5400 | E43: 5400 | F43: 5400 | G43: 5400 | H43: 5400 | I43: 5400 | J43: 5400 | K43: 5400 | L43: 5400 | M43: 5400 | N43: 5400 | O43: 5400 | P43: 5400 | Q43: 5400 | R43: 5400 | S43: 5400 | T43: 5400 | U43: 5400 | V43: 5400 | W43: 5400 | X43: 5400 | Y43: 5400 | Z43: 5400 | AA43: 5400 | AB43: 5400 | AC43: 5400 | AD43: 5400 | AE43: 5400 | AF43: 5400 | AG43: 5400 | AH43: 5400 | AI43: 5400 | AJ43: 5400 | AK43: 5400 | AL43: 5400 | AM43: 3240
A44: Ⅲ-4 | B44: 秀和飯田橋ビル | C44: 4023 | D44: 4023 | E44: 4023 | F44: 4023
A45: Ⅲ-5 | B45: 川崎日進町ビルディング | C45: 3905 | D45: 3905 | E45: 3905 | F45: 3905 | G45: 4205 | H45: 4205 | I45: 4205 | J45: 4205 | K45: 4205 | L45: 4205 | M45: 4205 | N45: 4205 | O45: 4205 | P45: 4725 | Q45: 4725 | R45: 4725 | S45: 4725 | T45: 4725 | U45: 4725 | V45: 4725 | W45: 4725 | X45: 4725 | Y45: 4725 | Z45: 4725 | AA45: 4725 | AB45: 4725 | AC45: 4725 | AD45: 4725 | AE45: 4725 | AF45: 4725 | AG45: 4725 | AH45: 4725 | AI45: 4725 | AJ45: 4725 | AK45: 4725 | AL45: 4725 | AM45: 4725 | AN45: 4725 | AO45: 4725 | AP45: 4725
A46: Ⅲ-6 | B46: 第44興和ビル | C46: 1150 | D46: 1150 | E46: 1150 | F46: 1150 | G46: 1150 | H46: 1150 | I46: 1150 | J46: 1150 | K46: 1150 | L46: 1150 | M46: 1150 | N46: 1150 | O46: 1150 | P46: 1150 | Q46: 1150 | R46: 1150 | S46: 1150 | T46: 1150 | U46: 1150 | V46: 1150 | W46: 1150 | X46: 1150
A47: Ⅲ-7 | B47: JEI両国ビル | C47: 2550 | D47: 2550 | E47: 2550 | F47: 2550 | G47: 2550 | H47: 2550 | I47: 2550 | J47: 2550 | K47: 2550 | L47: 2550 | M47: 2550 | N47: 2550 | O47: 2550 | P47: 2550 | Q47: 2550 | R47: 2550 | S47: 2550 | T47: 2550 | U47: 2550 | V47: 2550 | W47: 2550 | X47: 2550 | Y47: 2550 | Z47: 2550 | AA47: 2550 | AB47: 2550 | AC47: 2550 | AD47: 2550 | AE47: 2550 | AF47: 2550 | AG47: 2550 | AH47: 2550 | AI47: 2550 | AJ47: 2550 | AK47: 2550 | AL47: 2550 | AM47: 2550 | AN47: 2550 | AO47: 2550 | AP47: 2550
A48: Ⅲ-8 | B48: 海老名プライムタワー | D48: 6470 | E48: 6470 | F48: 6470 | G48: 6470 | H48: 6470 | I48: 6470 | J48: 6470 | K48: 6470 | L48: 6470 | M48: 6470 | N48: 6470 | O48: 6470 | P48: 6470 | Q48: 6470 | R48: 6470 | S48: 6470 | T48: 6470 | U48: 6470 | V48: 6470 | W48: 6470 | X48: 6470 | Y48: 6470
A49: Ⅲ-9 | B49: 興和川崎西口ビル | E49: 32000 | F49: 32000 | G49: 32000 | H49: 32000 | I49: 32000 | J49: 32000 | K49: 32000 | L49: 32000 | M49: 32000 | N49: 32000 | O49: 32000 | P49: 32000 | Q49: 32000 | R49: 32000 | S49: 32000 | T49: 32000 | U49: 32000 | V49: 32000 | W49: 32000 | X49: 32000 | Y49: 32000 | Z49: 32000 | AA49: 32000 | AB49: 32000 | AC49: 30400 | AD49: 20800 | AE49: 20800 | AF49: 20800 | AG49: 20800 | AH49: 20800 | AI49: 20800
A50: Ⅲ-10 | B50: パシフィックスクエア千石 | M50: 1620 | N50: 1620 | O50: 1620 | P50: 1620 | Q50: 1620 | R50: 1620 | S50: 1620 | T50: 1620 | U50: 1620 | V50: 1620 | W50: 1620 | X50: 1620 | Y50: 1620 | Z50: 1620 | AA50: 1620 | AB50: 1620 | AC50: 1620 | AD50: 1620 | AE50: 1620 | AF50: 1620 | AG50: 1620 | AH50: 1620 | AI50: 1620 | AJ50: 1620
A51: Ⅲ-11 | B51: コアシティ立川 | P51: 6500 | Q51: 6500 | R51: 6500 | S51: 6500 | T51: 6500 | U51: 6500 | V51: 6500 | W51: 6500 | X51: 6500 | Y51: 6500 | Z51: 6500 | AA51: 6500 | AB51: 6500 | AC51: 6500 | AD51: 6500 | AE51: 6500 | AF51: 6500 | AG51: 6500 | AH51: 6500 | AI51: 6500 | AJ51: 6500 | AK51: 6500 | AL51: 6500 | AM51: 6500 | AN51: 6500 | AO51: 6500 | AP51: 6500
A52: Ⅲ-12 | B52: 日石横浜ビル | T52: 24500 | U52: 24500 | V52: 24500 | W52: 24500 | X52: 24500 | Y52: 24500 | Z52: 24500 | AA52: 24500 | AB52: 24500 | AC52: 24500 | AD52: 24500 | AE52: 24500 | AF52: 24500 | AG52: 24500 | AH52: 24500 | AI52: 24500 | AJ52: 24500 | AK52: 24500 | AL52: 24500 | AM52: 24500 | AN52: 24500 | AO52: 24500 | AP52: 24500
A53: Ⅲ-13 | B53: 横浜弁天通第一生命ビルディング | Z53: 640 | AA53: 640 | AB53: 640 | AC53: 640 | AD53: 640 | AE53: 640 | AF53: 640 | AG53: 640 | AH53: 640 | AI53: 640 | AJ53: 640 | AK53: 640 | AL53: 640 | AM53: 640 | AN53: 640 | AO53: 640 | AP53: 640
A54: Ⅲ-14 | B54: 新横浜アリーナ通りビル | AJ54: 2077 | AK54: 2077 | AL54: 2077 | AM54: 2077 | AN54: 2077 | AO54: 2077 | AP54: 2077
A55: Ⅲ-15 | B55: 浦和SHビル | AO55: 1760 | AP55: 1760
A59: Ⅳ-1 | B59: 仙台興和ビル | D59: 4238 | E59: 4238 | F59: 4238
A60: Ⅳ-2 | B60: JEI京橋ビル | M60: 3308 | N60: 3308 | O60: 3308 | P60: 3308 | Q60: 3308 | R60: 3308 | S60: 3308 | T60: 3308 | U60: 3308 | V60: 3308 | W60: 3308 | X60: 3308 | Y60: 3308 | Z60: 3308 | AA60: 3308 | AB60: 3308 | AC60: 3308 | AD60: 3308 | AE60: 3308 | AF60: 3308 | AG60: 3308 | AH60: 3308 | AI60: 3308 | AJ60: 661 | AK60: 661
A61: Ⅳ-3 | B61: JEI広島八丁堀ビル | N61: 2760 | O61: 2760 | P61: 2760 | Q61: 2760 | R61: 2760 | S61: 2760 | T61: 2760 | U61: 2760 | V61: 2760 | W61: 2760 | X61: 2760 | Y61: 2760 | Z61: 2760 | AA61: 2760 | AB61: 2760 | AC61: 2760 | AD61: 2760 | AE61: 2760 | AF61: 2760 | AG61: 2760 | AH61: 2760 | AI61: 2760 | AJ61: 2760 | AK61: 2760 | AL61: 2760 | AM61: 2760 | AN61: 2760 | AO61: 2760 | AP61: 2760
A62: Ⅳ-4 | B62: SE札幌ビル | P62: 5500 | Q62: 5500 | R62: 5500 | S62: 5500 | T62: 5500 | U62: 5500 | V62: 5500 | W62: 5500 | X62: 5500 | Y62: 5500 | Z62: 5500 | AA62: 5500 | AB62: 5500 | AC62: 5500 | AD62: 5500 | AE62: 5500 | AF62: 5500 | AG62: 5500 | AH62: 5500 | AI62: 5500 | AJ62: 5500 | AK62: 5500 | AL62: 5500 | AM62: 5500 | AN62: 5500 | AO62: 5500 | AP62: 5500
A63: Ⅳ-5 | B63: 青葉通プラザ | R63: 2120 | S63: 2120 | T63: 2120 | U63: 2120 | V63: 2120 | W63: 2120 | X63: 2120 | Y63: 2120 | Z63: 2120 | AA63: 2120 | AB63: 2120 | AC63: 2120 | AD63: 2120 | AE63: 2120 | AF63: 2120 | AG63: 2120 | AH63: 2120 | AI63: 2120 | AJ63: 2120 | AK63: 2120 | AL63: 2120 | AM63: 2120 | AN63: 2120 | AO63: 2120 | AP63: 2120
A64: Ⅳ-6 | B64: 大和南森町ビル | R64: 4410 | S64: 4410 | T64: 4410 | U64: 4410 | V64: 4410 | W64: 4410 | X64: 4410 | Y64: 4410 | Z64: 4410 | AA64: 4410 | AB64: 4410 | AC64: 4410 | AD64: 4410 | AE64: 4410 | AF64: 4410 | AG64: 4410 | AH64: 4410 | AI64: 4410 | AJ64: 4410 | AK64: 4410 | AL64: 4410 | AM64: 4410 | AN64: 4410 | AO64: 4410 | AP64: 4410
A65: Ⅳ-7 | B65: JEI那覇ビル | U65: 1380 | V65: 1380 | W65: 1380 | X65: 1380 | Y65: 1380 | Z65: 1380 | AA65: 1380 | AB65: 1380 | AC65: 1380 | AD65: 1380 | AE65: 1380 | AF65: 1380 | AG65: 1380 | AH65: 1380 | AI65: 1380 | AJ65: 1380 | AK65: 1380 | AL65: 1380 | AM65: 1380 | AN65: 1380 | AO65: 1380 | AP65: 1380
A66: Ⅳ-8 | B66: 広島第一生命OSビルディング | Z66: 2780 | AA66: 2780 | AB66: 2780 | AC66: 2780 | AD66: 2780 | AE66: 2780 | AF66: 2780 | AG66: 2780 | AH66: 2780 | AI66: 2780 | AJ66: 2780 | AK66: 2780 | AL66: 2780 | AM66: 2780 | AN66: 2780 | AO66: 2780 | AP66: 2780
A67: Ⅳ-9 | B67: 仙信ビル | AC67: 1580 | AD67: 1580 | AE67: 1580 | AF67: 1580 | AG67: 1580 | AH67: 1580 | AI67: 1580 | AJ67: 1580 | AK67: 1580 | AL67: 1580 | AM67: 1580 | AN67: 1580
A68: Ⅳ-10 | B68: 札幌大手町ビル | AG68: 4069 | AH68: 4069 | AI68: 4069 | AJ68: 4069 | AK68: 4069 | AL68: 4069 | AM68: 4069 | AN68: 4069 | AO68: 4069 | AP68: 4069
B72: その他
B73: 合計 | C73: 98446 | D73: 139127 | E73: 188984 | F73: 188984 | G73: 189284 | H73: 181023 | I73: 181023 | J73: 181023 | K73: 188118 | L73: 195118 | M73: 215406 | N73: 217057 | O73: 217057 | P73: 245567 | Q73: 245567 | R73: 265407 | S73: 265407 | T73: 289907 | U73: 275577 | V73: 275577 | W73: 286997 | X73: 286997 | Y73: 270047 | Z73: 266997 | AA73: 273587 | AB73: 273587 | AC73: 279433 | AD73: 273345 | AE73: 272344 | AF73: 282544 | AG73: 286613 | AH73: 281908 | AI73: 287848 | AJ73: 265429 | AK73: 281909 | AL73: 294347 | AM73: 279441 | AN73: 293451 | AO73: 290534 | AP73: 297486

Sheet 期末算定価格
A1: 期末算定価格
B3: (単位：百万円）
C4: 1 | D4: 2 | E4: 3 | F4: 4 | G4: 5 | H4: 6 | I4: 7 | J4: 8 | K4: 9 | L4: 10 | M4: 11 | N4: 12 | O4: 13 | P4: 14 | Q4: 15 | R4: 16 | S4: 17 | T4: 18 | U4: 19 | V4: 20 | W4: 21 | X4: 22 | Y4: 23 | Z4: 24 | AA4: 25 | AB4: 26 | AC4: 27 | AD4: 28 | AE4: 29 | AF4: 30 | AG4: 31 | AH4: 32 | AI4: 33 | AJ4: 34 | AK4: 35 | AL4: 36 | AM4: 37 | AN4: 38 | AO4: 39 | AP4: 40
A5: 物件番号 | B5: 物件名 | C5: 38768 | D5: 39083 | E5: 39264 | F5: 39448 | G5: 39630 | H5: 39814 | I5: 39995 | J5: 40179 | K5: 40360 | L5: 40544 | M5: 40725 | N5: 40909 | O5: 41091 | P5: 41275 | Q5: 41456 | R5: 41640 | S5: 41821 | T5: 42005 | U5: 42186 | V5: 42370 | W5: 42552 | X5: 42736 | Y5: 42917 | Z5: 43101 | AA5: 43282 | AB5: 43466 | AC5: 43647 | AD5: 43831 | AE5: 44013 | AF5: 44197 | AG5: 44378 | AH5: 44562 | AI5: 44743 | AJ5: 44927 | AK5: 45108 | AL5: 45292 | AM5: 45474 | AN5: 45658 | AO5: 45839 | AP5: 46023
C6: 39082 | D6: 39263 | E6: 39447 | F6: 39629 | G6: 39813 | H6: 39994 | I6: 40178 | J6: 40359 | K6: 40543 | L6: 40724 | M6: 40908 | N6: 41090 | O6: 41274 | P6: 41455 | Q6: 41639 | R6: 41820 | S6: 42004 | T6: 42185 | U6: 42369 | V6: 42551 | W6: 42735 | X6: 42916 | Y6: 43100 | Z6: 43281 | AA6: 43465 | AB6: 43646 | AC6: 43830 | AD6: 44012 | AE6: 44196 | AF6: 44377 | AG6: 44561 | AH6: 44742 | AI6: 44926 | AJ6: 45107 | AK6: 45291 | AL6: 45473 | AM6: 45657 | AN6: 45838 | AO6: 46022 | AP6: 46203
A7: Ⅰ-1 | B7: 大森ベルポートD館 | C7: 23230 | D7: 23710 | E7: 25630 | F7: 26080 | G7: 26560 | H7: 25560 | I7: 24830 | J7: 24780 | K7: 24790 | L7: 24480 | M7: 24040 | N7: 24110 | O7: 23130 | P7: 23150 | Q7: 23300 | R7: 23300 | S7: 23800 | T7: 24500 | U7: 25000 | V7: 25000 | W7: 25400 | X7: 25700 | Y7: 25700 | Z7: 25900 | AA7: 26500 | AB7: 26700 | AC7: 25900 | AD7: 25900 | AE7: 25900 | AF7: 25900 | AG7: 25900 | AH7: 26200 | AI7: 25700 | AJ7: 25600 | AK7: 25700 | AL7: 25700 | AM7: 25700 | AN7: 25700 | AO7: 25900 | AP7: 25900
A8: Ⅰ-2 | B8: 芝二丁目ビルディング | C8: 11700 | D8: 12200 | E8: 13200 | F8: 13200 | G8: 12200 | H8: 11600 | I8: 11600 | J8: 11500 | K8: 11400 | L8: 10600 | M8: 10800 | N8: 10900 | O8: 10900 | P8: 11000 | Q8: 11200 | R8: 11400 | S8: 11800 | T8: 12000 | U8: 12000 | V8: 11900 | W8: 11600 | X8: 11900 | Y8: 12000 | Z8: 12300 | AA8: 13000 | AB8: 13200 | AC8: 13500 | AD8: 13500 | AE8: 13600 | AF8: 13600 | AG8: 14000 | AH8: 14100 | AI8: 14100 | AJ8: 13800 | AK8: 13700 | AL8: 13700 | AM8: 13700 | AN8: 13700 | AO8: 13800 | AP8: 14500
A9: Ⅰ-3 | B9: JEI浜松町ビル | C9: 8910 | D9: 9390 | E9: 10300 | F9: 10300 | G9: 10200 | H9: 9570 | I9: 8940 | J9: 8900 | K9: 8370 | L9: 8370 | M9: 7930 | N9: 7470 | O9: 7470 | P9: 7470 | Q9: 7210 | R9: 6170 | S9: 6360 | T9: 6520 | U9: 6680 | V9: 7120 | W9: 7210 | X9: 7350 | Y9: 7680 | Z9: 7950 | AA9: 8070 | AB9: 8730 | AC9: 9000 | AD9: 9030 | AE9: 9040 | AF9: 9060 | AG9: 9450 | AH9: 9450 | AI9: 9450 | AJ9: 9450 | AK9: 9450 | AL9: 8780 | AM9: 8780 | AN9: 8760 | AO9: 4818
A10: Ⅰ-4 | B10: 第32興和ビル | C10: 5251 | D10: 5462 | E10: 5676 | F10: 5797 | G10: 5762 | H10: 5592 | I10: 5478 | J10: 5356 | K10: 7445 | L10: 6934 | M10: 7031 | N10: 7080 | O10: 6838 | P10: 6679 | Q10: 6680 | R10: 6690 | S10: 6690 | T10: 6390
A11: Ⅰ-5 | B11: 第36興和ビル | C11: 4189 | D11: 4235 | E11: 4234 | F11: 4450 | G11: 4398 | H11: 4228 | I11: 4242 | J11: 4030 | K11: 3953
A12: Ⅰ-6 | B12: 第28興和ビル | C12: 3050 | D12: 3640 | E12: 4210 | F12: 4210 | G12: 3710 | H12: 3590 | I12: 3560 | J12: 3390 | K12: 2880 | L12: 2750 | M12: 2820
A13: Ⅰ-7 | B13: 赤坂ガーデンシティ | D13: 23500 | E13: 25700 | F13: 25300 | G13: 23200 | H13: 22400 | I13: 21900 | J13: 21300 | K13: 18600 | L13: 18000 | M13: 18200 | N13: 17700 | O13: 17700 | P13: 17700 | Q13: 16600 | R13: 16700 | S13: 16800 | T13: 17200 | U13: 17200 | V13: 17200 | W13: 17600 | X13: 17700
A14: Ⅰ-8 | B14: 赤坂インターシティ | E14: 18300 | F14: 18400 | G14: 15800 | H14: 14400 | I14: 13800 | J14: 13300 | K14: 13100 | L14: 12900 | M14: 12600 | N14: 12500 | O14: 12500 | P14: 24500 | Q14: 25000 | R14: 25100 | S14: 25200 | T14: 24400 | U14: 25100 | V14: 25100 | W14: 25600 | X14: 26700 | Y14: 26700 | Z14: 27500 | AA14: 28400 | AB14: 29400 | AC14: 30000 | AD14: 30100 | AE14: 30200 | AF14: 30200 | AG14: 31400 | AH14: 31000 | AI14: 30800 | AJ14: 30700 | AK14: 30700 | AL14: 30700 | AM14: 30600 | AN14: 30600 | AO14: 30700 | AP14: 31000
A15: Ⅰ-9 | B15: 興和白金台ビル | K15: 4950 | L15: 5090 | M15: 5200 | N15: 5090 | O15: 4960 | P15: 4970 | Q15: 5010 | R15: 5030 | S15: 5040 | T15: 5010 | U15: 5010 | V15: 5010 | W15: 4990 | X15: 5090 | Y15: 5090 | Z15: 5090 | AA15: 5190 | AB15: 5290 | AC15: 5390 | AD15: 5400 | AE15: 5010 | AF15: 5010 | AG15: 5070
A16: Ⅰ-10 | B16: 台場ガーデンシティビル | L16: 11470 | M16: 11660 | N16: 11730 | O16: 11740 | P16: 12080 | Q16: 12000 | R16: 11800 | S16: 12000 | T16: 12100 | U16: 12200 | V16: 12200 | W16: 12300 | X16: 12000 | Y16: 11500 | Z16: 11000 | AA16: 10500 | AB16: 10500 | AC16: 10300 | AD16: 10200 | AE16: 10100 | AF16: 10100 | AG16: 10100 | AH16: 10100 | AI16: 10100 | AJ16: 10100 | AK16: 9660 | AL16: 9240 | AM16: 8700 | AN16: 8520 | AO16: 8380 | AP16: 8300
A17: Ⅰ-11 | B17: 第35興和ビル | M17: 9100 | N17: 9110 | O17: 9050 | P17: 9150 | Q17: 9160 | R17: 9210 | S17: 9320 | T17: 9320
A18: Ⅰ-12 | B18: 浜離宮インターシティ | M18: 7320 | N18: 7550 | O18: 7560 | P18: 7830 | Q18: 7890 | R18: 20800 | S18: 21400 | T18: 22100 | U18: 21900 | V18: 22000 | W18: 22300 | X18: 22400 | Y18: 22400 | Z18: 23600 | AA18: 24300 | AB18: 25200 | AC18: 25900 | AD18: 25900 | AE18: 25900 | AF18: 25900 | AG18: 27200 | AH18: 28000 | AI18: 28500 | AJ18: 28600 | AK18: 28700 | AL18: 28900 | AM18: 29100 | AN18: 29300 | AO18: 29500 | AP18: 29800
A19: Ⅰ-13 | B19: 新富町ビル | N19: 1806 | O19: 1804 | P19: 1820 | Q19: 1820 | R19: 1790 | S19: 1810 | T19: 1870 | U19: 1900 | V19: 1940 | W19: 1960 | X19: 2040 | Y19: 2050 | Z19: 2070 | AA19: 2080 | AB19: 2140 | AC19: 2170 | AD19: 2200 | AE19: 2200 | AF19: 2210 | AG19: 2090 | AH19: 2130 | AI19: 1280
A20: Ⅰ-14 | B20: 興和西新橋ビル | P20: 4050 | Q20: 4150 | R20: 4230 | S20: 4130 | T20: 4190 | U20: 4200 | V20: 4200 | W20: 4000 | X20: 4040 | Y20: 12000 | Z20: 12500 | AA20: 12800 | AB20: 13200 | AC20: 13200 | AD20: 13300 | AE20: 13600 | AF20: 13700 | AG20: 14100 | AH20: 14600 | AI20: 13700 | AJ20: 12600 | AK20: 12500 | AL20: 12500 | AM20: 12500 | AN20: 12700 | AO20: 12700 | AP20: 12900
A21: Ⅰ-15 | B21: マンサード代官山 | W21: 12000 | X21: 12100 | Y21: 12200 | Z21: 12900 | AA21: 13300 | AB21: 13500 | AC21: 13500 | AD21: 13900 | AE21: 13900 | AF21: 13700 | AG21: 14000 | AH21: 14000 | AI21: 13800 | AJ21: 13500 | AK21: 13500 | AL21: 13500 | AM21: 13000 | AN21: 13100 | AO21: 13900 | AP21: 13200
A22: Ⅰ-16 | B22: 赤坂インターシティAIR | AA22: 7410 | AB22: 7680 | AC22: 7770 | AD22: 7770 | AE22: 7780 | AF22: 7780 | AG22: 8080 | AH22: 8160 | AI22: 8170 | AJ22: 8250 | AK22: 8260 | AL22: 8280 | AM22: 7950 | AN22: 7950 | AO22: 7970 | AP22: 14100
A23: Ⅰ-17 | B23: BIZCORE赤坂見附 | AC23: 6610 | AD23: 6610 | AE23: 6630 | AF23: 6630 | AG23: 6800 | AH23: 6800 | AI23: 6680 | AJ23: 6360 | AK23: 6200 | AL23: 5890 | AM23: 5890 | AN23: 5900 | AO23: 5910 | AP23: 5910
A24: Ⅰ-18 | B24: BIZCORE神保町 | AF24: 10300 | AG24: 10300 | AH24: 10300 | AI24: 10300 | AJ24: 9870 | AK24: 9900 | AL24: 9870 | AM24: 9870 | AN24: 9940 | AO24: 10600 | AP24: 10400
A25: Ⅰ-19 | B25: BIZCORE渋谷 | AI25: 6950 | AJ25: 6950 | AK25: 6950 | AL25: 6950 | AM25: 7090 | AN25: 7260 | AO25: 7330 | AP25: 7740
A26: Ⅰ-20 | B26: BIZCORE築地 | AK26: 10200 | AL26: 10200 | AM26: 10200 | AN26: 10200 | AO26: 10400 | AP26: 10700
A27: Ⅰ-21 | B27: 大崎ブライトタワー・大崎ブライトプラザ | AL27: 13500 | AM27: 13400 | AN27: 13400 | AO27: 13400 | AP27: 13300
A28: Ⅰ-22 | B28: アークヒルズフロントタワー | AN28: 17300 | AO28: 17700 | AP28: 17800
A32: Ⅱ-1 | B32: NHK名古屋放送センタービル | C32: 5230 | D32: 5430 | E32: 5570 | F32: 5660 | G32: 5140 | H32: 5210 | I32: 4960 | J32: 4800 | K32: 4640 | L32: 4410 | M32: 4320 | N32: 4250 | O32: 4250 | P32: 4190 | Q32: 4190 | R32: 5530 | S32: 5550 | T32: 5590 | U32: 5650 | V32: 5710 | W32: 5710 | X32: 5710 | Y32: 5720 | Z32: 5850 | AA32: 5980 | AB32: 6090 | AC32: 6160 | AD32: 6170 | AE32: 6170 | AF32: 6170 | AG32: 6220 | AH32: 6230 | AI32: 6250 | AJ32: 6310 | AK32: 6320 | AL32: 6350 | AM32: 6370 | AN32: 5060 | AO32: 5100 | AP32: 5130
A33: Ⅱ-2 | B33: JEI西本町ビル | D33: 6760 | E33: 6760 | F33: 7040 | G33: 5450 | H33: 4930 | I33: 4780 | J33: 4650 | K33: 4540 | L33: 4390 | M33: 4220 | N33: 4420 | O33: 4220 | P33: 4200 | Q33: 4220 | R33: 4290 | S33: 4340 | T33: 4380 | U33: 4420 | V33: 4520 | W33: 4570 | X33: 4690 | Y33: 4700 | Z33: 4960 | AA33: 5730 | AB33: 5850 | AC33: 5470 | AD33: 864
A34: Ⅱ-3 | B34: 大阪興銀ビル（底地） | P34: 1770 | Q34: 1770 | R34: 1850 | S34: 1890 | T34: 1990 | U34: 2030 | V34: 2030 | W34: 2090 | X34: 2140 | Y34: 2200 | Z34: 2260 | AA34: 2330 | AB34: 2400 | AC34: 2470 | AD34: 2470 | AE34: 2470 | AF34: 2470 | AG34: 2570 | AH34: 2650 | AI34: 2750 | AJ34: 2840 | AK34: 2840 | AL34: 2840
A35: Ⅱ-4 | B35: グランフロント大阪（うめきた広場・南館） | AD35: 5070 | AE35: 5000 | AF35: 5050 | AG35: 5050 | AH35: 5050 | AI35: 5050 | AJ35: 5000 | AK35: 9740 | AL35: 9880 | AM35: 10200 | AN35: 10500 | AO35: 10600 | AP35: 11400
A36: Ⅱ-5 | B36: グランフロント大阪（北館） | AD36: 4140 | AE36: 3870 | AF36: 3850 | AG36: 3850 | AH36: 3820 | AI36: 3820 | AJ36: 3770 | AK36: 7550 | AL36: 7700 | AM36: 7740 | AN36: 8170 | AO36: 8410 | AP36: 8500
A37: Ⅱ-6 | B37: アクアタウン納屋橋 | AP37: 6220
A41: Ⅲ-1 | B41: 武蔵小杉タワープレイス | C41: 16700 | D41: 17700 | E41: 18300 | F41: 18400 | G41: 16400 | H41: 15900 | I41: 15900 | J41: 16200 | K41: 16200 | L41: 16300 | M41: 16400 | N41: 16400 | O41: 16400 | P41: 16100 | Q41: 16500 | R41: 16800 | S41: 17000 | T41: 17900 | U41: 18200 | V41: 19400 | W41: 19500 | X41: 20300 | Y41: 20700 | Z41: 21100 | AA41: 21100 | AB41: 21300 | AC41: 21300 | AD41: 21300 | AE41: 21500 | AF41: 21500 | AG41: 21400 | AH41: 21700 | AI41: 22700 | AJ41: 22200 | AK41: 22200 | AL41: 21900 | AM41: 21900 | AN41: 21900 | AO41: 22900 | AP41: 22900
A42: Ⅲ-2 | B42: 興和川崎東口ビル | C42: 11060 | D42: 11130 | E42: 11300 | F42: 11500 | G42: 11200 | H42: 10800 | I42: 10300 | J42: 9940 | K42: 9250 | L42: 8330 | M42: 8380 | N42: 8380 | O42: 8350 | P42: 8350 | Q42: 8350 | R42: 8450 | S42: 8460 | T42: 8780 | U42: 8890 | V42: 9160 | W42: 9260 | X42: 9450 | Y42: 9650 | Z42: 9690 | AA42: 9710 | AB42: 9740 | AC42: 9950 | AD42: 10200 | AE42: 10400 | AF42: 10600 | AG42: 10600 | AH42: 10600 | AI42: 10500 | AJ42: 10400 | AK42: 9710 | AL42: 9230
A43: Ⅲ-3 | B43: JEI本郷ビル | C43: 5470 | D43: 5490 | E43: 5500 | F43: 5540 | G43: 5410 | H43: 5170 | I43: 5160 | J43: 5160 | K43: 4990 | L43: 4990 | M43: 5010 | N43: 4560 | O43: 4560 | P43: 4560 | Q43: 4560 | R43: 4580 | S43: 4580 | T43: 4500 | U43: 4510 | V43: 4580 | W43: 4680 | X43: 4690 | Y43: 4750 | Z43: 4790 | AA43: 4640 | AB43: 4630 | AC43: 4700 | AD43: 4750 | AE43: 4650 | AF43: 4650 | AG43: 4630 | AH43: 4620 | AI43: 4620 | AJ43: 4580 | AK43: 4510 | AL43: 4460 | AM43: 2680
A44: Ⅲ-4 | B44: 秀和飯田橋ビル | C44: 4190 | D44: 4510 | E44: 4940 | F44: 4940
A45: Ⅲ-5 | B45: 川崎日進町ビルディング | C45: 4830 | D45: 5220 | E45: 5790 | F45: 5880 | G45: 5750 | H45: 5510 | I45: 5320 | J45: 5230 | K45: 5230 | L45: 4930 | M45: 4380 | N45: 3570 | O45: 3050 | P45: 3560 | Q45: 3780 | R45: 3870 | S45: 3870 | T45: 3930 | U45: 4000 | V45: 4080 | W45: 4110 | X45: 4150 | Y45: 4230 | Z45: 4570 | AA45: 4580 | AB45: 4580 | AC45: 4710 | AD45: 4730 | AE45: 4660 | AF45: 4680 | AG45: 4720 | AH45: 4720 | AI45: 4740 | AJ45: 4710 | AK45: 4250 | AL45: 4170 | AM45: 3490 | AN45: 3520 | AO45: 3520 | AP45: 3580
A46: Ⅲ-6 | B46: 第44興和ビル | C46: 1350 | D46: 1610 | E46: 1840 | F46: 1840 | G46: 1680 | H46: 1600 | I46: 1480 | J46: 1480 | K46: 1520 | L46: 1520 | M46: 1570 | N46: 1540 | O46: 1530 | P46: 1530 | Q46: 1540 | R46: 1520 | S46: 1480 | T46: 1450 | U46: 1450 | V46: 1740 | W46: 1740 | X46: 1750
A47: Ⅲ-7 | B47: JEI両国ビル | C47: 2572 | D47: 2563 | E47: 2566 | F47: 2560 | G47: 2450 | H47: 2224 | I47: 2198 | J47: 2182 | K47: 2132 | L47: 2140 | M47: 2191 | N47: 2136 | O47: 2096 | P47: 2138 | Q47: 2130 | R47: 2130 | S47: 2160 | T47: 2200 | U47: 2250 | V47: 2150 | W47: 2160 | X47: 2230 | Y47: 2250 | Z47: 2290 | AA47: 2410 | AB47: 2470 | AC47: 2620 | AD47: 2650 | AE47: 2650 | AF47: 2660 | AG47: 2670 | AH47: 2710 | AI47: 2720 | AJ47: 2760 | AK47: 2760 | AL47: 2760 | AM47: 2850 | AN47: 2980 | AO47: 3070 | AP47: 3190
A48: Ⅲ-8 | B48: 海老名プライムタワー | D48: 6550 | E48: 6610 | F48: 6580 | G48: 5820 | H48: 5480 | I48: 5140 | J48: 4360 | K48: 4090 | L48: 3960 | M48: 3590 | N48: 3690 | O48: 3690 | P48: 3690 | Q48: 3690 | R48: 3700 | S48: 3740 | T48: 3770 | U48: 3820 | V48: 3890 | W48: 3910 | X48: 4290 | Y48: 4340
A49: Ⅲ-9 | B49: 興和川崎西口ビル | E49: 32300 | F49: 32600 | G49: 31200 | H49: 29700 | I49: 27500 | J49: 27300 | K49: 25700 | L49: 25400 | M49: 24800 | N49: 24500 | O49: 24500 | P49: 24500 | Q49: 24600 | R49: 24900 | S49: 24900 | T49: 25000 | U49: 24600 | V49: 25000 | W49: 25300 | X49: 25400 | Y49: 25800 | Z49: 25900 | AA49: 26000 | AB49: 26100 | AC49: 23900 | AD49: 16400 | AE49: 16300 | AF49: 16400 | AG49: 16400 | AH49: 16000 | AI49: 16000
A50: Ⅲ-10 | B50: パシフィックスクエア千石 | M50: 1702 | N50: 1638 | O50: 1626 | P50: 1589 | Q50: 1560 | R50: 1510 | S50: 1430 | T50: 1400 | U50: 1360 | V50: 1340 | W50: 1330 | X50: 1310 | Y50: 1300 | Z50: 1300 | AA50: 1290 | AB50: 1380 | AC50: 1580 | AD50: 1580 | AE50: 1580 | AF50: 1490 | AG50: 1490 | AH50: 1510 | AI50: 1550 | AJ50: 1550
A51: Ⅲ-11 | B51: コアシティ立川 | P51: 6870 | Q51: 6980 | R51: 6900 | S51: 7290 | T51: 7490 | U51: 7670 | V51: 7910 | W51: 8020 | X51: 8270 | Y51: 8340 | Z51: 8590 | AA51: 8780 | AB51: 9040 | AC51: 9400 | AD51: 9400 | AE51: 9400 | AF51: 9460 | AG51: 9680 | AH51: 9920 | AI51: 9940 | AJ51: 9940 | AK51: 10200 | AL51: 10200 | AM51: 10200 | AN51: 10200 | AO51: 10200 | AP51: 10200
A52: Ⅲ-12 | B52: 日石横浜ビル | T52: 25200 | U52: 25700 | V52: 25700 | W52: 25800 | X52: 26700 | Y52: 27600 | Z52: 28400 | AA52: 28500 | AB52: 29200 | AC52: 29900 | AD52: 30400 | AE52: 31000 | AF52: 31200 | AG52: 32400 | AH52: 33100 | AI52: 33500 | AJ52: 33500 | AK52: 30000 | AL52: 30000 | AM52: 30700 | AN52: 30700 | AO52: 31600 | AP52: 31800
A53: Ⅲ-13 | B53: 横浜弁天通第一生命ビルディング | Z53: 659 | AA53: 665 | AB53: 668 | AC53: 672 | AD53: 672 | AE53: 672 | AF53: 682 | AG53: 704 | AH53: 719 | AI53: 719 | AJ53: 734 | AK53: 733 | AL53: 738 | AM53: 767 | AN53: 827 | AO53: 844 | AP53: 844
A54: Ⅲ-14 | B54: 新横浜アリーナ通りビル | AJ54: 2170 | AK54: 2170 | AL54: 2170 | AM54: 2170 | AN54: 2180 | AO54: 2200 | AP54: 2200
A55: Ⅲ-15 | B55: 浦和SHビル | AO55: 1800 | AP55: 1800
A59: Ⅳ-1 | B59: 仙台興和ビル | D59: 4309 | E59: 4462 | F59: 4208
A60: Ⅳ-2 | B60: JEI京橋ビル | M60: 3530 | N60: 3510 | O60: 3510 | P60: 3520 | Q60: 3880 | R60: 3950 | S60: 4010 | T60: 4030 | U60: 4080 | V60: 4130 | W60: 4060 | X60: 4150 | Y60: 4230 | Z60: 4250 | AA60: 4260 | AB60: 4380 | AC60: 4380 | AD60: 4400 | AE60: 4410 | AF60: 4420 | AG60: 3990 | AH60: 4010 | AI60: 4010 | AJ60: 785 | AK60: 784
A61: Ⅳ-3 | B61: JEI広島八丁堀ビル | N61: 2770 | O61: 2770 | P61: 2720 | Q61: 2660 | R61: 2680 | S61: 2700 | T61: 2830 | U61: 2930 | V61: 2980 | W61: 3150 | X61: 3280 | Y61: 3410 | Z61: 3460 | AA61: 3560 | AB61: 3720 | AC61: 3780 | AD61: 3850 | AE61: 3930 | AF61: 3940 | AG61: 4070 | AH61: 4100 | AI61: 4230 | AJ61: 4210 | AK61: 4310 | AL61: 4340 | AM61: 4430 | AN61: 4570 | AO61: 4680 | AP61: 4710
A62: Ⅳ-4 | B62: SE札幌ビル | P62: 5996 | Q62: 6010 | R62: 6020 | S62: 6120 | T62: 6200 | U62: 6390 | V62: 6530 | W62: 6630 | X62: 6970 | Y62: 7450 | Z62: 7960 | AA62: 8250 | AB62: 8680 | AC62: 8890 | AD62: 8950 | AE62: 9060 | AF62: 9160 | AG62: 9190 | AH62: 9770 | AI62: 10200 | AJ62: 10400 | AK62: 11200 | AL62: 11900 | AM62: 12400 | AN62: 12400 | AO62: 12700 | AP62: 13200
A63: Ⅳ-5 | B63: 青葉通プラザ | R63: 2750 | S63: 2890 | T63: 3030 | U63: 3140 | V63: 3220 | W63: 3360 | X63: 3570 | Y63: 3690 | Z63: 3880 | AA63: 4100 | AB63: 4430 | AC63: 4460 | AD63: 4460 | AE63: 4460 | AF63: 4460 | AG63: 4560 | AH63: 4660 | AI63: 4770 | AJ63: 4530 | AK63: 4520 | AL63: 4470 | AM63: 4490 | AN63: 4490 | AO63: 4670 | AP63: 4690
A64: Ⅳ-6 | B64: 大和南森町ビル | R64: 4740 | S64: 4800 | T64: 4840 | U64: 4910 | V64: 5010 | W64: 5070 | X64: 5140 | Y64: 5240 | Z64: 5170 | AA64: 5170 | AB64: 5190 | AC64: 5200 | AD64: 5200 | AE64: 5180 | AF64: 5190 | AG64: 5170 | AH64: 5330 | AI64: 5320 | AJ64: 5340 | AK64: 5340 | AL64: 5350 | AM64: 5470 | AN64: 5420 | AO64: 5440 | AP64: 5470
A65: Ⅳ-7 | B65: JEI那覇ビル | U65: 1420 | V65: 1420 | W65: 1470 | X65: 1580 | Y65: 1640 | Z65: 1720 | AA65: 1780 | AB65: 1860 | AC65: 1940 | AD65: 1940 | AE65: 1950 | AF65: 2020 | AG65: 2080 | AH65: 2100 | AI65: 2110 | AJ65: 2050 | AK65: 2090 | AL65: 2140 | AM65: 2160 | AN65: 2260 | AO65: 2290 | AP65: 2460
A66: Ⅳ-8 | B66: 広島第一生命OSビルディング | Z66: 3000 | AA66: 3070 | AB66: 3240 | AC66: 3270 | AD66: 3290 | AE66: 3300 | AF66: 3330 | AG66: 3430 | AH66: 3480 | AI66: 3580 | AJ66: 3550 | AK66: 3650 | AL66: 3680 | AM66: 3760 | AN66: 3850 | AO66: 3930 | AP66: 3950
A67: Ⅳ-9 | B67: 仙信ビル | AC67: 1670 | AD67: 1670 | AE67: 1690 | AF67: 1690 | AG67: 1680 | AH67: 1690 | AI67: 1690 | AJ67: 1670 | AK67: 1650 | AL67: 1580 | AM67: 1580 | AN67: 1570
A68: Ⅳ-10 | B68: 札幌大手町ビル | AG68: 4368 | AH68: 4515 | AI68: 4564 | AJ68: 4564 | AK68: 4564 | AL68: 4571 | AM68: 4571 | AN68: 4634 | AO68: 4641 | AP68: 4767
B72: その他
B73: 合計 | C73: 107732 | D73: 153409 | E73: 213188 | F73: 214485 | G73: 192330 | H73: 183464 | I73: 177088 | J73: 173858 | K73: 173780 | L73: 176964 | M73: 196794 | N73: 196410 | O73: 194204 | P73: 225682 | Q73: 226440 | R73: 248390 | S73: 251560 | T73: 280110 | U73: 268610 | V73: 272170 | W73: 286880 | X73: 292790 | Y73: 284560 | Z73: 290609 | AA73: 303455 | AB73: 310488 | AC73: 319662 | AD73: 318366 | AE73: 318162 | AF73: 329162 | AG73: 339412 | AH73: 337844 | AI73: 344863 | AJ73: 323343 | AK73: 336511 | AL73: 348139 | AM73: 334408 | AN73: 349561 | AO73: 351603 | AP73: 362561

Sheet 期末帳簿価格
A1: 期末帳簿価格
B3: (単位：百万円）
C4: 1 | D4: 2 | E4: 3 | F4: 4 | G4: 5 | H4: 6 | I4: 7 | J4: 8 | K4: 9 | L4: 10 | M4: 11 | N4: 12 | O4: 13 | P4: 14 | Q4: 15 | R4: 16 | S4: 17 | T4: 18 | U4: 19 | V4: 20 | W4: 21 | X4: 22 | Y4: 23 | Z4: 24 | AA4: 25 | AB4: 26 | AC4: 27 | AD4: 28 | AE4: 29 | AF4: 30 | AG4: 31 | AH4: 32 | AI4: 33 | AJ4: 34 | AK4: 35 | AL4: 36 | AM4: 37 | AN4: 38 | AO4: 39 | AP4: 40
A5: 物件番号 | B5: 物件名 | C5: 38768 | D5: 39083 | E5: 39264 | F5: 39448 | G5: 39630 | H5: 39814 | I5: 39995 | J5: 40179 | K5: 40360 | L5: 40544 | M5: 40725 | N5: 40909 | O5: 41091 | P5: 41275 | Q5: 41456 | R5: 41640 | S5: 41821 | T5: 42005 | U5: 42186 | V5: 42370 | W5: 42552 | X5: 42736 | Y5: 42917 | Z5: 43101 | AA5: 43282 | AB5: 43466 | AC5: 43647 | AD5: 43831 | AE5: 44013 | AF5: 44197 | AG5: 44378 | AH5: 44562 | AI5: 44743 | AJ5: 44927 | AK5: 45108 | AL5: 45292 | AM5: 45474 | AN5: 45658 | AO5: 45839 | AP5: 46023
C6: 39082 | D6: 39263 | E6: 39447 | F6: 39629 | G6: 39813 | H6: 39994 | I6: 40178 | J6: 40359 | K6: 40543 | L6: 40724 | M6: 40908 | N6: 41090 | O6: 41274 | P6: 41455 | Q6: 41639 | R6: 41820 | S6: 42004 | T6: 42185 | U6: 42369 | V6: 42551 | W6: 42735 | X6: 42916 | Y6: 43100 | Z6: 43281 | AA6: 43465 | AB6: 43646 | AC6: 43830 | AD6: 44012 | AE6: 44196 | AF6: 44377 | AG6: 44561 | AH6: 44742 | AI6: 44926 | AJ6: 45107 | AK6: 45291 | AL6: 45473 | AM6: 45657 | AN6: 45838 | AO6: 46022 | AP6: 46203
A7: Ⅰ-1 | B7: 大森ベルポートD館 | C7: 22882 | D7: 22827 | E7: 22709 | F7: 22612 | G7: 22509 | H7: 22422 | I7: 22327 | J7: 22266 | K7: 22154 | L7: 22060 | M7: 21949 | N7: 21867 | O7: 21747 | P7: 21671 | Q7: 21571 | R7: 21453 | S7: 21359 | T7: 21272 | U7: 21288 | V7: 21210 | W7: 21154 | X7: 21119 | Y7: 21040 | Z7: 21047 | AA7: 20940 | AB7: 20842 | AC7: 20763 | AD7: 20779 | AE7: 20655 | AF7: 20653 | AG7: 20554 | AH7: 20579 | AI7: 20492 | AJ7: 20371 | AK7: 20340 | AL7: 20278 | AM7: 20183 | AN7: 20138 | AO7: 20047 | AP7: 20044
A8: Ⅰ-2 | B8: 芝二丁目ビルディング | C8: 9499 | D8: 9464 | E8: 9430 | F8: 9405 | G8: 9373 | H8: 9340 | I8: 9314 | J8: 9279 | K8: 9256 | L8: 9223 | M8: 9210 | N8: 9172 | O8: 9164 | P8: 9132 | Q8: 9100 | R8: 9063 | S8: 9030 | T8: 8996 | U8: 8956 | V8: 8918 | W8: 8883 | X8: 9142 | Y8: 9160 | Z8: 9126 | AA8: 9123 | AB8: 9077 | AC8: 9061 | AD8: 9017 | AE8: 8982 | AF8: 8962 | AG8: 8979 | AH8: 8957 | AI8: 9011 | AJ8: 9017 | AK8: 8968 | AL8: 8947 | AM8: 8938 | AN8: 8882 | AO8: 9178 | AP8: 9319
A9: Ⅰ-3 | B9: JEI浜松町ビル | C9: 8372 | D9: 8370 | E9: 8365 | F9: 8351 | G9: 8334 | H9: 8307 | I9: 8279 | J9: 8260 | K9: 8232 | L9: 8205 | M9: 8259 | N9: 8272 | O9: 8286 | P9: 8340 | Q9: 8353 | R9: 8432 | S9: 8411 | T9: 8380 | U9: 8352 | V9: 8320 | W9: 8288 | X9: 8250 | Y9: 8219 | Z9: 8189 | AA9: 8163 | AB9: 8172 | AC9: 8145 | AD9: 8109 | AE9: 8084 | AF9: 8062 | AG9: 8037 | AH9: 8001 | AI9: 7968 | AJ9: 7934 | AK9: 7915 | AL9: 7886 | AM9: 7900 | AN9: 7885 | AO9: 4320
A10: Ⅰ-4 | B10: 第32興和ビル | C10: 5058 | D10: 5046 | E10: 5030 | F10: 5024 | G10: 5016 | H10: 5014 | I10: 5002 | J10: 4987 | K10: 7392 | L10: 7408 | M10: 7404 | N10: 7396 | O10: 7386 | P10: 7391 | Q10: 7384 | R10: 7378 | S10: 7367 | T10: 7363
A11: Ⅰ-5 | B11: 第36興和ビル | C11: 4062 | D11: 4062 | E11: 4049 | F11: 4033 | G11: 4026 | H11: 4033 | I11: 4023 | J11: 4011 | K11: 3999
A12: Ⅰ-6 | B12: 第28興和ビル | C12: 2871 | D12: 2861 | E12: 2863 | F12: 2865 | G12: 2856 | H12: 2848 | I12: 2837 | J12: 2829 | K12: 2824 | L12: 2813 | M12: 2802
A13: Ⅰ-7 | B13: 赤坂ガーデンシティ | D13: 23375 | E13: 23319 | F13: 23263 | G13: 23207 | H13: 23156 | I13: 23100 | J13: 23044 | K13: 22988 | L13: 22932 | M13: 22876 | N13: 22824 | O13: 22768 | P13: 22712 | Q13: 22656 | R13: 22600 | S13: 22544 | T13: 22488 | U13: 22432 | V13: 22376 | W13: 22321 | X13: 22265
A14: Ⅰ-8 | B14: 赤坂インターシティ | E14: 17861 | F14: 17820 | G14: 17779 | H14: 17738 | I14: 17698 | J14: 17656 | K14: 17615 | L14: 17577 | M14: 17535 | N14: 17494 | O14: 17454 | P14: 27654 | Q14: 27624 | R14: 27560 | S14: 27489 | T14: 27422 | U14: 27371 | V14: 27318 | W14: 27253 | X14: 27194 | Y14: 27138 | Z14: 27065 | AA14: 26985 | AB14: 26908 | AC14: 26824 | AD14: 26758 | AE14: 26679 | AF14: 26603 | AG14: 26540 | AH14: 26530 | AI14: 26462 | AJ14: 26426 | AK14: 26363 | AL14: 26379 | AM14: 26501 | AN14: 26453 | AO14: 26403 | AP14: 26323
A15: Ⅰ-9 | B15: 興和白金台ビル | K15: 4860 | L15: 4850 | M15: 4924 | N15: 4904 | O15: 4884 | P15: 4883 | Q15: 4868 | R15: 4853 | S15: 4841 | T15: 4833 | U15: 4820 | V15: 4819 | W15: 4802 | X15: 4787 | Y15: 4766 | Z15: 4748 | AA15: 4726 | AB15: 4705 | AC15: 4684 | AD15: 4665 | AE15: 4654 | AF15: 4638 | AG15: 4734
A16: Ⅰ-10 | B16: 台場ガーデンシティビル | L16: 11045 | M16: 10961 | N16: 10877 | O16: 10794 | P16: 10713 | Q16: 10630 | R16: 10546 | S16: 10465 | T16: 10385 | U16: 10303 | V16: 10222 | W16: 10145 | X16: 10066 | Y16: 9981 | Z16: 9896 | AA16: 9811 | AB16: 9729 | AC16: 9654 | AD16: 9584 | AE16: 9502 | AF16: 9416 | AG16: 9335 | AH16: 9249 | AI16: 9166 | AJ16: 9087 | AK16: 9011 | AL16: 8936 | AM16: 8883 | AN16: 8803 | AO16: 8723 | AP16: 8675
A17: Ⅰ-11 | B17: 第35興和ビル | M17: 8317 | N17: 8300 | O17: 8281 | P17: 8263 | Q17: 8245 | R17: 8230 | S17: 8212 | T17: 8196
A18: Ⅰ-12 | B18: 浜離宮インターシティ | M18: 7096 | N18: 7044 | O18: 6990 | P18: 6936 | Q18: 6882 | R18: 18853 | S18: 18710 | T18: 18574 | U18: 18436 | V18: 18308 | W18: 18166 | X18: 18025 | Y18: 17918 | Z18: 17817 | AA18: 17698 | AB18: 17551 | AC18: 17437 | AD18: 17305 | AE18: 17178 | AF18: 17030 | AG18: 16902 | AH18: 16764 | AI18: 16627 | AJ18: 16498 | AK18: 16360 | AL18: 16252 | AM18: 16161 | AN18: 16152 | AO18: 16108 | AP18: 16028
A19: Ⅰ-13 | B19: 新富町ビル | N19: 1812 | O19: 1799 | P19: 1799 | Q19: 1798 | R19: 1790 | S19: 1778 | T19: 1770 | U19: 1765 | V19: 1774 | W19: 1765 | X19: 1763 | Y19: 1780 | Z19: 1769 | AA19: 1761 | AB19: 1749 | AC19: 1738 | AD19: 1727 | AE19: 1729 | AF19: 1749 | AG19: 1737 | AH19: 1725 | AI19: 1028
A20: Ⅰ-14 | B20: 興和西新橋ビル | P20: 3866 | Q20: 3853 | R20: 3844 | S20: 3847 | T20: 3830 | U20: 3814 | V20: 3800 | W20: 3808 | X20: 3796 | Y20: 11032 | Z20: 11045 | AA20: 11045 | AB20: 11016 | AC20: 10997 | AD20: 10966 | AE20: 10960 | AF20: 10936 | AG20: 10904 | AH20: 10886 | AI20: 10919 | AJ20: 10946 | AK20: 10959 | AL20: 11010 | AM20: 11006 | AN20: 11024 | AO20: 11045 | AP20: 11033
A21: Ⅰ-15 | B21: マンサード代官山 | W21: 11475 | X21: 11437 | Y21: 11405 | Z21: 11365 | AA21: 11336 | AB21: 11304 | AC21: 11275 | AD21: 11245 | AE21: 11208 | AF21: 11170 | AG21: 11151 | AH21: 11116 | AI21: 11091 | AJ21: 11067 | AK21: 11058 | AL21: 11024 | AM21: 11016 | AN21: 10998 | AO21: 10952 | AP21: 10933
A22: Ⅰ-16 | B22: 赤坂インターシティAIR | AA22: 6595 | AB22: 6577 | AC22: 6559 | AD22: 6540 | AE22: 6522 | AF22: 6503 | AG22: 6485 | AH22: 6466 | AI22: 6448 | AJ22: 6429 | AK22: 6411 | AL22: 6399 | AM22: 6383 | AN22: 6373 | AO22: 6357 | AP22: 11870
A23: Ⅰ-17 | B23: BIZCORE赤坂見附 | AC23: 6216 | AD23: 6203 | AE23: 6189 | AF23: 6176 | AG23: 6163 | AH23: 6151 | AI23: 6138 | AJ23: 6124 | AK23: 6111 | AL23: 6103 | AM23: 6090 | AN23: 6078 | AO23: 6065 | AP23: 6051
A24: Ⅰ-18 | B24: BIZCORE神保町 | AF24: 10046 | AG24: 10017 | AH24: 9989 | AI24: 9965 | AJ24: 9940 | AK24: 9913 | AL24: 9885 | AM24: 9862 | AN24: 9835 | AO24: 10449 | AP24: 10440
A25: Ⅰ-19 | B25: BIZCORE渋谷 | AI25: 6652 | AJ25: 6643 | AK25: 6624 | AL25: 6605 | AM25: 6586 | AN25: 6566 | AO25: 6551 | AP25: 6532
A26: Ⅰ-20 | B26: BIZCORE築地 | AK26: 9808 | AL26: 9781 | AM26: 9754 | AN26: 9730 | AO26: 9703 | AP26: 9678
A27: Ⅰ-21 | B27: 大崎ブライトタワー・大崎ブライトプラザ | AL27: 12909 | AM27: 12866 | AN27: 12819 | AO27: 12774 | AP27: 12733
A28: Ⅰ-22 | B28: アークヒルズフロントタワー | AN28: 16982 | AO28: 16942 | AP28: 16932
A32: Ⅱ-1 | B32: NHK名古屋放送センタービル | C32: 4340 | D32: 4310 | E32: 4288 | F32: 4274 | G32: 4249 | H32: 4217 | I32: 4191 | J32: 4222 | K32: 4221 | L32: 4309 | M32: 4377 | N32: 4480 | O32: 4484 | P32: 4514 | Q32: 4510 | R32: 5826 | S32: 5786 | T32: 5838 | U32: 5774 | V32: 5708 | W32: 5645 | X32: 5650 | Y32: 5583 | Z32: 5626 | AA32: 5555 | AB32: 5683 | AC32: 5603 | AD32: 5532 | AE32: 5467 | AF32: 5428 | AG32: 5369 | AH32: 5388 | AI32: 5346 | AJ32: 5336 | AK32: 5325 | AL32: 5467 | AM32: 5450 | AN32: 5541 | AO32: 5453 | AP32: 5770
A33: Ⅱ-2 | B33: JEI西本町ビル | D33: 6928 | E33: 7026 | F33: 7310 | G33: 7700 | H33: 7665 | I33: 7624 | J33: 7592 | K33: 7548 | L33: 7508 | M33: 7461 | N33: 7443 | O33: 7420 | P33: 7408 | Q33: 7391 | R33: 7364 | S33: 7338 | T33: 7312 | U33: 7288 | V33: 7267 | W33: 7242 | X33: 7245 | Y33: 7192 | Z33: 7138 | AA33: 7088 | AB33: 7031 | AC33: 6630 | AD33: 1038
A34: Ⅱ-3 | B34: 大阪興銀ビル（底地） | P34: 1865 | Q34: 1865 | R34: 1865 | S34: 1865 | T34: 1865 | U34: 1865 | V34: 1865 | W34: 1865 | X34: 1865 | Y34: 1865 | Z34: 1865 | AA34: 1865 | AB34: 1865 | AC34: 1865 | AD34: 1865 | AE34: 1865 | AF34: 1865 | AG34: 1865 | AH34: 1865 | AI34: 1865 | AJ34: 1865 | AK34: 1865 | AL34: 1865
A35: Ⅱ-4 | B35: グランフロント大阪（うめきた広場・南館） | AD35: 4895 | AE35: 4888 | AF35: 4882 | AG35: 4874 | AH35: 4897 | AI35: 4895 | AJ35: 4904 | AK35: 9592 | AL35: 9599 | AM35: 9601 | AN35: 9601 | AO35: 9574 | AP35: 9562
A36: Ⅱ-5 | B36: グランフロント大阪（北館） | AD36: 4019 | AE36: 4018 | AF36: 4009 | AG36: 3997 | AH36: 3989 | AI36: 3980 | AJ36: 3977 | AK36: 7623 | AL36: 7633 | AM36: 7613 | AN36: 7615 | AO36: 7594 | AP36: 7588
A37: Ⅱ-6 | B37: アクアタウン納屋橋 | AP37: 5866
A41: Ⅲ-1 | B41: 武蔵小杉タワープレイス | C41: 13914 | D41: 13829 | E41: 13751 | F41: 13675 | G41: 13603 | H41: 13519 | I41: 13447 | J41: 13370 | K41: 13281 | L41: 13191 | M41: 13099 | N41: 13004 | O41: 12915 | P41: 12845 | Q41: 12751 | R41: 12659 | S41: 12580 | T41: 12682 | U41: 12704 | V41: 12729 | W41: 12743 | X41: 12750 | Y41: 12659 | Z41: 12639 | AA41: 12657 | AB41: 12599 | AC41: 12494 | AD41: 12434 | AE41: 12346 | AF41: 12339 | AG41: 12241 | AH41: 12226 | AI41: 12128 | AJ41: 12160 | AK41: 12264 | AL41: 12288 | AM41: 12210 | AN41: 12223 | AO41: 12110 | AP41: 11990
A42: Ⅲ-2 | B42: 興和川崎東口ビル | C42: 10972 | D42: 10893 | E42: 10810 | F42: 10753 | G42: 10692 | H42: 10616 | I42: 10541 | J42: 10500 | K42: 10481 | L42: 10396 | M42: 10309 | N42: 10229 | O42: 10140 | P42: 10066 | Q42: 9983 | R42: 9905 | S42: 9817 | T42: 9757 | U42: 9672 | V42: 9624 | W42: 9565 | X42: 9553 | Y42: 9483 | Z42: 9414 | AA42: 9387 | AB42: 9322 | AC42: 9872 | AD42: 9832 | AE42: 10357 | AF42: 10612 | AG42: 10689 | AH42: 10697 | AI42: 10733 | AJ42: 10667 | AK42: 10856 | AL42: 10925
A43: Ⅲ-3 | B43: JEI本郷ビル | C43: 5390 | D43: 5374 | E43: 5357 | F43: 5338 | G43: 5318 | H43: 5301 | I43: 5281 | J43: 5266 | K43: 5271 | L43: 5265 | M43: 5239 | N43: 5248 | O43: 5220 | P43: 5192 | Q43: 5171 | R43: 5161 | S43: 5135 | T43: 5108 | U43: 5086 | V43: 5151 | W43: 5126 | X43: 5115 | Y43: 5086 | Z43: 5056 | AA43: 5026 | AB43: 5016 | AC43: 4991 | AD43: 4960 | AE43: 4941 | AF43: 4941 | AG43: 4937 | AH43: 4906 | AI43: 4897 | AJ43: 4893 | AK43: 4869 | AL43: 4854 | AM43: 2903
A44: Ⅲ-4 | B44: 秀和飯田橋ビル | C44: 4023 | D44: 4016 | E44: 4048 | F44: 4028
A45: Ⅲ-5 | B45: 川崎日進町ビルディング | C45: 3945 | D45: 3935 | E45: 3906 | F45: 3913 | G45: 4198 | H45: 4167 | I45: 4138 | J45: 4108 | K45: 4148 | L45: 4113 | M45: 4083 | N45: 4063 | O45: 4081 | P45: 4587 | Q45: 4561 | R45: 4523 | S45: 4486 | T45: 4454 | U45: 4441 | V45: 4448 | W45: 4413 | X45: 4377 | Y45: 4355 | Z45: 4320 | AA45: 4282 | AB45: 4246 | AC45: 4203 | AD45: 4168 | AE45: 4153 | AF45: 4127 | AG45: 4161 | AH45: 4138 | AI45: 4187 | AJ45: 4207 | AK45: 4249 | AL45: 4262 | AM45: 4273 | AN45: 4315 | AO45: 4331 | AP45: 4326
A46: Ⅲ-6 | B46: 第44興和ビル | C46: 1036 | D46: 1033 | E46: 1052 | F46: 1040 | G46: 1037 | H46: 1028 | I46: 1025 | J46: 1021 | K46: 1014 | L46: 1007 | M46: 999 | N46: 993 | O46: 985 | P46: 977 | Q46: 972 | R46: 965 | S46: 979 | T46: 1003 | U46: 1000 | V46: 994 | W46: 1012 | X46: 1007
A47: Ⅲ-7 | B47: JEI両国ビル | C47: 2550 | D47: 2537 | E47: 2521 | F47: 2507 | G47: 2490 | H47: 2473 | I47: 2459 | J47: 2444 | K47: 2428 | L47: 2412 | M47: 2395 | N47: 2379 | O47: 2365 | P47: 2355 | Q47: 2338 | R47: 2323 | S47: 2311 | T47: 2310 | U47: 2296 | V47: 2279 | W47: 2271 | X47: 2257 | Y47: 2265 | Z47: 2249 | AA47: 2237 | AB47: 2229 | AC47: 2209 | AD47: 2191 | AE47: 2189 | AF47: 2319 | AG47: 2363 | AH47: 2542 | AI47: 2523 | AJ47: 2489 | AK47: 2466 | AL47: 2435 | AM47: 2403 | AN47: 2391 | AO47: 2382 | AP47: 2414
A48: Ⅲ-8 | B48: 海老名プライムタワー | D48: 6724 | E48: 6666 | F48: 6594 | G48: 6582 | H48: 6515 | I48: 6453 | J48: 6380 | K48: 6321 | L48: 6258 | M48: 6187 | N48: 6116 | O48: 6049 | P48: 6006 | Q48: 5936 | R48: 5930 | S48: 5870 | T48: 5834 | U48: 5794 | V48: 5745 | W48: 5835 | X48: 5792 | Y48: 5735
A49: Ⅲ-9 | B49: 興和川崎西口ビル | E49: 32019 | F49: 31794 | G49: 31755 | H49: 31651 | I49: 31418 | J49: 31191 | K49: 31013 | L49: 30875 | M49: 30637 | N49: 30419 | O49: 30199 | P49: 30012 | Q49: 30135 | R49: 29964 | S49: 29742 | T49: 29541 | U49: 29342 | V49: 29183 | W49: 28989 | X49: 28773 | Y49: 29076 | Z49: 29188 | AA49: 29015 | AB49: 29452 | AC49: 26769 | AD49: 19272 | AE49: 19113 | AF49: 19206 | AG49: 19046 | AH49: 18903 | AI49: 18796
A50: Ⅲ-10 | B50: パシフィックスクエア千石 | M50: 1677 | N50: 1664 | O50: 1658 | P50: 1666 | Q50: 1652 | R50: 1653 | S50: 1647 | T50: 1653 | U50: 1652 | V50: 1657 | W50: 1656 | X50: 1655 | Y50: 1643 | Z50: 1640 | AA50: 1628 | AB50: 1620 | AC50: 1617 | AD50: 1612 | AE50: 1620 | AF50: 1616 | AG50: 1608 | AH50: 1598 | AI50: 1596 | AJ50: 1600
A51: Ⅲ-11 | B51: コアシティ立川 | P51: 6449 | Q51: 6420 | R51: 6387 | S51: 6348 | T51: 6311 | U51: 6295 | V51: 6269 | W51: 6244 | X51: 6220 | Y51: 6201 | Z51: 6177 | AA51: 6184 | AB51: 6148 | AC51: 6129 | AD51: 6090 | AE51: 6063 | AF51: 6026 | AG51: 6008 | AH51: 5970 | AI51: 5937 | AJ51: 5900 | AK51: 5895 | AL51: 5868 | AM51: 5923 | AN51: 5881 | AO51: 5867 | AP51: 5835
A52: Ⅲ-12 | B52: 日石横浜ビル | T52: 24565 | U52: 24348 | V52: 24257 | W52: 24382 | X52: 24141 | Y52: 23933 | Z52: 23703 | AA52: 23524 | AB52: 23268 | AC52: 23106 | AD52: 22909 | AE52: 22686 | AF52: 22426 | AG52: 22296 | AH52: 22090 | AI52: 21859 | AJ52: 21721 | AK52: 21540 | AL52: 21309 | AM52: 21145 | AN52: 20967 | AO52: 21008 | AP52: 20976
A53: Ⅲ-13 | B53: 横浜弁天通第一生命ビルディング | Z53: 660 | AA53: 655 | AB53: 650 | AC53: 663 | AD53: 667 | AE53: 677 | AF53: 675 | AG53: 687 | AH53: 682 | AI53: 679 | AJ53: 732 | AK53: 748 | AL53: 742 | AM53: 737 | AN53: 732 | AO53: 746 | AP53: 738
A54: Ⅲ-14 | B54: 新横浜アリーナ通りビル | AJ54: 2089 | AK54: 2083 | AL54: 2077 | AM54: 2076 | AN54: 2132 | AO54: 2133 | AP54: 2127
A55: Ⅲ-15 | B55: 浦和SHビル | AO55: 1824 | AP55: 1823
A59: Ⅳ-1 | B59: 仙台興和ビル | D59: 4276 | E59: 4244 | F59: 4215
A60: Ⅳ-2 | B60: JEI京橋ビル | M60: 3395 | N60: 3365 | O60: 3314 | P60: 3285 | Q60: 3236 | R60: 3200 | S60: 3160 | T60: 3146 | U60: 3109 | V60: 3072 | W60: 3026 | X60: 2975 | Y60: 2924 | Z60: 2899 | AA60: 2878 | AB60: 2879 | AC60: 2839 | AD60: 2819 | AE60: 2779 | AF60: 2767 | AG60: 2726 | AH60: 2715 | AI60: 2688 | AJ60: 531 | AK60: 525
A61: Ⅳ-3 | B61: JEI広島八丁堀ビル | N61: 2803 | O61: 2781 | P61: 2768 | Q61: 2748 | R61: 2726 | S61: 2705 | T61: 2685 | U61: 2664 | V61: 2648 | W61: 2636 | X61: 2627 | Y61: 2619 | Z61: 2600 | AA61: 2588 | AB61: 2566 | AC61: 2562 | AD61: 2543 | AE61: 2532 | AF61: 2582 | AG61: 2637 | AH61: 2686 | AI61: 2762 | AJ61: 2852 | AK61: 2877 | AL61: 2900 | AM61: 2958 | AN61: 2943 | AO61: 2957 | AP61: 2978
A62: Ⅳ-4 | B62: SE札幌ビル | P62: 5492 | Q62: 5455 | R62: 5439 | S62: 5431 | T62: 5432 | U62: 5379 | V62: 5334 | W62: 5274 | X62: 5358 | Y62: 5286 | Z62: 5213 | AA62: 5147 | AB62: 5104 | AC62: 5132 | AD62: 5097 | AE62: 5099 | AF62: 5066 | AG62: 5110 | AH62: 5097 | AI62: 5072 | AJ62: 5025 | AK62: 4994 | AL62: 4909 | AM62: 4886 | AN62: 4847 | AO62: 4876 | AP62: 4904
A63: Ⅳ-5 | B63: 青葉通プラザ | R63: 2187 | S63: 2208 | T63: 2198 | U63: 2211 | V63: 2200 | W63: 2191 | X63: 2188 | Y63: 2205 | Z63: 2195 | AA63: 2196 | AB63: 2199 | AC63: 2205 | AD63: 2200 | AE63: 2194 | AF63: 2194 | AG63: 2226 | AH63: 2228 | AI63: 2269 | AJ63: 2261 | AK63: 2297 | AL63: 2313 | AM63: 2395 | AN63: 2446 | AO63: 2492 | AP63: 2544
A64: Ⅳ-6 | B64: 大和南森町ビル | R64: 4405 | S64: 4416 | T64: 4385 | U64: 4351 | V64: 4324 | W64: 4304 | X64: 4284 | Y64: 4271 | Z64: 4251 | AA64: 4230 | AB64: 4206 | AC64: 4213 | AD64: 4189 | AE64: 4177 | AF64: 4167 | AG64: 4182 | AH64: 4164 | AI64: 4219 | AJ64: 4228 | AK64: 4227 | AL64: 4211 | AM64: 4194 | AN64: 4241 | AO64: 4221 | AP64: 4237
A65: Ⅳ-7 | B65: JEI那覇ビル | U65: 1429 | V65: 1414 | W65: 1462 | X65: 1448 | Y65: 1438 | Z65: 1419 | AA65: 1513 | AB65: 1500 | AC65: 1481 | AD65: 1459 | AE65: 1479 | AF65: 1462 | AG65: 1533 | AH65: 1516 | AI65: 1587 | AJ65: 1644 | AK65: 1651 | AL65: 1629 | AM65: 1674 | AN65: 1657 | AO65: 1634 | AP65: 1620
A66: Ⅳ-8 | B66: 広島第一生命OSビルディング | Z66: 2844 | AA66: 2834 | AB66: 2799 | AC66: 2866 | AD66: 2847 | AE66: 2831 | AF66: 2820 | AG66: 2807 | AH66: 2788 | AI66: 2770 | AJ66: 2772 | AK66: 2755 | AL66: 2779 | AM66: 2807 | AN66: 2866 | AO66: 2908 | AP66: 2904
A67: Ⅳ-9 | B67: 仙信ビル | AC67: 1628 | AD67: 1633 | AE67: 1632 | AF67: 1625 | AG67: 1619 | AH67: 1613 | AI67: 1608 | AJ67: 1662 | AK67: 1661 | AL67: 1663 | AM67: 1713 | AN67: 1711
A68: Ⅳ-10 | B68: 札幌大手町ビル | AG68: 4074 | AH68: 4065 | AI68: 4088 | AJ68: 4130 | AK68: 4157 | AL68: 4138 | AM68: 4207 | AN68: 4267 | AO68: 4301 | AP68: 4383
B72: その他
B73: 合計 | C73: 98921 | D73: 139868 | E73: 189323 | F73: 188824 | G73: 180733 | H73: 180016 | I73: 179165 | J73: 178434 | K73: 185054 | L73: 191455 | M73: 211203 | N73: 212178 | O73: 211177 | P73: 238861 | Q73: 238103 | R73: 257099 | S73: 255892 | T73: 279602 | U73: 264252 | V73: 263249 | W73: 273958 | X73: 273139 | Y73: 256272 | Z73: 253180 | AA73: 258689 | AB73: 258028 | AC73: 262443 | AD73: 257186 | AE73: 255463 | AF73: 265113 | AG73: 268610 | AH73: 263194 | AI73: 268467 | AJ73: 248146 | AK73: 264379 | AL73: 276277 | AM73: 261310 | AN73: 275111 | AO73: 272046 | AP73: 279193

Sheet 賃貸可能面積
A1: 賃貸可能面積
B3: (単位：㎡）
C4: 1 | D4: 2 | E4: 3 | F4: 4 | G4: 5 | H4: 6 | I4: 7 | J4: 8 | K4: 9 | L4: 10 | M4: 11 | N4: 12 | O4: 13 | P4: 14 | Q4: 15 | R4: 16 | S4: 17 | T4: 18 | U4: 19 | V4: 20 | W4: 21 | X4: 22 | Y4: 23 | Z4: 24 | AA4: 25 | AB4: 26 | AC4: 27 | AD4: 28 | AE4: 29 | AF4: 30 | AG4: 31 | AH4: 32 | AI4: 33 | AJ4: 34 | AK4: 35 | AL4: 36 | AM4: 37 | AN4: 38 | AO4: 39 | AP4: 40
A5: 物件番号 | B5: 物件名 | C5: 38768 | D5: 39083 | E5: 39264 | F5: 39448 | G5: 39630 | H5: 39814 | I5: 39995 | J5: 40179 | K5: 40360 | L5: 40544 | M5: 40725 | N5: 40909 | O5: 41091 | P5: 41275 | Q5: 41456 | R5: 41640 | S5: 41821 | T5: 42005 | U5: 42186 | V5: 42370 | W5: 42552 | X5: 42736 | Y5: 42917 | Z5: 43101 | AA5: 43282 | AB5: 43466 | AC5: 43647 | AD5: 43831 | AE5: 44013 | AF5: 44197 | AG5: 44378 | AH5: 44562 | AI5: 44743 | AJ5: 44927 | AK5: 45108 | AL5: 45292 | AM5: 45474 | AN5: 45658 | AO5: 45839 | AP5: 46023
C6: 39082 | D6: 39263 | E6: 39447 | F6: 39629 | G6: 39813 | H6: 39994 | I6: 40178 | J6: 40359 | K6: 40543 | L6: 40724 | M6: 40908 | N6: 41090 | O6: 41274 | P6: 41455 | Q6: 41639 | R6: 41820 | S6: 42004 | T6: 42185 | U6: 42369 | V6: 42551 | W6: 42735 | X6: 42916 | Y6: 43100 | Z6: 43281 | AA6: 43465 | AB6: 43646 | AC6: 43830 | AD6: 44012 | AE6: 44196 | AF6: 44377 | AG6: 44561 | AH6: 44742 | AI6: 44926 | AJ6: 45107 | AK6: 45291 | AL6: 45473 | AM6: 45657 | AN6: 45838 | AO6: 46022 | AP6: 46203
A7: Ⅰ-1 | B7: 大森ベルポートD館 | C7: 25828.29 | D7: 25828.29 | E7: 25828.29 | F7: 25828.29 | G7: 25828.29 | H7: 25828.29 | I7: 25828.29 | J7: 25828.29 | K7: 25828.29 | L7: 25828.29 | M7: 25828.29 | N7: 25828.29 | O7: 25828.29 | P7: 25591.12 | Q7: 25591.12 | R7: 25801.66 | S7: 25801.66 | T7: 25801.66 | U7: 25801.66 | V7: 25801.66 | W7: 25801.66 | X7: 25801.66 | Y7: 25801.66 | Z7: 25801.66 | AA7: 25801.66 | AB7: 25801.66 | AC7: 25801.66 | AD7: 25801.66 | AE7: 25801.66 | AF7: 25801.66 | AG7: 25801.66 | AH7: 25801.66 | AI7: 25828.29 | AJ7: 25828.29 | AK7: 25828.29 | AL7: 25828.29 | AM7: 25828.29 | AN7: 25828.29 | AO7: 25828.29 | AP7: 25828.29
A8: Ⅰ-2 | B8: 芝二丁目ビルディング | C8: 11749.3 | D8: 11749.3 | E8: 11749.3 | F8: 11749.3 | G8: 11749.3 | H8: 11749.3 | I8: 11749.3 | J8: 11749.3 | K8: 11749.3 | L8: 11749.3 | M8: 11749.3 | N8: 11749.3 | O8: 11749.3 | P8: 11749.3 | Q8: 11749.3 | R8: 11749.3 | S8: 11749.3 | T8: 11749.3 | U8: 11749.3 | V8: 11749.3 | W8: 11749.3 | X8: 11749.3 | Y8: 11749.3 | Z8: 11749.3 | AA8: 11749.3 | AB8: 11749.3 | AC8: 11749.3 | AD8: 11749.3 | AE8: 11749.3 | AF8: 11749.3 | AG8: 11749.3 | AH8: 11749.3 | AI8: 11749.3 | AJ8: 11749.3 | AK8: 11749.3 | AL8: 11749.3 | AM8: 11749.3 | AN8: 11749.3 | AO8: 11749.3 | AP8: 11749.3
A9: Ⅰ-3 | B9: JEI浜松町ビル | C9: 6411.26 | D9: 6411.26 | E9: 6411.26 | F9: 6411.26 | G9: 6411.26 | H9: 6411.26 | I9: 6411.26 | J9: 6411.26 | K9: 6411.26 | L9: 6411.26 | M9: 6411.26 | N9: 6411.26 | O9: 6411.26 | P9: 6411.26 | Q9: 6411.26 | R9: 6411.26 | S9: 6411.26 | T9: 6411.26 | U9: 6411.26 | V9: 6411.26 | W9: 6411.26 | X9: 6411.26 | Y9: 6411.26 | Z9: 6411.26 | AA9: 6411.26 | AB9: 6411.26 | AC9: 6411.26 | AD9: 6411.26 | AE9: 6411.26 | AF9: 6411.26 | AG9: 6411.26 | AH9: 6411.26 | AI9: 6411.26 | AJ9: 6411.26 | AK9: 6411.28 | AL9: 6411.28 | AM9: 6411.29 | AN9: 6411.29 | AO9: 3526.21
A10: Ⅰ-4 | B10: 第32興和ビル | C10: 5363.07 | D10: 5365.72 | E10: 5366.06 | F10: 5365.72 | G10: 5299.67 | H10: 5299.67 | I10: 5299.67 | J10: 5299.67 | K10: 7570.95 | L10: 7570.95 | M10: 7570.95 | N10: 7570.95 | O10: 7570.95 | P10: 7570.95 | Q10: 7570.95 | R10: 7570.95 | S10: 7570.95 | T10: 7570.95
A11: Ⅰ-5 | B11: 第36興和ビル | C11: 5720.34 | D11: 5720.34 | E11: 5720.34 | F11: 5720.34 | G11: 5720.34 | H11: 5720.34 | I11: 5720.34 | J11: 5720.34 | K11: 5720.34
A12: Ⅰ-6 | B12: 第28興和ビル | C12: 4472.71 | D12: 4472.71 | E12: 4472.71 | F12: 4472.71 | G12: 4472.71 | H12: 4472.71 | I12: 4472.71 | J12: 4472.71 | K12: 4472.71 | L12: 4472.71 | M12: 4472.71
A13: Ⅰ-7 | B13: 赤坂ガーデンシティ | D13: 8769.53 | E13: 8769.53 | F13: 8769.53 | G13: 8769.53 | H13: 8769.53 | I13: 8769.53 | J13: 8769.53 | K13: 8769.53 | L13: 8769.53 | M13: 8769.53 | N13: 8769.53 | O13: 8769.53 | P13: 8769.53 | Q13: 8769.53 | R13: 8769.53 | S13: 8769.53 | T13: 8769.53 | U13: 8769.53 | V13: 8769.53 | W13: 8769.53 | X13: 8769.53
A14: Ⅰ-8 | B14: 赤坂インターシティ | E14: 5622.98 | F14: 5622.98 | G14: 5622.98 | H14: 5622.98 | I14: 5622.98 | J14: 5622.98 | K14: 5622.98 | L14: 5622.98 | M14: 5622.98 | N14: 5622.98 | O14: 5622.98 | P14: 11021.04 | Q14: 11021.04 | R14: 11021.03 | S14: 11021.03 | T14: 11021.03 | U14: 11021.03 | V14: 11021.03 | W14: 11021.03 | X14: 11021.03 | Y14: 11021.03 | Z14: 11021.03 | AA14: 11021.03 | AB14: 11021.03 | AC14: 11021.03 | AD14: 11021.03 | AE14: 11021.03 | AF14: 11021.03 | AG14: 11021.03 | AH14: 11021.03 | AI14: 11021.03 | AJ14: 11021.03 | AK14: 11021.03 | AL14: 11021.03 | AM14: 11021.03 | AN14: 11021.03 | AO14: 11021.03 | AP14: 11021.03
A15: Ⅰ-9 | B15: 興和白金台ビル | K15: 5483.36 | L15: 5483.36 | M15: 5483.36 | N15: 5483.36 | O15: 5483.36 | P15: 5483.36 | Q15: 5483.36 | R15: 5483.36 | S15: 5483.36 | T15: 5483.36 | U15: 5483.36 | V15: 5483.36 | W15: 5483.36 | X15: 5483.36 | Y15: 5483.36 | Z15: 5483.36 | AA15: 5483.36 | AB15: 5483.36 | AC15: 5483.36 | AD15: 5483.36 | AE15: 5483.36 | AF15: 5483.36 | AG15: 5483.36
A16: Ⅰ-10 | B16: 台場ガーデンシティビル | L16: 12122.85 | M16: 12122.85 | N16: 12122.85 | O16: 12122.85 | P16: 12122.85 | Q16: 12122.85 | R16: 12122.85 | S16: 12122.85 | T16: 12122.85 | U16: 12122.85 | V16: 12122.85 | W16: 12122.85 | X16: 12122.85 | Y16: 12122.85 | Z16: 12122.85 | AA16: 12122.85 | AB16: 12122.85 | AC16: 12122.85 | AD16: 12122.85 | AE16: 12122.85 | AF16: 12122.85 | AG16: 12122.85 | AH16: 12122.85 | AI16: 12122.85 | AJ16: 12122.85 | AK16: 12122.85 | AL16: 12122.85 | AM16: 12122.85 | AN16: 12122.85 | AO16: 12122.85 | AP16: 12122.85
A17: Ⅰ-11 | B17: 第35興和ビル | M17: 9377.16 | N17: 9377.16 | O17: 9377.16 | P17: 9377.16 | Q17: 9377.16 | R17: 9377.16 | S17: 9377.16 | T17: 9377.16
A18: Ⅰ-12 | B18: 浜離宮インターシティ | M18: 7930.96 | N18: 7930.96 | O18: 7887.24 | P18: 7887.24 | Q18: 7887.24 | R18: 19718.11 | S18: 19718.11 | T18: 19718.11 | U18: 19718.11 | V18: 19718.11 | W18: 19718.11 | X18: 19718.11 | Y18: 19718.11 | Z18: 19718.11 | AA18: 19718.11 | AB18: 19718.11 | AC18: 19718.11 | AD18: 19718.11 | AE18: 19718.11 | AF18: 19718.11 | AG18: 19718.11 | AH18: 19718.11 | AI18: 19718.11 | AJ18: 19718.11 | AK18: 19718.11 | AL18: 19718.11 | AM18: 19718.11 | AN18: 19718.11 | AO18: 19718.11 | AP18: 19718.11
A19: Ⅰ-13 | B19: 新富町ビル | N19: 2378.54 | O19: 2378.54 | P19: 2378.54 | Q19: 2378.54 | R19: 2378.54 | S19: 2378.54 | T19: 2378.54 | U19: 2378.54 | V19: 2378.54 | W19: 2378.54 | X19: 2378.54 | Y19: 2378.54 | Z19: 2378.54 | AA19: 2378.54 | AB19: 2378.54 | AC19: 2378.54 | AD19: 2378.54 | AE19: 2378.54 | AF19: 2378.54 | AG19: 2378.54 | AH19: 2378.54 | AI19: 1427.12
A20: Ⅰ-14 | B20: 興和西新橋ビル | P20: 3051.1 | Q20: 3051.1 | R20: 3051.1 | S20: 3051.1 | T20: 3051.1 | U20: 3051.1 | V20: 3051.1 | W20: 3051.1 | X20: 3051.1 | Y20: 8949.04 | Z20: 8949.04 | AA20: 8949.04 | AB20: 8949.04 | AC20: 8949.04 | AD20: 8949.04 | AE20: 8949.04 | AF20: 8949.04 | AG20: 8949.04 | AH20: 8949.04 | AI20: 8949.04 | AJ20: 8949.04 | AK20: 8949.04 | AL20: 8949.04 | AM20: 8949.04 | AN20: 8949.04 | AO20: 8949.04 | AP20: 8949.04
A21: Ⅰ-15 | B21: マンサード代官山 | W21: 5420.8 | X21: 5420.8 | Y21: 5420.8 | Z21: 5420.8 | AA21: 5420.8 | AB21: 5420.8 | AC21: 5420.8 | AD21: 5420.8 | AE21: 5420.8 | AF21: 5420.8 | AG21: 5420.8 | AH21: 5420.8 | AI21: 5420.8 | AJ21: 5420.8 | AK21: 5420.8 | AL21: 5420.81 | AM21: 5420.81 | AN21: 5420.81 | AO21: 5420.81 | AP21: 5420.81
A22: Ⅰ-16 | B22: 赤坂インターシティAIR | AA22: 2580.24 | AB22: 2580.24 | AC22: 2580.24 | AD22: 2580.24 | AE22: 2580.24 | AF22: 2580.24 | AG22: 2580.24 | AH22: 2580.24 | AI22: 2580.24 | AJ22: 2580.24 | AK22: 2580.24 | AL22: 2580.24 | AM22: 2580.24 | AN22: 2580.24 | AO22: 2580.24 | AP22: 4505.52
A23: Ⅰ-17 | B23: BIZCORE赤坂見附 | AC23: 2387.43 | AD23: 2387.43 | AE23: 2387.43 | AF23: 2387.43 | AG23: 2387.43 | AH23: 2387.43 | AI23: 2387.43 | AJ23: 2387.43 | AK23: 2387.43 | AL23: 2387.43 | AM23: 2387.43 | AN23: 2387.43 | AO23: 2387.43 | AP23: 2387.43
A24: Ⅰ-18 | B24: BIZCORE神保町 | AF24: 5261.75 | AG24: 5261.75 | AH24: 5261.75 | AI24: 5261.75 | AJ24: 5261.75 | AK24: 5261.75 | AL24: 5261.75 | AM24: 5261.75 | AN24: 5261.75 | AO24: 5592.4 | AP24: 5592.4
A25: Ⅰ-19 | B25: BIZCORE渋谷 | AI25: 2788.64 | AJ25: 2788.64 | AK25: 2788.64 | AL25: 2788.64 | AM25: 2788.64 | AN25: 2788.64 | AO25: 2788.64 | AP25: 2788.64
A26: Ⅰ-20 | B26: BIZCORE築地 | AK26: 4829.68 | AL26: 4829.68 | AM26: 4829.68 | AN26: 4829.68 | AO26: 4829.68 | AP26: 4829.68
A27: Ⅰ-21 | B27: 大崎ブライトタワー・大崎ブライトプラザ | AL27: 5930.27 | AM27: 5930.27 | AN27: 5930.27 | AO27: 5930.27 | AP27: 5930.27
A28: Ⅰ-22 | B28: アークヒルズフロントタワー | AN28: 8973.84 | AO28: 8973.84 | AP28: 8973.84
A32: Ⅱ-1 | B32: NHK名古屋放送センタービル | C32: 8974.96 | D32: 8964.87 | E32: 8964.87 | F32: 8964.87 | G32: 8964.87 | H32: 8964.88 | I32: 8964.88 | J32: 8964.88 | K32: 8931.35 | L32: 8931.35 | M32: 8931.35 | N32: 8900.77 | O32: 8900.77 | P32: 8964.88 | Q32: 8964.88 | R32: 11766.4 | S32: 11682.27 | T32: 11766.4 | U32: 11766.4 | V32: 11766.4 | W32: 11766.4 | X32: 11766.4 | Y32: 11766.75 | Z32: 11767.74 | AA32: 11770.65 | AB32: 11770.65 | AC32: 11770.16 | AD32: 11770.33 | AE32: 11770.33 | AF32: 11771.26 | AG32: 11771.49 | AH32: 11771.58 | AI32: 11768.25 | AJ32: 11768.25 | AK32: 11768.25 | AL32: 11768.25 | AM32: 11768.8 | AN32: 11768.8 | AO32: 11773.6 | AP32: 11773.6
A33: Ⅱ-2 | B33: JEI西本町ビル | D33: 10601.7 | E33: 10601.7 | F33: 10601.7 | G33: 10601.7 | H33: 10601.7 | I33: 10601.7 | J33: 10601.7 | K33: 10601.7 | L33: 10601.7 | M33: 10601.7 | N33: 10601.7 | O33: 10601.7 | P33: 10601.7 | Q33: 10601.7 | R33: 10601.7 | S33: 10601.7 | T33: 10601.7 | U33: 10601.7 | V33: 10601.7 | W33: 10601.7 | X33: 10601.7 | Y33: 10601.7 | Z33: 10601.7 | AA33: 10601.7 | AB33: 10601.7 | AC33: 10071.62 | AD33: 1590.26
A34: Ⅱ-3 | B34: 大阪興銀ビル（底地） | P34: 3158.45 | Q34: 3158.45 | R34: 3158.45 | S34: 3158.45 | T34: 3158.45 | U34: 3158.45 | V34: 3158.45 | W34: 3158.45 | X34: 3158.45 | Y34: 3158.45 | Z34: 3158.45 | AA34: 3158.45 | AB34: 3158.45 | AC34: 3158.45 | AD34: 3158.45 | AE34: 3158.45 | AF34: 3158.45 | AG34: 3158.45 | AH34: 3158.45 | AI34: 3158.45 | AJ34: 3158.45 | AK34: 3158.45 | AL34: 3158.45
A35: Ⅱ-4 | B35: グランフロント大阪（うめきた広場・南館） | AD35: 2624 | AE35: 2624 | AF35: 2625.19 | AG35: 2625.19 | AH35: 2625.19 | AI35: 2619.03 | AJ35: 2619.03 | AK35: 5084.45 | AL35: 5084.45 | AM35: 5084.45 | AN35: 5084.45 | AO35: 5084.45 | AP35: 5086.75
A36: Ⅱ-5 | B36: グランフロント大阪（北館） | AD36: 4127.65 | AE36: 4127.65 | AF36: 4127.62 | AG36: 4127.62 | AH36: 4127.1 | AI36: 4127.1 | AJ36: 4127.1 | AK36: 8001.51 | AL36: 8001.51 | AM36: 8001.51 | AN36: 8019.84 | AO36: 8025.61 | AP36: 8026.44
A37: Ⅱ-6 | B37: アクアタウン納屋橋 | AP37: 5230.6
A41: Ⅲ-1 | B41: 武蔵小杉タワープレイス | C41: 25275.07 | D41: 25275.07 | E41: 25275.07 | F41: 25275.07 | G41: 25275.07 | H41: 25275.07 | I41: 25275.07 | J41: 25217.28 | K41: 25217.28 | L41: 25217.28 | M41: 25217.28 | N41: 25217.28 | O41: 25217.28 | P41: 25159.49 | Q41: 25159.49 | R41: 25159.49 | S41: 25159.49 | T41: 25159.49 | U41: 25159.49 | V41: 25159.49 | W41: 25159.49 | X41: 25043.93 | Y41: 25043.93 | Z41: 25043.93 | AA41: 25043.93 | AB41: 25043.93 | AC41: 25043.93 | AD41: 25043.93 | AE41: 25043.93 | AF41: 25043.93 | AG41: 25043.93 | AH41: 24986.15 | AI41: 24986.15 | AJ41: 24986.15 | AK41: 24928.37 | AL41: 24928.37 | AM41: 24928.37 | AN41: 24928.37 | AO41: 24928.37 | AP41: 24928.37
A42: Ⅲ-2 | B42: 興和川崎東口ビル | C42: 18612.72 | D42: 18612.72 | E42: 18612.72 | F42: 18612.72 | G42: 18612.72 | H42: 18612.72 | I42: 18612.72 | J42: 18612.72 | K42: 18612.72 | L42: 18612.72 | M42: 18612.72 | N42: 18612.72 | O42: 18612.72 | P42: 18612.72 | Q42: 18612.72 | R42: 18612.72 | S42: 18612.72 | T42: 18612.72 | U42: 18612.72 | V42: 18612.72 | W42: 18612.72 | X42: 18612.72 | Y42: 18612.72 | Z42: 18612.72 | AA42: 18612.72 | AB42: 18612.72 | AC42: 18612.72 | AD42: 18612.72 | AE42: 18612.72 | AF42: 18612.72 | AG42: 18612.72 | AH42: 18612.72 | AI42: 18612.72 | AJ42: 18612.72 | AK42: 18612.72 | AL42: 18612.72
A43: Ⅲ-3 | B43: JEI本郷ビル | C43: 4078.37 | D43: 4078.37 | E43: 4078.37 | F43: 4078.37 | G43: 4078.37 | H43: 4078.37 | I43: 4078.37 | J43: 4078.37 | K43: 4078.37 | L43: 4078.37 | M43: 4078.37 | N43: 4078.37 | O43: 4078.37 | P43: 4078.37 | Q43: 4078.37 | R43: 4078.37 | S43: 4078.37 | T43: 4078.37 | U43: 4078.37 | V43: 4078.37 | W43: 4078.37 | X43: 4078.37 | Y43: 4078.37 | Z43: 4078.37 | AA43: 4078.37 | AB43: 4078.37 | AC43: 4078.37 | AD43: 4078.37 | AE43: 4078.37 | AF43: 4078.37 | AG43: 4078.37 | AH43: 4078.37 | AI43: 4078.37 | AJ43: 4078.37 | AK43: 4078.37 | AL43: 4078.37 | AM43: 2509.2
A44: Ⅲ-4 | B44: 秀和飯田橋ビル | C44: 3821.76 | D44: 3821.76 | E44: 3821.76 | F44: 3821.76
A45: Ⅲ-5 | B45: 川崎日進町ビルディング | C45: 8516.22 | D45: 8516.22 | E45: 8516.22 | F45: 8516.22 | G45: 8980.7 | H45: 8980.7 | I45: 8980.7 | J45: 8980.7 | K45: 8980.7 | L45: 8980.7 | M45: 8980.7 | N45: 8980.7 | O45: 8980.7 | P45: 10606.35 | Q45: 10606.35 | R45: 10606.35 | S45: 10606.35 | T45: 10606.35 | U45: 10606.35 | V45: 10606.35 | W45: 10606.35 | X45: 10606.35 | Y45: 10606.35 | Z45: 10606.35 | AA45: 10606.35 | AB45: 10606.35 | AC45: 10606.35 | AD45: 10606.35 | AE45: 10606.35 | AF45: 10606.35 | AG45: 10606.35 | AH45: 10606.35 | AI45: 10606.35 | AJ45: 10544.37 | AK45: 10516.72 | AL45: 10466.21 | AM45: 10466.21 | AN45: 10466.21 | AO45: 10466.21 | AP45: 10466.21
A46: Ⅲ-6 | B46: 第44興和ビル | C46: 2567.98 | D46: 2567.98 | E46: 2567.98 | F46: 2567.98 | G46: 2567.98 | H46: 2567.98 | I46: 2567.98 | J46: 2567.98 | K46: 2549.71 | L46: 2549.71 | M46: 2549.71 | N46: 2549.71 | O46: 2549.71 | P46: 2549.71 | Q46: 2549.71 | R46: 2549.71 | S46: 2549.71 | T46: 2549.71 | U46: 2549.71 | V46: 2549.71 | W46: 2549.71 | X46: 2549.71
A47: Ⅲ-7 | B47: JEI両国ビル | C47: 3871.64 | D47: 3871.64 | E47: 3871.64 | F47: 3871.64 | G47: 3871.64 | H47: 3871.64 | I47: 3871.64 | J47: 3871.64 | K47: 3871.64 | L47: 3871.64 | M47: 3871.64 | N47: 3871.64 | O47: 3871.64 | P47: 3871.64 | Q47: 3871.64 | R47: 3871.64 | S47: 3871.64 | T47: 3871.64 | U47: 3871.64 | V47: 3871.64 | W47: 3871.64 | X47: 3871.64 | Y47: 3871.64 | Z47: 3871.64 | AA47: 3871.64 | AB47: 3871.64 | AC47: 3871.64 | AD47: 3871.64 | AE47: 3871.64 | AF47: 3871.64 | AG47: 3871.64 | AH47: 3871.64 | AI47: 3871.64 | AJ47: 3871.64 | AK47: 3871.64 | AL47: 3871.64 | AM47: 3871.64 | AN47: 3871.64 | AO47: 3871.64 | AP47: 3871.64
A48: Ⅲ-8 | B48: 海老名プライムタワー | D48: 25362.37 | E48: 25362.37 | F48: 25362.37 | G48: 25362.37 | H48: 25362.37 | I48: 25362.37 | J48: 25373.27 | K48: 25373.27 | L48: 25341.11 | M48: 25341.11 | N48: 25341.11 | O48: 25318.83 | P48: 25220.3 | Q48: 25220.3 | R48: 25220.3 | S48: 25220.3 | T48: 25187.12 | U48: 25153.94 | V48: 25153.94 | W48: 25153.94 | X48: 25256.43 | Y48: 25256.43
A49: Ⅲ-9 | B49: 興和川崎西口ビル | E49: 38332.15 | F49: 38332.15 | G49: 38332.15 | H49: 38332.15 | I49: 38332.15 | J49: 38332.15 | K49: 38332.15 | L49: 38332.15 | M49: 38332.15 | N49: 38332.15 | O49: 38332.15 | P49: 38375.66 | Q49: 38375.66 | R49: 38375.66 | S49: 38375.66 | T49: 38375.66 | U49: 38375.66 | V49: 38375.66 | W49: 38375.66 | X49: 38375.65 | Y49: 38375.65 | Z49: 38375.65 | AA49: 38375.65 | AB49: 38375.65 | AC49: 36456.87 | AD49: 24944.17 | AE49: 24944.17 | AF49: 24944.17 | AG49: 24944.17 | AH49: 24944.17 | AI49: 24944.17
A50: Ⅲ-10 | B50: パシフィックスクエア千石 | M50: 2873.29 | N50: 2875.95 | O50: 2875.95 | P50: 2875.95 | Q50: 2875.95 | R50: 2875.95 | S50: 2875.95 | T50: 2875.95 | U50: 2875.95 | V50: 2875.95 | W50: 2875.95 | X50: 2875.95 | Y50: 2875.95 | Z50: 2875.95 | AA50: 2875.95 | AB50: 2875.95 | AC50: 2875.95 | AD50: 2875.95 | AE50: 2875.95 | AF50: 2875.95 | AG50: 2875.95 | AH50: 2875.95 | AI50: 2875.95 | AJ50: 2875.95
A51: Ⅲ-11 | B51: コアシティ立川 | P51: 9223.39 | Q51: 9223.39 | R51: 9223.39 | S51: 9239.86 | T51: 9239.87 | U51: 9246.98 | V51: 9246.98 | W51: 9246.98 | X51: 9246.98 | Y51: 9230.09 | Z51: 9230.09 | AA51: 9230.09 | AB51: 9230.09 | AC51: 9230.09 | AD51: 9230.09 | AE51: 9230.09 | AF51: 9230.09 | AG51: 9230.09 | AH51: 9230.09 | AI51: 9230.09 | AJ51: 9230.09 | AK51: 9230.09 | AL51: 9230.09 | AM51: 9229.3 | AN51: 9229.3 | AO51: 9228.13 | AP51: 9228.13
A52: Ⅲ-12 | B52: 日石横浜ビル | T52: 40440.73 | U52: 40440.73 | V52: 40440.73 | W52: 40440.73 | X52: 40440.73 | Y52: 40440.73 | Z52: 40440.73 | AA52: 40440.72 | AB52: 40440.72 | AC52: 40440.72 | AD52: 40440.72 | AE52: 40440.72 | AF52: 40440.72 | AG52: 40440.72 | AH52: 40440.72 | AI52: 40440.72 | AJ52: 40414.25 | AK52: 40414.25 | AL52: 40414.25 | AM52: 40414.25 | AN52: 40414.24 | AO52: 40414.24 | AP52: 40414.24
A53: Ⅲ-13 | B53: 横浜弁天通第一生命ビルディング | Z53: 2119.49 | AA53: 2119.49 | AB53: 2119.49 | AC53: 2119.49 | AD53: 2119.49 | AE53: 2119.49 | AF53: 2119.49 | AG53: 2119.49 | AH53: 2119.49 | AI53: 2119.49 | AJ53: 2119.49 | AK53: 2119.49 | AL53: 2119.49 | AM53: 2119.49 | AN53: 2119.49 | AO53: 2119.49 | AP53: 2119.49
A54: Ⅲ-14 | B54: 新横浜アリーナ通りビル | AJ54: 1978.19 | AK54: 1978.19 | AL54: 1978.19 | AM54: 1978.19 | AN54: 1953.67 | AO54: 1953.66 | AP54: 1953.66
A55: Ⅲ-15 | B55: 浦和SHビル | AO55: 2610.91 | AP55: 2610.91
A59: Ⅳ-1 | B59: 仙台興和ビル | D59: 10061.3 | E59: 10061.3 | F59: 10061.3
A60: Ⅳ-2 | B60: JEI京橋ビル | M60: 7734.95 | N60: 7734.95 | O60: 7734.95 | P60: 7734.95 | Q60: 7734.95 | R60: 7734.95 | S60: 7734.95 | T60: 7734.95 | U60: 7734.95 | V60: 7734.95 | W60: 7734.95 | X60: 7734.95 | Y60: 7734.95 | Z60: 7734.95 | AA60: 7734.95 | AB60: 7734.95 | AC60: 7734.95 | AD60: 7734.95 | AE60: 7734.95 | AF60: 7734.95 | AG60: 7734.95 | AH60: 7734.95 | AI60: 7734.95 | AJ60: 1546.99 | AK60: 1546.99
A61: Ⅳ-3 | B61: JEI広島八丁堀ビル | N61: 6639.38 | O61: 6639.38 | P61: 6639.38 | Q61: 6639.38 | R61: 6639.38 | S61: 6639.38 | T61: 6639.38 | U61: 6639.38 | V61: 6639.38 | W61: 6639.38 | X61: 6639.38 | Y61: 6639.38 | Z61: 6639.38 | AA61: 6639.38 | AB61: 6639.38 | AC61: 6639.38 | AD61: 6639.38 | AE61: 6639.38 | AF61: 6639.38 | AG61: 6639.38 | AH61: 6639.38 | AI61: 6639.38 | AJ61: 6639.38 | AK61: 6639.38 | AL61: 6639.38 | AM61: 6639.38 | AN61: 6639.38 | AO61: 6639.38 | AP61: 6639.38
A62: Ⅳ-4 | B62: SE札幌ビル | P62: 13419.03 | Q62: 13419.03 | R62: 13419 | S62: 13419 | T62: 13419 | U62: 13419 | V62: 13384.95 | W62: 13384.95 | X62: 13384.95 | Y62: 13384.95 | Z62: 13384.95 | AA62: 13384.95 | AB62: 13384.95 | AC62: 13384.95 | AD62: 13384.95 | AE62: 13384.95 | AF62: 13384.95 | AG62: 13384.95 | AH62: 13384.95 | AI62: 13384.95 | AJ62: 13384.95 | AK62: 13384.95 | AL62: 13384.95 | AM62: 13384.95 | AN62: 13384.95 | AO62: 13384.95 | AP62: 13320.32
A63: Ⅳ-5 | B63: 青葉通プラザ | R63: 6302.57 | S63: 6265.21 | T63: 6265.21 | U63: 6265.21 | V63: 6265.21 | W63: 6265.21 | X63: 6265.21 | Y63: 6265.22 | Z63: 6265.22 | AA63: 6265.22 | AB63: 6265.22 | AC63: 6265.22 | AD63: 6265.22 | AE63: 6265.22 | AF63: 6265.22 | AG63: 6265.22 | AH63: 6265.22 | AI63: 6265.22 | AJ63: 6265.22 | AK63: 6265.22 | AL63: 6265.22 | AM63: 6216.72 | AN63: 6215.02 | AO63: 6215.02 | AP63: 6215.02
A64: Ⅳ-6 | B64: 大和南森町ビル | R64: 6633.93 | S64: 6633.93 | T64: 6633.93 | U64: 6633.93 | V64: 6633.93 | W64: 6633.93 | X64: 6633.93 | Y64: 6633.93 | Z64: 6633.93 | AA64: 6633.93 | AB64: 6633.93 | AC64: 6633.93 | AD64: 6633.93 | AE64: 6633.93 | AF64: 6633.93 | AG64: 6633.93 | AH64: 6633.93 | AI64: 6633.93 | AJ64: 6633.93 | AK64: 6633.93 | AL64: 6633.93 | AM64: 6633.93 | AN64: 6633.93 | AO64: 6633.93 | AP64: 6633.93
A65: Ⅳ-7 | B65: JEI那覇ビル | U65: 3220.59 | V65: 3220.59 | W65: 3220.59 | X65: 3220.59 | Y65: 3220.59 | Z65: 3220.59 | AA65: 3220.59 | AB65: 3220.59 | AC65: 3220.59 | AD65: 3220.59 | AE65: 3220.59 | AF65: 3220.59 | AG65: 3220.59 | AH65: 3220.59 | AI65: 3220.59 | AJ65: 3220.59 | AK65: 3220.59 | AL65: 3220.59 | AM65: 3220.59 | AN65: 3220.59 | AO65: 3220.59 | AP65: 3220.59
A66: Ⅳ-8 | B66: 広島第一生命OSビルディング | Z66: 7529.52 | AA66: 7529.52 | AB66: 7529.52 | AC66: 7529.52 | AD66: 7517.73 | AE66: 7517.73 | AF66: 7517.73 | AG66: 7517.73 | AH66: 7517.73 | AI66: 7517.73 | AJ66: 7517.73 | AK66: 7517.73 | AL66: 7517.73 | AM66: 7517.73 | AN66: 7517.73 | AO66: 7517.73 | AP66: 7517.73
A67: Ⅳ-9 | B67: 仙信ビル | AC67: 2171.77 | AD67: 2187.33 | AE67: 2187.33 | AF67: 2187.33 | AG67: 2187.33 | AH67: 2193.55 | AI67: 2193.55 | AJ67: 2191.1 | AK67: 2191.1 | AL67: 2191.1 | AM67: 2206.29 | AN67: 2206.78
A68: Ⅳ-10 | B68: 札幌大手町ビル | AG68: 4693.99 | AH68: 4693.99 | AI68: 4693.99 | AJ68: 4693.99 | AK68: 4693.99 | AL68: 4693.99 | AM68: 4693.99 | AN68: 4693.99 | AO68: 4693.99 | AP68: 4657
B72: その他
B73: 合計 | C73: 135263.69 | D73: 190051.15 | E73: 234006.62 | F73: 234006.28 | G73: 220521.65 | H73: 220521.66 | I73: 220521.66 | J73: 220474.77 | K73: 228177.61 | L73: 234547.96 | M73: 262464.32 | N73: 266981.61 | O73: 266915.61 | P73: 302505.42 | Q73: 302505.42 | R73: 330284.81 | S73: 330179.79 | T73: 370671.48 | U73: 356917.89 | V73: 356883.84 | W73: 362304.64 | X73: 362291.56 | Y73: 356853.73 | Z73: 341247.3 | AA73: 343830.44 | AB73: 343830.44 | AC73: 345940.29 | AD73: 332701.82 | AE73: 331111.56 | AF73: 336375.4 | AG73: 341069.62 | AH73: 335534.27 | AI73: 337388.63 | AJ73: 306716.67 | AK73: 314924.82 | AL73: 319257.6 | AM73: 295883.72 | AN73: 302340.95 | AO73: 300200.04 | AP73: 303731.22

Sheet テナント数
A1: テナント数
B3: (単位：件）
C4: 1 | D4: 2 | E4: 3 | F4: 4 | G4: 5 | H4: 6 | I4: 7 | J4: 8 | K4: 9 | L4: 10 | M4: 11 | N4: 12 | O4: 13 | P4: 14 | Q4: 15 | R4: 16 | S4: 17 | T4: 18 | U4: 19 | V4: 20 | W4: 21 | X4: 22 | Y4: 23 | Z4: 24 | AA4: 25 | AB4: 26 | AC4: 27 | AD4: 28 | AE4: 29 | AF4: 30 | AG4: 31 | AH4: 32 | AI4: 33 | AJ4: 34 | AK4: 35 | AL4: 36 | AM4: 37 | AN4: 38 | AO4: 39 | AP4: 40
A5: 物件番号 | B5: 物件名 | C5: 38768 | D5: 39083 | E5: 39264 | F5: 39448 | G5: 39630 | H5: 39814 | I5: 39995 | J5: 40179 | K5: 40360 | L5: 40544 | M5: 40725 | N5: 40909 | O5: 41091 | P5: 41275 | Q5: 41456 | R5: 41640 | S5: 41821 | T5: 42005 | U5: 42186 | V5: 42370 | W5: 42552 | X5: 42736 | Y5: 42917 | Z5: 43101 | AA5: 43282 | AB5: 43466 | AC5: 43647 | AD5: 43831 | AE5: 44013 | AF5: 44197 | AG5: 44378 | AH5: 44562 | AI5: 44743 | AJ5: 44927 | AK5: 45108 | AL5: 45292 | AM5: 45474 | AN5: 45658 | AO5: 45839 | AP5: 46023
C6: 39082 | D6: 39263 | E6: 39447 | F6: 39629 | G6: 39813 | H6: 39994 | I6: 40178 | J6: 40359 | K6: 40543 | L6: 40724 | M6: 40908 | N6: 41090 | O6: 41274 | P6: 41455 | Q6: 41639 | R6: 41820 | S6: 42004 | T6: 42185 | U6: 42369 | V6: 42551 | W6: 42735 | X6: 42916 | Y6: 43100 | Z6: 43281 | AA6: 43465 | AB6: 43646 | AC6: 43830 | AD6: 44012 | AE6: 44196 | AF6: 44377 | AG6: 44561 | AH6: 44742 | AI6: 44926 | AJ6: 45107 | AK6: 45291 | AL6: 45473 | AM6: 45657 | AN6: 45838 | AO6: 46022 | AP6: 46203
A7: Ⅰ-1 | B7: 大森ベルポートD館 | C7: 1 | D7: 1 | E7: 1 | F7: 1 | G7: 1 | H7: 1 | I7: 1 | J7: 1 | K7: 1 | L7: 1 | M7: 1 | N7: 1 | O7: 1 | P7: 1 | Q7: 1 | R7: 1 | S7: 1 | T7: 1 | U7: 1 | V7: 1 | W7: 1 | X7: 1 | Y7: 1 | Z7: 1 | AA7: 1 | AB7: 1 | AC7: 1 | AD7: 1 | AE7: 1 | AF7: 1 | AG7: 23 | AH7: 22 | AI7: 24 | AJ7: 25 | AK7: 25 | AL7: 24 | AM7: 23 | AN7: 24 | AO7: 24 | AP7: 24
A8: Ⅰ-2 | B8: 芝二丁目ビルディング | C8: 2 | D8: 2 | E8: 2 | F8: 2 | G8: 2 | H8: 2 | I8: 2 | J8: 2 | K8: 2 | L8: 2 | M8: 2 | N8: 2 | O8: 2 | P8: 2 | Q8: 2 | R8: 2 | S8: 2 | T8: 2 | U8: 2 | V8: 2 | W8: 2 | X8: 2 | Y8: 2 | Z8: 2 | AA8: 2 | AB8: 2 | AC8: 2 | AD8: 2 | AE8: 2 | AF8: 2 | AG8: 2 | AH8: 2 | AI8: 2 | AJ8: 2 | AK8: 2 | AL8: 2 | AM8: 2 | AN8: 2 | AO8: 2 | AP8: 2
A9: Ⅰ-3 | B9: JEI浜松町ビル | C9: 1 | D9: 1 | E9: 1 | F9: 1 | G9: 1 | H9: 1 | I9: 1 | J9: 1 | K9: 1 | L9: 1 | M9: 1 | N9: 1 | O9: 1 | P9: 1 | Q9: 1 | R9: 1 | S9: 1 | T9: 1 | U9: 1 | V9: 1 | W9: 1 | X9: 1 | Y9: 1 | Z9: 1 | AA9: 1 | AB9: 1 | AC9: 1 | AD9: 1 | AE9: 1 | AF9: 1 | AG9: 4 | AH9: 4 | AI9: 4 | AJ9: 5 | AK9: 5 | AL9: 6 | AM9: 8 | AN9: 8 | AO9: 8
A10: Ⅰ-4 | B10: 第32興和ビル | C10: 17 | D10: 15 | E10: 15 | F10: 16 | G10: 15 | H10: 14 | I10: 14 | J10: 13 | K10: 1 | L10: 1 | M10: 1 | N10: 1 | O10: 1 | P10: 1 | Q10: 1 | R10: 1 | S10: 1 | T10: 1
A11: Ⅰ-5 | B11: 第36興和ビル | C11: 1 | D11: 1 | E11: 1 | F11: 1 | G11: 1 | H11: 1 | I11: 1 | J11: 1 | K11: 1
A12: Ⅰ-6 | B12: 第28興和ビル | C12: 1 | D12: 1 | E12: 1 | F12: 1 | G12: 1 | H12: 1 | I12: 1 | J12: 1 | K12: 1 | L12: 1 | M12: 1
A13: Ⅰ-7 | B13: 赤坂ガーデンシティ | D13: 1 | E13: 1 | F13: 1 | G13: 1 | H13: 1 | I13: 1 | J13: 1 | K13: 1 | L13: 1 | M13: 1 | N13: 1 | O13: 1 | P13: 1 | Q13: 1 | R13: 1 | S13: 1 | T13: 1 | U13: 1 | V13: 1 | W13: 1 | X13: 1
A14: Ⅰ-8 | B14: 赤坂インターシティ | E14: 12 | F14: 12 | G14: 13 | H14: 13 | I14: 13 | J14: 13 | K14: 13 | L14: 12 | M14: 13 | N14: 13 | O14: 12 | P14: 12 | Q14: 12 | R14: 13 | S14: 12 | T14: 13 | U14: 14 | V14: 14 | W14: 14 | X14: 14 | Y14: 13 | Z14: 14 | AA14: 14 | AB14: 14 | AC14: 14 | AD14: 13 | AE14: 13 | AF14: 13 | AG14: 12 | AH14: 12 | AI14: 14 | AJ14: 17 | AK14: 17 | AL14: 17 | AM14: 17 | AN14: 17 | AO14: 17 | AP14: 16
A15: Ⅰ-9 | B15: 興和白金台ビル | K15: 1 | L15: 1 | M15: 1 | N15: 1 | O15: 1 | P15: 1 | Q15: 1 | R15: 1 | S15: 1 | T15: 1 | U15: 1 | V15: 1 | W15: 1 | X15: 1 | Y15: 1 | Z15: 1 | AA15: 1 | AB15: 1 | AC15: 1 | AD15: 1 | AE15: 1 | AF15: 1 | AG15: 15
A16: Ⅰ-10 | B16: 台場ガーデンシティビル | L16: 1 | M16: 1 | N16: 1 | O16: 1 | P16: 1 | Q16: 1 | R16: 1 | S16: 1 | T16: 1 | U16: 1 | V16: 1 | W16: 1 | X16: 1 | Y16: 1 | Z16: 1 | AA16: 1 | AB16: 1 | AC16: 1 | AD16: 1 | AE16: 1 | AF16: 1 | AG16: 2 | AH16: 2 | AI16: 3 | AJ16: 3 | AK16: 4 | AL16: 5 | AM16: 5 | AN16: 5 | AO16: 4 | AP16: 4
A17: Ⅰ-11 | B17: 第35興和ビル | M17: 1 | N17: 1 | O17: 1 | P17: 1 | Q17: 1 | R17: 1 | S17: 1 | T17: 1
A18: Ⅰ-12 | B18: 浜離宮インターシティ | M18: 4 | N18: 7 | O18: 6 | P18: 6 | Q18: 6 | R18: 1 | S18: 1 | T18: 1 | U18: 1 | V18: 1 | W18: 1 | X18: 1 | Y18: 1 | Z18: 1 | AA18: 1 | AB18: 1 | AC18: 1 | AD18: 1 | AE18: 1 | AF18: 1 | AG18: 7 | AH18: 8 | AI18: 10 | AJ18: 12 | AK18: 12 | AL18: 12 | AM18: 12 | AN18: 12 | AO18: 12 | AP18: 12
A19: Ⅰ-13 | B19: 新富町ビル | N19: 9 | O19: 9 | P19: 9 | Q19: 9 | R19: 11 | S19: 11 | T19: 11 | U19: 10 | V19: 10 | W19: 11 | X19: 11 | Y19: 11 | Z19: 11 | AA19: 11 | AB19: 11 | AC19: 11 | AD19: 11 | AE19: 11 | AF19: 11 | AG19: 11 | AH19: 11 | AI19: 10
A20: Ⅰ-14 | B20: 興和西新橋ビル | P20: 6 | Q20: 6 | R20: 6 | S20: 6 | T20: 6 | U20: 6 | V20: 6 | W20: 6 | X20: 5 | Y20: 5 | Z20: 5 | AA20: 5 | AB20: 5 | AC20: 1 | AD20: 1 | AE20: 1 | AF20: 1 | AG20: 5 | AH20: 5 | AI20: 5 | AJ20: 5 | AK20: 5 | AL20: 5 | AM20: 5 | AN20: 5 | AO20: 5 | AP20: 5
A21: Ⅰ-15 | B21: マンサード代官山 | W21: 7 | X21: 7 | Y21: 8 | Z21: 10 | AA21: 10 | AB21: 10 | AC21: 10 | AD21: 10 | AE21: 9 | AF21: 7 | AG21: 7 | AH21: 7 | AI21: 10 | AJ21: 10 | AK21: 10 | AL21: 10 | AM21: 10 | AN21: 10 | AO21: 10 | AP21: 10
A22: Ⅰ-16 | B22: 赤坂インターシティAIR | AA22: 1 | AB22: 1 | AC22: 1 | AD22: 1 | AE22: 1 | AF22: 1 | AG22: 1 | AH22: 1 | AI22: 1 | AJ22: 1 | AK22: 1 | AL22: 1 | AM22: 1 | AN22: 1 | AO22: 1 | AP22: 1
A23: Ⅰ-17 | B23: BIZCORE赤坂見附 | AC23: 1 | AD23: 1 | AE23: 1 | AF23: 1 | AG23: 8 | AH23: 7 | AI23: 7 | AJ23: 7 | AK23: 8 | AL23: 8 | AM23: 8 | AN23: 8 | AO23: 7 | AP23: 7
A24: Ⅰ-18 | B24: BIZCORE神保町 | AF24: 1 | AG24: 5 | AH24: 5 | AI24: 7 | AJ24: 8 | AK24: 8 | AL24: 8 | AM24: 8 | AN24: 8 | AO24: 8 | AP24: 8
A25: Ⅰ-19 | B25: BIZCORE渋谷 | AI25: 6 | AJ25: 7 | AK25: 7 | AL25: 7 | AM25: 7 | AN25: 7 | AO25: 7 | AP25: 6
A26: Ⅰ-20 | B26: BIZCORE築地 | AK26: 1 | AL26: 1 | AM26: 1 | AN26: 1 | AO26: 1 | AP26: 1
A27: Ⅰ-21 | B27: 大崎ブライトタワー・大崎ブライトプラザ | AL27: 1 | AM27: 1 | AN27: 1 | AO27: 1 | AP27: 1
A28: Ⅰ-22 | B28: アークヒルズフロントタワー | AN28: 8 | AO28: 8 | AP28: 8
A32: Ⅱ-1 | B32: NHK名古屋放送センタービル | C32: 39 | D32: 39 | E32: 41 | F32: 39 | G32: 37 | H32: 38 | I32: 38 | J32: 35 | K32: 33 | L32: 31 | M32: 32 | N32: 30 | O32: 30 | P32: 30 | Q32: 29 | R32: 29 | S32: 30 | T32: 29 | U32: 30 | V32: 31 | W32: 31 | X32: 31 | Y32: 35 | Z32: 36 | AA32: 39 | AB32: 38 | AC32: 37 | AD32: 36 | AE32: 35 | AF32: 33 | AG32: 35 | AH32: 39 | AI32: 41 | AJ32: 41 | AK32: 43 | AL32: 42 | AM32: 44 | AN32: 42 | AO32: 43 | AP32: 43
A33: Ⅱ-2 | B33: JEI西本町ビル | D33: 1 | E33: 1 | F33: 1 | G33: 1 | H33: 1 | I33: 1 | J33: 1 | K33: 1 | L33: 1 | M33: 1 | N33: 1 | O33: 1 | P33: 1 | Q33: 1 | R33: 1 | S33: 1 | T33: 1 | U33: 1 | V33: 1 | W33: 1 | X33: 1 | Y33: 1 | Z33: 1 | AA33: 1 | AB33: 1 | AC33: 1 | AD33: 1
A34: Ⅱ-3 | B34: 大阪興銀ビル（底地） | P34: 1 | Q34: 1 | R34: 1 | S34: 1 | T34: 1 | U34: 1 | V34: 1 | W34: 1 | X34: 1 | Y34: 1 | Z34: 1 | AA34: 1 | AB34: 1 | AC34: 1 | AD34: 1 | AE34: 1 | AF34: 1 | AG34: 1 | AH34: 1 | AI34: 1 | AJ34: 1 | AK34: 1 | AL34: 1
A35: Ⅱ-4 | B35: グランフロント大阪（うめきた広場・南館） | AD35: 2 | AE35: 2 | AF35: 2 | AG35: 2 | AH35: 2 | AI35: 2 | AJ35: 2 | AK35: 2 | AL35: 2 | AM35: 2 | AN35: 2 | AO35: 2 | AP35: 2
A36: Ⅱ-5 | B36: グランフロント大阪（北館） | AD36: 5 | AE36: 5 | AF36: 5 | AG36: 5 | AH36: 5 | AI36: 5 | AJ36: 5 | AK36: 5 | AL36: 5 | AM36: 5 | AN36: 5 | AO36: 5 | AP36: 5
A37: Ⅱ-6 | B37: アクアタウン納屋橋 | AP37: 5
A41: Ⅲ-1 | B41: 武蔵小杉タワープレイス | C41: 31 | D41: 32 | E41: 32 | F41: 32 | G41: 32 | H41: 32 | I41: 32 | J41: 34 | K41: 34 | L41: 36 | M41: 36 | N41: 36 | O41: 36 | P41: 37 | Q41: 37 | R41: 36 | S41: 37 | T41: 36 | U41: 37 | V41: 37 | W41: 37 | X41: 40 | Y41: 40 | Z41: 40 | AA41: 40 | AB41: 40 | AC41: 40 | AD41: 38 | AE41: 39 | AF41: 39 | AG41: 37 | AH41: 45 | AI41: 47 | AJ41: 49 | AK41: 51 | AL41: 51 | AM41: 51 | AN41: 51 | AO41: 51 | AP41: 51
A42: Ⅲ-2 | B42: 興和川崎東口ビル | C42: 1 | D42: 1 | E42: 1 | F42: 1 | G42: 1 | H42: 1 | I42: 1 | J42: 1 | K42: 1 | L42: 1 | M42: 1 | N42: 1 | O42: 1 | P42: 1 | Q42: 1 | R42: 1 | S42: 1 | T42: 1 | U42: 1 | V42: 1 | W42: 1 | X42: 1 | Y42: 1 | Z42: 1 | AA42: 1 | AB42: 1 | AC42: 1 | AD42: 1 | AE42: 1 | AF42: 1 | AG42: 1 | AH42: 1 | AI42: 1 | AJ42: 1 | AK42: 1 | AL42: 1
A43: Ⅲ-3 | B43: JEI本郷ビル | C43: 1 | D43: 1 | E43: 1 | F43: 1 | G43: 1 | H43: 1 | I43: 1 | J43: 1 | K43: 1 | L43: 1 | M43: 1 | N43: 1 | O43: 1 | P43: 1 | Q43: 1 | R43: 1 | S43: 1 | T43: 1 | U43: 1 | V43: 1 | W43: 1 | X43: 1 | Y43: 1 | Z43: 1 | AA43: 1 | AB43: 1 | AC43: 1 | AD43: 1 | AE43: 1 | AF43: 1 | AG43: 4 | AH43: 5 | AI43: 5 | AJ43: 4 | AK43: 4 | AL43: 4 | AM43: 3
A44: Ⅲ-4 | B44: 秀和飯田橋ビル | C44: 1 | D44: 1 | E44: 1 | F44: 1
A45: Ⅲ-5 | B45: 川崎日進町ビルディング | C45: 1 | D45: 1 | E45: 1 | F45: 1 | G45: 1 | H45: 1 | I45: 1 | J45: 1 | K45: 1 | L45: 1 | M45: 1 | N45: 1 | O45: 1 | P45: 1 | Q45: 1 | R45: 1 | S45: 1 | T45: 1 | U45: 1 | V45: 1 | W45: 1 | X45: 1 | Y45: 1 | Z45: 1 | AA45: 1 | AB45: 1 | AC45: 1 | AD45: 1 | AE45: 1 | AF45: 1 | AG45: 14 | AH45: 18 | AI45: 24 | AJ45: 30 | AK45: 35 | AL45: 36 | AM45: 38 | AN45: 40 | AO45: 40 | AP45: 41
A46: Ⅲ-6 | B46: 第44興和ビル | C46: 1 | D46: 1 | E46: 1 | F46: 1 | G46: 1 | H46: 1 | I46: 1 | J46: 1 | K46: 1 | L46: 1 | M46: 1 | N46: 1 | O46: 1 | P46: 1 | Q46: 1 | R46: 1 | S46: 1 | T46: 1 | U46: 1 | V46: 1 | W46: 1 | X46: 1
A47: Ⅲ-7 | B47: JEI両国ビル | C47: 1 | D47: 1 | E47: 1 | F47: 1 | G47: 1 | H47: 1 | I47: 1 | J47: 1 | K47: 1 | L47: 1 | M47: 1 | N47: 1 | O47: 1 | P47: 1 | Q47: 1 | R47: 1 | S47: 1 | T47: 1 | U47: 1 | V47: 1 | W47: 1 | X47: 1 | Y47: 1 | Z47: 1 | AA47: 1 | AB47: 1 | AC47: 1 | AD47: 1 | AE47: 1 | AF47: 1 | AG47: 18 | AH47: 18 | AI47: 18 | AJ47: 18 | AK47: 17 | AL47: 17 | AM47: 17 | AN47: 17 | AO47: 17 | AP47: 17
A48: Ⅲ-8 | B48: 海老名プライムタワー | D48: 19 | E48: 16 | F48: 16 | G48: 16 | H48: 15 | I48: 15 | J48: 15 | K48: 12 | L48: 14 | M48: 15 | N48: 17 | O48: 17 | P48: 24 | Q48: 30 | R48: 33 | S48: 33 | T48: 35 | U48: 36 | V48: 36 | W48: 37 | X48: 39 | Y48: 38
A49: Ⅲ-9 | B49: 興和川崎西口ビル | E49: 1 | F49: 1 | G49: 1 | H49: 1 | I49: 1 | J49: 1 | K49: 1 | L49: 1 | M49: 1 | N49: 1 | O49: 1 | P49: 1 | Q49: 1 | R49: 1 | S49: 1 | T49: 1 | U49: 1 | V49: 1 | W49: 1 | X49: 1 | Y49: 1 | Z49: 1 | AA49: 1 | AB49: 1 | AC49: 1 | AD49: 1 | AE49: 1 | AF49: 1 | AG49: 22 | AH49: 21 | AI49: 21
A50: Ⅲ-10 | B50: パシフィックスクエア千石 | M50: 6 | N50: 6 | O50: 6 | P50: 7 | Q50: 7 | R50: 5 | S50: 7 | T50: 8 | U50: 9 | V50: 9 | W50: 9 | X50: 10 | Y50: 10 | Z50: 1 | AA50: 1 | AB50: 1 | AC50: 1 | AD50: 1 | AE50: 1 | AF50: 1 | AG50: 10 | AH50: 10 | AI50: 10 | AJ50: 10
A51: Ⅲ-11 | B51: コアシティ立川 | P51: 1 | Q51: 1 | R51: 1 | S51: 1 | T51: 1 | U51: 1 | V51: 1 | W51: 1 | X51: 1 | Y51: 1 | Z51: 1 | AA51: 1 | AB51: 1 | AC51: 1 | AD51: 1 | AE51: 1 | AF51: 1 | AG51: 24 | AH51: 24 | AI51: 25 | AJ51: 25 | AK51: 25 | AL51: 25 | AM51: 26 | AN51: 26 | AO51: 25 | AP51: 25
A52: Ⅲ-12 | B52: 日石横浜ビル | T52: 1 | U52: 1 | V52: 1 | W52: 1 | X52: 1 | Y52: 1 | Z52: 1 | AA52: 1 | AB52: 1 | AC52: 1 | AD52: 1 | AE52: 1 | AF52: 1 | AG52: 45 | AH52: 44 | AI52: 45 | AJ52: 45 | AK52: 49 | AL52: 51 | AM52: 51 | AN52: 50 | AO52: 50 | AP52: 49
A53: Ⅲ-13 | B53: 横浜弁天通第一生命ビルディング | Z53: 1 | AA53: 1 | AB53: 1 | AC53: 1 | AD53: 1 | AE53: 1 | AF53: 1 | AG53: 13 | AH53: 13 | AI53: 13 | AJ53: 13 | AK53: 13 | AL53: 13 | AM53: 13 | AN53: 13 | AO53: 13 | AP53: 13
A54: Ⅲ-14 | B54: 新横浜アリーナ通りビル | AJ54: 12 | AK54: 12 | AL54: 11 | AM54: 11 | AN54: 12 | AO54: 13 | AP54: 16
A55: Ⅲ-15 | B55: 浦和SHビル | AO55: 5 | AP55: 5
A59: Ⅳ-1 | B59: 仙台興和ビル | D59: 1 | E59: 1 | F59: 1
A60: Ⅳ-2 | B60: JEI京橋ビル | M60: 1 | N60: 1 | O60: 1 | P60: 1 | Q60: 1 | R60: 1 | S60: 1 | T60: 1 | U60: 1 | V60: 1 | W60: 1 | X60: 1 | Y60: 1 | Z60: 1 | AA60: 1 | AB60: 1 | AC60: 1 | AD60: 1 | AE60: 1 | AF60: 1 | AG60: 21 | AH60: 22 | AI60: 22 | AJ60: 22 | AK60: 22
A61: Ⅳ-3 | B61: JEI広島八丁堀ビル | N61: 1 | O61: 1 | P61: 1 | Q61: 1 | R61: 1 | S61: 1 | T61: 1 | U61: 1 | V61: 1 | W61: 1 | X61: 1 | Y61: 1 | Z61: 1 | AA61: 1 | AB61: 1 | AC61: 1 | AD61: 1 | AE61: 1 | AF61: 1 | AG61: 43 | AH61: 41 | AI61: 44 | AJ61: 43 | AK61: 45 | AL61: 45 | AM61: 45 | AN61: 46 | AO61: 45 | AP61: 47
A62: Ⅳ-4 | B62: SE札幌ビル | P62: 1 | Q62: 1 | R62: 1 | S62: 1 | T62: 1 | U62: 1 | V62: 1 | W62: 1 | X62: 1 | Y62: 1 | Z62: 1 | AA62: 1 | AB62: 1 | AC62: 1 | AD62: 1 | AE62: 1 | AF62: 1 | AG62: 43 | AH62: 43 | AI62: 43 | AJ62: 43 | AK62: 43 | AL62: 43 | AM62: 42 | AN62: 42 | AO62: 43 | AP62: 42
A63: Ⅳ-5 | B63: 青葉通プラザ | R63: 42 | S63: 47 | T63: 48 | U63: 50 | V63: 53 | W63: 53 | X63: 53 | Y63: 53 | Z63: 53 | AA63: 51 | AB63: 52 | AC63: 51 | AD63: 50 | AE63: 50 | AF63: 49 | AG63: 48 | AH63: 49 | AI63: 47 | AJ63: 47 | AK63: 47 | AL63: 47 | AM63: 48 | AN63: 49 | AO63: 48 | AP63: 47
A64: Ⅳ-6 | B64: 大和南森町ビル | R64: 9 | S64: 9 | T64: 10 | U64: 10 | V64: 10 | W64: 10 | X64: 10 | Y64: 10 | Z64: 10 | AA64: 10 | AB64: 10 | AC64: 10 | AD64: 1 | AE64: 1 | AF64: 1 | AG64: 10 | AH64: 10 | AI64: 10 | AJ64: 10 | AK64: 10 | AL64: 10 | AM64: 10 | AN64: 10 | AO64: 10 | AP64: 10
A65: Ⅳ-7 | B65: JEI那覇ビル | U65: 1 | V65: 1 | W65: 1 | X65: 1 | Y65: 1 | Z65: 1 | AA65: 1 | AB65: 1 | AC65: 1 | AD65: 1 | AE65: 1 | AF65: 1 | AG65: 18 | AH65: 18 | AI65: 18 | AJ65: 18 | AK65: 18 | AL65: 18 | AM65: 18 | AN65: 19 | AO65: 19 | AP65: 19
A66: Ⅳ-8 | B66: 広島第一生命OSビルディング | Z66: 1 | AA66: 1 | AB66: 1 | AC66: 1 | AD66: 1 | AE66: 1 | AF66: 1 | AG66: 28 | AH66: 27 | AI66: 29 | AJ66: 29 | AK66: 29 | AL66: 30 | AM66: 30 | AN66: 29 | AO66: 29 | AP66: 29
A67: Ⅳ-9 | B67: 仙信ビル | AC67: 1 | AD67: 1 | AE67: 1 | AF67: 1 | AG67: 16 | AH67: 16 | AI67: 16 | AJ67: 15 | AK67: 17 | AL67: 17 | AM67: 17 | AN67: 16
A68: Ⅳ-10 | B68: 札幌大手町ビル | AG68: 27 | AH68: 27 | AI68: 27 | AJ68: 26 | AK68: 28 | AL68: 27 | AM68: 27 | AN68: 24 | AO68: 25 | AP68: 27
B72: その他
B73: 合計 | C73: 99 | D73: 120 | E73: 132 | F73: 131 | G73: 127 | H73: 126 | I73: 126 | J73: 124 | K73: 108 | L73: 109 | M73: 124 | N73: 136 | O73: 134 | P73: 152 | Q73: 157 | R73: 206 | S73: 214 | T73: 219 | U73: 224 | V73: 228 | W73: 237 | X73: 242 | Y73: 243 | Z73: 202 | AA73: 204 | AB73: 204 | AC73: 200 | AD73: 193 | AE73: 191 | AF73: 187 | AG73: 587 | AH73: 585 | AI73: 617 | AJ73: 611 | AK73: 622 | AL73: 603 | AM73: 606 | AN73: 610 | AO73: 598 | AP73: 598
A75: ・ 「テナント総数」は、各月末現在におけるテナント数を記載しています。2021年11月末までのテナント総数については、マスターリース契約が締結されている場合は、 1テナントとして記載しています。1テナントが複数の貸室を賃借している場合には、同一物件については1テナントとして、複数の物件にわたる場合には複数テナントとして算出しています。
A76: 2021年12月末からのテナント総数については、原則として、エンドテナント数を記載しています。１テナントが複数の貸室を賃借している場合には、同一物件については１テナントとして、複数の物件にわたる場合には物件毎に１テナントとして算出しています。ただし、住宅部分及び本投資法人の保有持分割合が相対的に低い物件は、マスターリース会社をテナントと捉えて、当該物件のマスターリース会社の数をカウントしています。

Sheet 期末稼働率
A1: 期末稼働率
B3: (単位：％）
C4: 1 | D4: 2 | E4: 3 | F4: 4 | G4: 5 | H4: 6 | I4: 7 | J4: 8 | K4: 9 | L4: 10 | M4: 11 | N4: 12 | O4: 13 | P4: 14 | Q4: 15 | R4: 16 | S4: 17 | T4: 18 | U4: 19 | V4: 20 | W4: 21 | X4: 22 | Y4: 23 | Z4: 24 | AA4: 25 | AB4: 26 | AC4: 27 | AD4: 28 | AE4: 29 | AF4: 30 | AG4: 31 | AH4: 32 | AI4: 33 | AJ4: 34 | AK4: 35 | AL4: 36 | AM4: 37 | AN4: 38 | AO4: 39 | AP4: 40
A5: 物件番号 | B5: 物件名 | C5: 38768 | D5: 39083 | E5: 39264 | F5: 39448 | G5: 39630 | H5: 39814 | I5: 39995 | J5: 40179 | K5: 40360 | L5: 40544 | M5: 40725 | N5: 40909 | O5: 41091 | P5: 41275 | Q5: 41456 | R5: 41640 | S5: 41821 | T5: 42005 | U5: 42186 | V5: 42370 | W5: 42552 | X5: 42736 | Y5: 42917 | Z5: 43101 | AA5: 43282 | AB5: 43466 | AC5: 43647 | AD5: 43831 | AE5: 44013 | AF5: 44197 | AG5: 44378 | AH5: 44562 | AI5: 44743 | AJ5: 44927 | AK5: 45108 | AL5: 45292 | AM5: 45474 | AN5: 45658 | AO5: 45839 | AP5: 46023
C6: 39082 | D6: 39263 | E6: 39447 | F6: 39629 | G6: 39813 | H6: 39994 | I6: 40178 | J6: 40359 | K6: 40543 | L6: 40724 | M6: 40908 | N6: 41090 | O6: 41274 | P6: 41455 | Q6: 41639 | R6: 41820 | S6: 42004 | T6: 42185 | U6: 42369 | V6: 42551 | W6: 42735 | X6: 42916 | Y6: 43100 | Z6: 43281 | AA6: 43465 | AB6: 43646 | AC6: 43830 | AD6: 44012 | AE6: 44196 | AF6: 44377 | AG6: 44561 | AH6: 44742 | AI6: 44926 | AJ6: 45107 | AK6: 45291 | AL6: 45473 | AM6: 45657 | AN6: 45838 | AO6: 46022 | AP6: 46203
A7: Ⅰ-1 | B7: 大森ベルポートD館 | C7: 97.3 | D7: 99.7 | E7: 100 | F7: 100 | G7: 100 | H7: 100 | I7: 97.2 | J7: 100 | K7: 94.9 | L7: 99.7 | M7: 100 | N7: 95.8 | O7: 96.2 | P7: 100 | Q7: 100 | R7: 100 | S7: 100 | T7: 100 | U7: 100 | V7: 99.6 | W7: 100 | X7: 100 | Y7: 100 | Z7: 100 | AA7: 100 | AB7: 100 | AC7: 100 | AD7: 100 | AE7: 100 | AF7: 100 | AG7: 100 | AH7: 93.8 | AI7: 93.8 | AJ7: 100 | AK7: 100 | AL7: 99.5 | AM7: 99.5 | AN7: 100 | AO7: 100 | AP7: 100
A8: Ⅰ-2 | B8: 芝二丁目ビルディング | C8: 98.4 | D8: 98.4 | E8: 99.2 | F8: 97.6 | G8: 96 | H8: 98.4 | I8: 96.8 | J8: 96 | K8: 99.2 | L8: 100 | M8: 97.6 | N8: 100 | O8: 100 | P8: 98.4 | Q8: 98.4 | R8: 100 | S8: 99.2 | T8: 100 | U8: 99.2 | V8: 99.2 | W8: 100 | X8: 100 | Y8: 99.2 | Z8: 98.4 | AA8: 100 | AB8: 100 | AC8: 99.2 | AD8: 99.2 | AE8: 100 | AF8: 99.2 | AG8: 100 | AH8: 99.2 | AI8: 100 | AJ8: 100 | AK8: 100 | AL8: 99.2 | AM8: 100 | AN8: 100 | AO8: 100 | AP8: 100
A9: Ⅰ-3 | B9: JEI浜松町ビル | C9: 89.7 | D9: 100 | E9: 100 | F9: 100 | G9: 100 | H9: 100 | I9: 100 | J9: 100 | K9: 100 | L9: 100 | M9: 100 | N9: 100 | O9: 100 | P9: 100 | Q9: 100 | R9: 87.1 | S9: 100 | T9: 100 | U9: 100 | V9: 100 | W9: 100 | X9: 100 | Y9: 100 | Z9: 100 | AA9: 100 | AB9: 100 | AC9: 100 | AD9: 100 | AE9: 100 | AF9: 100 | AG9: 100 | AH9: 100 | AI9: 100 | AJ9: 61.2 | AK9: 61.2 | AL9: 74.2 | AM9: 100 | AN9: 100 | AO9: 100
A10: Ⅰ-4 | B10: 第32興和ビル | C10: 100 | D10: 100 | E10: 94.3 | F10: 100 | G10: 94.1 | H10: 91.4 | I10: 83 | J10: 81.2 | K10: 84.1 | L10: 96.4 | M10: 97.4 | N10: 98.2 | O10: 92.4 | P10: 100 | Q10: 100 | R10: 100 | S10: 100 | T10: 100
A11: Ⅰ-5 | B11: 第36興和ビル | C11: 100 | D11: 100 | E11: 100 | F11: 100 | G11: 100 | H11: 100 | I11: 100 | J11: 100 | K11: 100
A12: Ⅰ-6 | B12: 第28興和ビル | C12: 100 | D12: 100 | E12: 100 | F12: 89.6 | G12: 100 | H12: 100 | I12: 89.6 | J12: 89.6 | K12: 89.6 | L12: 95.3 | M12: 100
A13: Ⅰ-7 | B13: 赤坂ガーデンシティ | D13: 100 | E13: 82.3 | F13: 82.3 | G13: 82.3 | H13: 100 | I13: 100 | J13: 100 | K13: 100 | L13: 82.3 | M13: 82.3 | N13: 91.1 | O13: 100 | P13: 82.3 | Q13: 100 | R13: 100 | S13: 100 | T13: 100 | U13: 100 | V13: 100 | W13: 100 | X13: 100
A14: Ⅰ-8 | B14: 赤坂インターシティ | E14: 98.6 | F14: 98.6 | G14: 100 | H14: 100 | I14: 100 | J14: 91.9 | K14: 91.9 | L14: 83.9 | M14: 100 | N14: 100 | O14: 98.6 | P14: 91.9 | Q14: 91.9 | R14: 100 | S14: 97.3 | T14: 100 | U14: 100 | V14: 100 | W14: 100 | X14: 100 | Y14: 98.6 | Z14: 100 | AA14: 100 | AB14: 100 | AC14: 100 | AD14: 100 | AE14: 100 | AF14: 100 | AG14: 95.6 | AH14: 87.6 | AI14: 83.5 | AJ14: 95.6 | AK14: 98.3 | AL14: 93 | AM14: 100 | AN14: 100 | AO14: 100 | AP14: 100
A15: Ⅰ-9 | B15: 興和白金台ビル | K15: 100 | L15: 100 | M15: 100 | N15: 80.4 | O15: 94.7 | P15: 100 | Q15: 100 | R15: 100 | S15: 100 | T15: 94.7 | U15: 89.3 | V15: 100 | W15: 100 | X15: 100 | Y15: 100 | Z15: 95.5 | AA15: 100 | AB15: 100 | AC15: 100 | AD15: 100 | AE15: 97.3 | AF15: 92 | AG15: 94.7
A16: Ⅰ-10 | B16: 台場ガーデンシティビル | L16: 100 | M16: 100 | N16: 100 | O16: 100 | P16: 100 | Q16: 100 | R16: 100 | S16: 100 | T16: 100 | U16: 100 | V16: 100 | W16: 100 | X16: 100 | Y16: 100 | Z16: 100 | AA16: 100 | AB16: 100 | AC16: 100 | AD16: 100 | AE16: 100 | AF16: 82.6 | AG16: 82.6 | AH16: 82.6 | AI16: 91 | AJ16: 91 | AK16: 91 | AL16: 100 | AM16: 100 | AN16: 100 | AO16: 91 | AP16: 91
A17: Ⅰ-11 | B17: 第35興和ビル | M17: 100 | N17: 100 | O17: 100 | P17: 100 | Q17: 100 | R17: 100 | S17: 100 | T17: 100
A18: Ⅰ-12 | B18: 浜離宮インターシティ | M18: 87.2 | N18: 98.6 | O18: 98.2 | P18: 97.9 | Q18: 99.1 | R18: 99.4 | S18: 99.5 | T18: 95.2 | U18: 99.2 | V18: 98.5 | W18: 98.3 | X18: 98.9 | Y18: 99.2 | Z18: 100 | AA18: 98.5 | AB18: 92.6 | AC18: 98.8 | AD18: 98.7 | AE18: 98.6 | AF18: 98.6 | AG18: 95.3 | AH18: 95.7 | AI18: 97.5 | AJ18: 98.1 | AK18: 98.8 | AL18: 98.3 | AM18: 98.3 | AN18: 98.8 | AO18: 97.1 | AP18: 97.6
A19: Ⅰ-13 | B19: 新富町ビル | N19: 100 | O19: 100 | P19: 100 | Q19: 100 | R19: 100 | S19: 100 | T19: 100 | U19: 95.4 | V19: 95.4 | W19: 100 | X19: 100 | Y19: 100 | Z19: 100 | AA19: 100 | AB19: 100 | AC19: 100 | AD19: 100 | AE19: 100 | AF19: 100 | AG19: 100 | AH19: 100 | AI19: 93.9
A20: Ⅰ-14 | B20: 興和西新橋ビル | P20: 100 | Q20: 100 | R20: 100 | S20: 100 | T20: 100 | U20: 100 | V20: 100 | W20: 100 | X20: 100 | Y20: 100 | Z20: 100 | AA20: 100 | AB20: 100 | AC20: 100 | AD20: 100 | AE20: 93.2 | AF20: 100 | AG20: 100 | AH20: 100 | AI20: 100 | AJ20: 100 | AK20: 100 | AL20: 100 | AM20: 100 | AN20: 100 | AO20: 100 | AP20: 100
A21: Ⅰ-15 | B21: マンサード代官山 | W21: 97.4 | X21: 97.4 | Y21: 85.3 | Z21: 100 | AA21: 100 | AB21: 100 | AC21: 97.4 | AD21: 97.1 | AE21: 94.1 | AF21: 72.7 | AG21: 72.7 | AH21: 78 | AI21: 97.4 | AJ21: 97.4 | AK21: 97.4 | AL21: 100 | AM21: 100 | AN21: 100 | AO21: 100 | AP21: 100
A22: Ⅰ-16 | B22: 赤坂インターシティAIR | AA22: 98.5 | AB22: 100 | AC22: 100 | AD22: 100 | AE22: 100 | AF22: 100 | AG22: 99.8 | AH22: 95.8 | AI22: 83.9 | AJ22: 81.5 | AK22: 92 | AL22: 96.1 | AM22: 100 | AN22: 100 | AO22: 87.7 | AP22: 100
A23: Ⅰ-17 | B23: BIZCORE赤坂見附 | AC23: 88.9 | AD23: 100 | AE23: 100 | AF23: 100 | AG23: 100 | AH23: 88.9 | AI23: 88.9 | AJ23: 88.9 | AK23: 100 | AL23: 100 | AM23: 100 | AN23: 100 | AO23: 88.9 | AP23: 88.9
A24: Ⅰ-18 | B24: BIZCORE神保町 | AF24: 100 | AG24: 72.5 | AH24: 72.5 | AI24: 89.4 | AJ24: 100 | AK24: 100 | AL24: 100 | AM24: 100 | AN24: 100 | AO24: 100 | AP24: 100
A25: Ⅰ-19 | B25: BIZCORE渋谷 | AI25: 87.5 | AJ25: 100 | AK25: 100 | AL25: 100 | AM25: 100 | AN25: 100 | AO25: 100 | AP25: 100
A26: Ⅰ-20 | B26: BIZCORE築地 | AK26: 100 | AL26: 100 | AM26: 100 | AN26: 100 | AO26: 100 | AP26: 100
A27: Ⅰ-21 | B27: 大崎ブライトタワー・大崎ブライトプラザ | AL27: 99.5 | AM27: 99.2 | AN27: 99.7 | AO27: 99.7 | AP27: 100
A28: Ⅰ-22 | B28: アークヒルズフロントタワー | AN28: 100 | AO28: 100 | AP28: 100
A32: Ⅱ-1 | B32: NHK名古屋放送センタービル | C32: 97.6 | D32: 98 | E32: 95.7 | F32: 95.7 | G32: 89.4 | H32: 97.3 | I32: 93.9 | J32: 93 | K32: 90.6 | L32: 89.4 | M32: 90.6 | N32: 96 | O32: 96.8 | P32: 96.6 | Q32: 95.9 | R32: 97 | S32: 98.9 | T32: 90.4 | U32: 94.2 | V32: 95.1 | W32: 95.3 | X32: 94.2 | Y32: 96.4 | Z32: 98.9 | AA32: 100 | AB32: 99.9 | AC32: 100 | AD32: 100 | AE32: 98.8 | AF32: 94.8 | AG32: 93 | AH32: 99.1 | AI32: 100 | AJ32: 96.5 | AK32: 96.8 | AL32: 99.6 | AM32: 100 | AN32: 96.2 | AO32: 97 | AP32: 95.9
A33: Ⅱ-2 | B33: JEI西本町ビル | D33: 96.1 | E33: 52.2 | F33: 44 | G33: 44.5 | H33: 96.1 | I33: 100 | J33: 100 | K33: 94.6 | L33: 97.1 | M33: 90 | N33: 90 | O33: 95.7 | P33: 98.6 | Q33: 100 | R33: 100 | S33: 100 | T33: 100 | U33: 100 | V33: 100 | W33: 100 | X33: 100 | Y33: 96.9 | Z33: 96.9 | AA33: 93.9 | AB33: 98.4 | AC33: 100 | AD33: 97.2
A34: Ⅱ-3 | B34: 大阪興銀ビル（底地） | P34: 100 | Q34: 100 | R34: 100 | S34: 100 | T34: 100 | U34: 100 | V34: 100 | W34: 100 | X34: 100 | Y34: 100 | Z34: 100 | AA34: 100 | AB34: 100 | AC34: 100 | AD34: 100 | AE34: 100 | AF34: 100 | AG34: 100 | AH34: 100 | AI34: 100 | AJ34: 100 | AK34: 100 | AL34: 100
A35: Ⅱ-4 | B35: グランフロント大阪（うめきた広場・南館） | AD35: 99.4 | AE35: 98 | AF35: 98.4 | AG35: 97.6 | AH35: 90.4 | AI35: 91.4 | AJ35: 94 | AK35: 93.6 | AL35: 91.8 | AM35: 94.3 | AN35: 95.9 | AO35: 98.6 | AP35: 99.4
A36: Ⅱ-5 | B36: グランフロント大阪（北館） | AD36: 98.8 | AE36: 97.6 | AF36: 97.2 | AG36: 98.2 | AH36: 98.6 | AI36: 97.7 | AJ36: 98.1 | AK36: 97.6 | AL36: 98.1 | AM36: 99.4 | AN36: 98.1 | AO36: 96.1 | AP36: 94
A37: Ⅱ-6 | B37: アクアタウン納屋橋 | AP37: 100
A41: Ⅲ-1 | B41: 武蔵小杉タワープレイス | C41: 100 | D41: 100 | E41: 100 | F41: 100 | G41: 100 | H41: 100 | I41: 95 | J41: 100 | K41: 100 | L41: 100 | M41: 100 | N41: 100 | O41: 100 | P41: 100 | Q41: 100 | R41: 100 | S41: 100 | T41: 100 | U41: 100 | V41: 100 | W41: 100 | X41: 100 | Y41: 100 | Z41: 100 | AA41: 100 | AB41: 100 | AC41: 100 | AD41: 100 | AE41: 100 | AF41: 100 | AG41: 64.6 | AH41: 81.3 | AI41: 88.1 | AJ41: 92.3 | AK41: 100 | AL41: 100 | AM41: 100 | AN41: 100 | AO41: 100 | AP41: 100
A42: Ⅲ-2 | B42: 興和川崎東口ビル | C42: 100 | D42: 100 | E42: 100 | F42: 100 | G42: 100 | H42: 100 | I42: 100 | J42: 100 | K42: 100 | L42: 100 | M42: 100 | N42: 100 | O42: 100 | P42: 100 | Q42: 100 | R42: 100 | S42: 100 | T42: 100 | U42: 100 | V42: 100 | W42: 100 | X42: 100 | Y42: 100 | Z42: 100 | AA42: 100 | AB42: 100 | AC42: 100 | AD42: 100 | AE42: 100 | AF42: 100 | AG42: 100 | AH42: 100 | AI42: 100 | AJ42: 100 | AK42: 100 | AL42: 100
A43: Ⅲ-3 | B43: JEI本郷ビル | C43: 100 | D43: 100 | E43: 100 | F43: 100 | G43: 100 | H43: 100 | I43: 100 | J43: 100 | K43: 100 | L43: 100 | M43: 100 | N43: 100 | O43: 100 | P43: 100 | Q43: 100 | R43: 100 | S43: 100 | T43: 100 | U43: 100 | V43: 100 | W43: 100 | X43: 100 | Y43: 100 | Z43: 100 | AA43: 100 | AB43: 100 | AC43: 100 | AD43: 100 | AE43: 100 | AF43: 73.8 | AG43: 86.9 | AH43: 100 | AI43: 100 | AJ43: 100 | AK43: 100 | AL43: 100 | AM43: 84.7
A44: Ⅲ-4 | B44: 秀和飯田橋ビル | C44: 100 | D44: 100 | E44: 100 | F44: 100
A45: Ⅲ-5 | B45: 川崎日進町ビルディング | C45: 100 | D45: 100 | E45: 100 | F45: 100 | G45: 100 | H45: 100 | I45: 100 | J45: 100 | K45: 100 | L45: 100 | M45: 96.7 | N45: 96.1 | O45: 66.6 | P45: 96.3 | Q45: 100 | R45: 100 | S45: 100 | T45: 100 | U45: 100 | V45: 100 | W45: 100 | X45: 100 | Y45: 100 | Z45: 100 | AA45: 100 | AB45: 100 | AC45: 100 | AD45: 100 | AE45: 65.3 | AF45: 58.3 | AG45: 67.3 | AH45: 76.9 | AI45: 85.2 | AJ45: 91.6 | AK45: 94.4 | AL45: 95.6 | AM45: 98 | AN45: 100 | AO45: 100 | AP45: 100
A46: Ⅲ-6 | B46: 第44興和ビル | C46: 100 | D46: 100 | E46: 94.5 | F46: 100 | G46: 100 | H46: 100 | I46: 96.4 | J46: 100 | K46: 99.1 | L46: 99.1 | M46: 99.1 | N46: 100 | O46: 100 | P46: 100 | Q46: 100 | R46: 100 | S46: 100 | T46: 100 | U46: 100 | V46: 100 | W46: 100 | X46: 100
A47: Ⅲ-7 | B47: JEI両国ビル | C47: 94.5 | D47: 100 | E47: 100 | F47: 97.8 | G47: 97.8 | H47: 96.1 | I47: 100 | J47: 98 | K47: 100 | L47: 98.1 | M47: 100 | N47: 100 | O47: 84 | P47: 100 | Q47: 100 | R47: 98 | S47: 93.9 | T47: 95.9 | U47: 100 | V47: 97.8 | W47: 100 | X47: 95.8 | Y47: 100 | Z47: 100 | AA47: 100 | AB47: 100 | AC47: 100 | AD47: 100 | AE47: 100 | AF47: 100 | AG47: 100 | AH47: 100 | AI47: 100 | AJ47: 100 | AK47: 100 | AL47: 100 | AM47: 100 | AN47: 100 | AO47: 100 | AP47: 100
A48: Ⅲ-8 | B48: 海老名プライムタワー | D48: 98.7 | E48: 98.2 | F48: 98.7 | G48: 98.7 | H48: 96.2 | I48: 97.2 | J48: 97.2 | K48: 67.7 | L48: 69 | M48: 69.3 | N48: 75.9 | O48: 75.8 | P48: 82.5 | Q48: 94.8 | R48: 97.2 | S48: 97.2 | T48: 98.2 | U48: 98.8 | V48: 98.6 | W48: 98.8 | X48: 99.6 | Y48: 99.7
A49: Ⅲ-9 | B49: 興和川崎西口ビル | E49: 98 | F49: 100 | G49: 97.4 | H49: 97.6 | I49: 96.3 | J49: 95 | K49: 84.8 | L49: 85.6 | M49: 92.6 | N49: 94.7 | O49: 94.7 | P49: 99.6 | Q49: 99.6 | R49: 99.6 | S49: 99.8 | T49: 95.6 | U49: 98.7 | V49: 98.7 | W49: 99.1 | X49: 100 | Y49: 97.4 | Z49: 100 | AA49: 99.7 | AB49: 100 | AC49: 100 | AD49: 100 | AE49: 100 | AF49: 100 | AG49: 97.3 | AH49: 52.5 | AI49: 56
A50: Ⅲ-10 | B50: パシフィックスクエア千石 | M50: 100 | N50: 100 | O50: 85.1 | P50: 94.9 | Q50: 94.9 | R50: 69.1 | S50: 94.7 | T50: 86.9 | U50: 100 | V50: 95.5 | W50: 95.5 | X50: 100 | Y50: 100 | Z50: 100 | AA50: 100 | AB50: 100 | AC50: 100 | AD50: 100 | AE50: 100 | AF50: 100 | AG50: 100 | AH50: 100 | AI50: 100 | AJ50: 100
A51: Ⅲ-11 | B51: コアシティ立川 | P51: 98.5 | Q51: 96.1 | R51: 87.7 | S51: 97.9 | T51: 100 | U51: 100 | V51: 98.5 | W51: 98.5 | X51: 98.5 | Y51: 100 | Z51: 100 | AA51: 100 | AB51: 100 | AC51: 100 | AD51: 100 | AE51: 100 | AF51: 97.8 | AG51: 98.4 | AH51: 98.4 | AI51: 100 | AJ51: 100 | AK51: 100 | AL51: 98 | AM51: 100 | AN51: 100 | AO51: 100 | AP51: 100
A52: Ⅲ-12 | B52: 日石横浜ビル | T52: 95.9 | U52: 98.3 | V52: 99.7 | W52: 98.3 | X52: 99.7 | Y52: 99.7 | Z52: 98.8 | AA52: 100 | AB52: 99.2 | AC52: 100 | AD52: 100 | AE52: 100 | AF52: 100 | AG52: 100 | AH52: 98.4 | AI52: 99.5 | AJ52: 98.4 | AK52: 99.8 | AL52: 99.8 | AM52: 99.2 | AN52: 99.8 | AO52: 99.8 | AP52: 96
A53: Ⅲ-13 | B53: 横浜弁天通第一生命ビルディング | Z53: 100 | AA53: 100 | AB53: 100 | AC53: 100 | AD53: 100 | AE53: 100 | AF53: 100 | AG53: 100 | AH53: 100 | AI53: 100 | AJ53: 100 | AK53: 100 | AL53: 100 | AM53: 100 | AN53: 100 | AO53: 100 | AP53: 94.6
A54: Ⅲ-14 | B54: 新横浜アリーナ通りビル | AJ54: 100 | AK54: 100 | AL54: 91.1 | AM54: 76.6 | AN54: 86 | AO54: 84.8 | AP54: 96.7
A55: Ⅲ-15 | B55: 浦和SHビル | AO55: 100 | AP55: 100
A59: Ⅳ-1 | B59: 仙台興和ビル | D59: 77.8 | E59: 77.8 | F59: 77.8
A60: Ⅳ-2 | B60: JEI京橋ビル | M60: 96.3 | N60: 96.2 | O60: 96.2 | P60: 100 | Q60: 100 | R60: 100 | S60: 100 | T60: 100 | U60: 84.9 | V60: 94.3 | W60: 91.8 | X60: 100 | Y60: 100 | Z60: 100 | AA60: 95.6 | AB60: 100 | AC60: 96.8 | AD60: 100 | AE60: 98.9 | AF60: 100 | AG60: 100 | AH60: 100 | AI60: 100 | AJ60: 100 | AK60: 100
A61: Ⅳ-3 | B61: JEI広島八丁堀ビル | N61: 90.5 | O61: 89.7 | P61: 96.3 | Q61: 99 | R61: 98.5 | S61: 98.7 | T61: 98.9 | U61: 100 | V61: 98.9 | W61: 98.2 | X61: 98 | Y61: 100 | Z61: 100 | AA61: 100 | AB61: 98.6 | AC61: 96 | AD61: 96 | AE61: 94.2 | AF61: 98.4 | AG61: 98.4 | AH61: 85.6 | AI61: 96 | AJ61: 93.4 | AK61: 100 | AL61: 100 | AM61: 96.7 | AN61: 97.3 | AO61: 93 | AP61: 95.6
A62: Ⅳ-4 | B62: SE札幌ビル | P62: 100 | Q62: 98.5 | R62: 99.2 | S62: 100 | T62: 98.5 | U62: 97 | V62: 100 | W62: 99.2 | X62: 98.6 | Y62: 100 | Z62: 100 | AA62: 100 | AB62: 100 | AC62: 100 | AD62: 100 | AE62: 100 | AF62: 99.3 | AG62: 100 | AH62: 100 | AI62: 100 | AJ62: 100 | AK62: 100 | AL62: 100 | AM62: 100 | AN62: 100 | AO62: 95.7 | AP62: 96.5
A63: Ⅳ-5 | B63: 青葉通プラザ | R63: 84.7 | S63: 88.1 | T63: 90 | U63: 93.8 | V63: 99.4 | W63: 99.4 | X63: 98.5 | Y63: 99.4 | Z63: 99.4 | AA63: 98.6 | AB63: 99.4 | AC63: 99.4 | AD63: 98.8 | AE63: 99.4 | AF63: 96 | AG63: 77 | AH63: 94.4 | AI63: 94.4 | AJ63: 96.3 | AK63: 96.3 | AL63: 96.3 | AM63: 99.2 | AN63: 98.8 | AO63: 99.1 | AP63: 98.8
A64: Ⅳ-6 | B64: 大和南森町ビル | R64: 97.7 | S64: 95.7 | T64: 100 | U64: 100 | V64: 100 | W64: 100 | X64: 100 | Y64: 100 | Z64: 100 | AA64: 100 | AB64: 100 | AC64: 100 | AD64: 100 | AE64: 100 | AF64: 100 | AG64: 100 | AH64: 100 | AI64: 100 | AJ64: 100 | AK64: 100 | AL64: 100 | AM64: 100 | AN64: 100 | AO64: 100 | AP64: 100
A65: Ⅳ-7 | B65: JEI那覇ビル | U65: 95.6 | V65: 100 | W65: 95.8 | X65: 91.7 | Y65: 100 | Z65: 100 | AA65: 100 | AB65: 100 | AC65: 100 | AD65: 100 | AE65: 91.3 | AF65: 89.4 | AG65: 100 | AH65: 100 | AI65: 100 | AJ65: 100 | AK65: 100 | AL65: 100 | AM65: 98.1 | AN65: 100 | AO65: 100 | AP65: 96
A66: Ⅳ-8 | B66: 広島第一生命OSビルディング | Z66: 100 | AA66: 100 | AB66: 100 | AC66: 100 | AD66: 95.9 | AE66: 97.2 | AF66: 95.2 | AG66: 96.3 | AH66: 97.2 | AI66: 100 | AJ66: 100 | AK66: 98.7 | AL66: 100 | AM66: 100 | AN66: 100 | AO66: 100 | AP66: 100
A67: Ⅳ-9 | B67: 仙信ビル | AC67: 98.4 | AD67: 91 | AE67: 92.8 | AF67: 94.33 | AG67: 92 | AH67: 96.2 | AI67: 96.2 | AJ67: 76.8 | AK67: 88 | AL67: 88 | AM67: 87.4 | AN67: 69
A68: Ⅳ-10 | B68: 札幌大手町ビル | AG68: 98.5 | AH68: 98.5 | AI68: 98.5 | AJ68: 97.4 | AK68: 100 | AL68: 100 | AM68: 98.4 | AN68: 78.5 | AO68: 88.4 | AP68: 97
B72: その他
B73: 合計 | C73: 98.5 | D73: 98.2 | E73: 95.3 | F73: 95.1 | G73: 95.2 | H73: 98.5 | I73: 97 | J73: 97.4 | K73: 91.7 | L73: 92.4 | M73: 93.8 | N73: 94.7 | O73: 94 | P73: 97.1 | Q73: 98.7 | R73: 98.3 | S73: 99.1 | T73: 97.9 | U73: 98.5 | V73: 99.1 | W73: 99 | X73: 99.4 | Y73: 99.1 | Z73: 99.6 | AA73: 99.6 | AB73: 99.4 | AC73: 99.6 | AD73: 99.6 | AE73: 98 | AF73: 96.4 | AG73: 93.1 | AH73: 90.8 | AI73: 93 | AJ73: 96.5 | AK73: 97.9 | AL73: 98.4 | AM73: 99 | AN73: 98.9 | AO73: 98.3 | AP73: 98.1

Sheet 不動産賃貸事業収益
A1: 不動産賃貸事業収益
B3: (単位：百万円）
C4: 1 | D4: 2 | E4: 3 | F4: 4 | G4: 5 | H4: 6 | I4: 7 | J4: 8 | K4: 9 | L4: 10 | M4: 11 | N4: 12 | O4: 13 | P4: 14 | Q4: 15 | R4: 16 | S4: 17 | T4: 18 | U4: 19 | V4: 20 | W4: 21 | X4: 22 | Y4: 23 | Z4: 24 | AA4: 25 | AB4: 26 | AC4: 27 | AD4: 28 | AE4: 29 | AF4: 30 | AG4: 31 | AH4: 32 | AI4: 33 | AJ4: 34 | AK4: 35 | AL4: 36 | AM4: 37 | AN4: 38 | AO4: 39 | AP4: 40
A5: 物件番号 | B5: 物件名 | C5: 38768 | D5: 39083 | E5: 39264 | F5: 39448 | G5: 39630 | H5: 39814 | I5: 39995 | J5: 40179 | K5: 40360 | L5: 40544 | M5: 40725 | N5: 40909 | O5: 41091 | P5: 41275 | Q5: 41456 | R5: 41640 | S5: 41821 | T5: 42005 | U5: 42186 | V5: 42370 | W5: 42552 | X5: 42736 | Y5: 42917 | Z5: 43101 | AA5: 43282 | AB5: 43466 | AC5: 43647 | AD5: 43831 | AE5: 44013 | AF5: 44197 | AG5: 44378 | AH5: 44562 | AI5: 44743 | AJ5: 44927 | AK5: 45108 | AL5: 45292 | AM5: 45474 | AN5: 45658 | AO5: 45839 | AP5: 46023
C6: 39082 | D6: 39263 | E6: 39447 | F6: 39629 | G6: 39813 | H6: 39994 | I6: 40178 | J6: 40359 | K6: 40543 | L6: 40724 | M6: 40908 | N6: 41090 | O6: 41274 | P6: 41455 | Q6: 41639 | R6: 41820 | S6: 42004 | T6: 42185 | U6: 42369 | V6: 42551 | W6: 42735 | X6: 42916 | Y6: 43100 | Z6: 43281 | AA6: 43465 | AB6: 43646 | AC6: 43830 | AD6: 44012 | AE6: 44196 | AF6: 44377 | AG6: 44561 | AH6: 44742 | AI6: 44926 | AJ6: 45107 | AK6: 45291 | AL6: 45473 | AM6: 45657 | AN6: 45838 | AO6: 46022 | AP6: 46203
A7: Ⅰ-1 | B7: 大森ベルポートD館 | C7: 1028 | D7: 1042 | E7: 1071 | F7: 1064 | G7: 1096 | H7: 1090 | I7: 1073 | J7: 1081 | K7: 1024 | L7: 1020 | M7: 1028 | N7: 989 | O7: 947 | P7: 944 | Q7: 934 | R7: 923 | S7: 950 | T7: 932 | U7: 939 | V7: 929 | W7: 938 | X7: 940 | Y7: 937 | Z7: 937 | AA7: 931 | AB7: 923 | AC7: 948 | AD7: 925 | AE7: 921 | AF7: 914 | AG7: 920 | AH7: 889 | AI7: 809 | AJ7: 810 | AK7: 870 | AL7: 877 | AM7: 871 | AN7: 893 | AO7: 907 | AP7: 897
A8: Ⅰ-2 | B8: 芝二丁目ビルディング | C8: 351 | D8: 346 | E8: 369 | F8: 393 | G8: 366 | H8: 370 | I8: 372 | J8: 371 | K8: 368 | L8: 373 | M8: 372 | N8: 371 | O8: 371 | P8: 372 | Q8: 370 | R8: 370 | S8: 371 | T8: 372 | U8: 373 | V8: 372 | W8: 373 | X8: 371 | Y8: 158 | Z8: 368 | AA8: 372 | AB8: 373 | AC8: 373 | AD8: 373 | AE8: 373 | AF8: 373 | AG8: 373 | AH8: 374 | AI8: 378 | AJ8: 377 | AK8: 378 | AL8: 380 | AM8: 380 | AN8: 381 | AO8: 381 | AP8: 382
A9: Ⅰ-3 | B9: JEI浜松町ビル | C9: 281 | D9: 277 | E9: 288 | F9: 314 | G9: 315 | H9: 315 | I9: 317 | J9: 295 | K9: 297 | L9: 295 | M9: 295 | N9: 254 | O9: 254 | P9: 253 | Q9: 255 | R9: 237 | S9: 190 | T9: 203 | U9: 210 | V9: 208 | W9: 210 | X9: 209 | Y9: 226 | Z9: 228 | AA9: 230 | AB9: 230 | AC9: 232 | AD9: 244 | AE9: 245 | AF9: 244 | AG9: 244 | AH9: 244 | AI9: 244 | AJ9: 123 | AK9: 159 | AL9: 168 | AM9: 152 | AN9: 216 | AO9: 220 | AP9: 10
A10: Ⅰ-4 | B10: 第32興和ビル | C10: 238 | D10: 237 | E10: 244 | F10: 267 | G10: 252 | H10: 242 | I10: 226 | J10: 207 | K10: 235 | L10: 277 | M10: 276 | N10: 274 | O10: 271 | P10: 249 | Q10: 253 | R10: 249 | S10: 252 | T10: 252 | U10: 242
A11: Ⅰ-5 | B11: 第36興和ビル | C11: - | D11: - | E11: - | F11: - | G11: - | H11: - | I11: - | J11: - | K11: - | L11: -
A12: Ⅰ-6 | B12: 第28興和ビル | C12: 158 | D12: 154 | E12: 160 | F12: 160 | G12: 171 | H12: 169 | I12: 151 | J12: 147 | K12: 148 | L12: 138 | M12: 120 | N12: 39
A13: Ⅰ-7 | B13: 赤坂ガーデンシティ | D13: 295 | E13: 557 | F13: 457 | G13: 463 | H13: 591 | I13: 559 | J13: 555 | K13: 565 | L13: 516 | M13: 357 | N13: 359 | O13: 401 | P13: 364 | Q13: 342 | R13: 366 | S13: 379 | T13: 370 | U13: 385 | V13: 379 | W13: 395 | X13: 390 | Y13: 402
A14: Ⅰ-8 | B14: 赤坂インターシティ | E14: 132 | F14: 357 | G14: 374 | H14: 365 | I14: 372 | J14: 333 | K14: 326 | L14: 306 | M14: 312 | N14: 318 | O14: 314 | P14: 563 | Q14: 592 | R14: 516 | S14: 578 | T14: 554 | U14: 557 | V14: 549 | W14: 581 | X14: 578 | Y14: 587 | Z14: 572 | AA14: 596 | AB14: 594 | AC14: 614 | AD14: 571 | AE14: 615 | AF14: 633 | AG14: 629 | AH14: 559 | AI14: 499 | AJ14: 517 | AK14: 561 | AL14: 584 | AM14: 578 | AN14: 585 | AO14: 626 | AP14: 626
A15: Ⅰ-9 | B15: 興和白金台ビル | K15: 8 | L15: 197 | M15: 205 | N15: 191 | O15: 179 | P15: 163 | Q15: 177 | R15: 175 | S15: 176 | T15: 168 | U15: 162 | V15: 161 | W15: 165 | X15: 170 | Y15: 179 | Z15: 168 | AA15: 182 | AB15: 184 | AC15: 191 | AD15: 183 | AE15: 180 | AF15: 169 | AG15: 174 | AH15: 162
A16: Ⅰ-10 | B16: 台場ガーデンシティビル | L16: 276 | M16: 338 | N16: 338 | O16: 338 | P16: 338 | Q16: 336 | R16: 336 | S16: 335 | T16: 335 | U16: 335 | V16: 334 | W16: 334 | X16: 334 | Y16: 334 | Z16: 335 | AA16: 335 | AB16: 335 | AC16: 334 | AD16: 333 | AE16: 331 | AF16: 341 | AG16: 325 | AH16: 319 | AI16: 327 | AJ16: 330 | AK16: 337 | AL16: 341 | AM16: 345 | AN16: 343 | AO16: 419 | AP16: 356
A17: Ⅰ-11 | B17: 第35興和ビル | M17: - | N17: - | O17: - | P17: - | Q17: - | R17: - | S17: - | T17: - | U17: -
A18: Ⅰ-12 | B18: 浜離宮インターシティ | M18: 15 | N18: 260 | O18: 275 | P18: 280 | Q18: 284 | R18: 637 | S18: 723 | T18: 727 | U18: 724 | V18: 720 | W18: 713 | X18: 719 | Y18: 734 | Z18: 736 | AA18: 744 | AB18: 722 | AC18: 727 | AD18: 762 | AE18: 759 | AF18: 773 | AG18: 739 | AH18: 714 | AI18: 731 | AJ18: 747 | AK18: 769 | AL18: 802 | AM18: 815 | AN18: 822 | AO18: 830 | AP18: 823
A19: Ⅰ-13 | B19: 新富町ビル | N19: 37 | O19: 72 | P19: 71 | Q19: 71 | R19: 71 | S19: 73 | T19: 72 | U19: 72 | V19: 68 | W19: 69 | X19: 71 | Y19: 71 | Z19: 71 | AA19: 72 | AB19: 70 | AC19: 73 | AD19: 73 | AE19: 74 | AF19: 74 | AG19: 76 | AH19: 74 | AI19: 49 | AJ19: 6
A20: Ⅰ-14 | B20: 興和西新橋ビル | P20: - | Q20: - | R20: - | S20: - | T20: - | U20: - | V20: - | W20: - | X20: - | Y20: - | Z20: - | AA20: - | AB20: - | AC20: - | AD20: - | AE20: - | AF20: - | AG20: - | AH20: - | AI20: - | AJ20: - | AK20: - | AL20: - | AM20: - | AN20: - | AO20: - | AP20: -
A21: Ⅰ-15 | B21: マンサード代官山 | W21: 299 | X21: 291 | Y21: 294 | Z21: 292 | AA21: 316 | AB21: 315 | AC21: 299 | AD21: 351 | AE21: 312 | AF21: 253 | AG21: 228 | AH21: 221 | AI21: 237 | AJ21: 229 | AK21: 280 | AL21: 277 | AM21: 358 | AN21: 233 | AO21: 291 | AP21: 296
A22: Ⅰ-16 | B22: 赤坂インターシティAIR | AA22: - | AB22: - | AC22: - | AD22: - | AE22: - | AF22: - | AG22: - | AH22: - | AI22: - | AJ22: - | AK22: - | AL22: - | AM22: - | AN22: - | AO22: - | AP22: -
A23: Ⅰ-17 | B23: BIZCORE赤坂見附 | AC23: 48 | AD23: 145 | AE23: 153 | AF23: 153 | AG23: 153 | AH23: 148 | AI23: 129 | AJ23: 130 | AK23: 118 | AL23: 130 | AM23: 132 | AN23: 136 | AO23: 134 | AP23: 127
A24: Ⅰ-18 | B24: BIZCORE神保町 | AF24: - | AG24: - | AH24: - | AI24: - | AJ24: - | AK24: - | AL24: - | AM24: - | AN24: - | AO24: - | AP24: 265
A25: Ⅰ-19 | B25: BIZCORE渋谷 | AI25: 157 | AJ25: 146 | AK25: 148 | AL25: 153 | AM25: 155 | AN25: 156 | AO25: 163 | AP25: 156
A26: Ⅰ-20 | B26: BIZCORE築地 | AK26: - | AL26: - | AM26: - | AN26: - | AO26: - | AP26: -
A27: Ⅰ-21 | B27: 大崎ブライトタワー・大崎ブライトプラザ | AL27: - | AM27: - | AN27: - | AO27: - | AP27: -
A28: Ⅰ-22 | B28: アークヒルズフロントタワー | AN28: 172 | AO28: 421 | AP28: 466
A32: Ⅱ-1 | B32: NHK名古屋放送センタービル | C32: 358 | D32: 349 | E32: 337 | F32: 335 | G32: 323 | H32: 326 | I32: 323 | J32: 319 | K32: 307 | L32: 297 | M32: 291 | N32: 292 | O32: 305 | P32: 301 | Q32: 297 | R32: 349 | S32: 395 | T32: 366 | U32: 362 | V32: 370 | W32: 372 | X32: 366 | Y32: 353 | Z32: 363 | AA32: 386 | AB32: 385 | AC32: 387 | AD32: 382 | AE32: 382 | AF32: 373 | AG32: 349 | AH32: 355 | AI32: 363 | AJ32: 373 | AK32: 367 | AL32: 365 | AM32: 374 | AN32: 371 | AO32: 369 | AP32: 367
A33: Ⅱ-2 | B33: JEI西本町ビル | D33: 150 | E33: 261 | F33: 134 | G33: 130 | H33: 166 | I33: 254 | J33: 247 | K33: 240 | L33: 227 | M33: 229 | N33: 208 | O33: 205 | P33: 218 | Q33: 219 | R33: 208 | S33: 211 | T33: 208 | U33: 196 | V33: 193 | W33: 196 | X33: 193 | Y33: 210 | Z33: 208 | AA33: 187 | AB33: 217 | AC33: 243 | AD33: 129 | AE33: 2
A34: Ⅱ-3 | B34: 大阪興銀ビル（底地） | P34: 67 | Q34: 83 | R34: 83 | S34: 83 | T34: 83 | U34: 83 | V34: 83 | W34: 83 | X34: 83 | Y34: 83 | Z34: 88 | AA34: 88 | AB34: 89 | AC34: 89 | AD34: 89 | AE34: 89 | AF34: 89 | AG34: 89 | AH34: 92 | AI34: 92 | AJ34: 98 | AK34: 98 | AL34: 104 | AM34: 101
A35: Ⅱ-4 | B35: グランフロント大阪（うめきた広場・南館） | AD35: - | AE35: - | AF35: - | AG35: - | AH35: - | AI35: - | AJ35: - | AK35: - | AL35: - | AM35: - | AN35: - | AO35: - | AP35: -
A36: Ⅱ-5 | B36: グランフロント大阪（北館） | AD36: - | AE36: - | AF36: - | AG36: - | AH36: - | AI36: - | AJ36: - | AK36: - | AL36: - | AM36: - | AN36: - | AO36: - | AP36: -
A37: Ⅱ-6 | B37: アクアタウン納屋橋 | AP37: 121
A41: Ⅲ-1 | B41: 武蔵小杉タワープレイス | C41: 815 | D41: 789 | E41: 814 | F41: 818 | G41: 838 | H41: 809 | I41: 788 | J41: 802 | K41: 827 | L41: 799 | M41: 796 | N41: 794 | O41: 806 | P41: 787 | Q41: 800 | R41: 787 | S41: 796 | T41: 786 | U41: 795 | V41: 789 | W41: 797 | X41: 778 | Y41: 812 | Z41: 806 | AA41: 819 | AB41: 810 | AC41: 822 | AD41: 803 | AE41: 813 | AF41: 797 | AG41: 747 | AH41: 533 | AI41: 645 | AJ41: 698 | AK41: 739 | AL41: 769 | AM41: 796 | AN41: 787 | AO41: 807 | AP41: 813
A42: Ⅲ-2 | B42: 興和川崎東口ビル | C42: - | D42: - | E42: - | F42: - | G42: - | H42: - | I42: - | J42: - | K42: - | L42: - | M42: - | N42: - | O42: - | P42: - | Q42: - | R42: - | S42: - | T42: - | U42: - | V42: - | W42: - | X42: - | Y42: - | Z42: - | AA42: - | AB42: - | AC42: - | AD42: - | AE42: - | AF42: - | AG42: - | AH42: - | AI42: - | AJ42: - | AK42: - | AL42: - | AM42: -
A43: Ⅲ-3 | B43: JEI本郷ビル | C43: 182 | D43: 176 | E43: 179 | F43: 176 | G43: 178 | H43: 176 | I43: 178 | J43: 173 | K43: 177 | L43: 172 | M43: 174 | N43: 174 | O43: - | P43: - | Q43: - | R43: - | S43: - | T43: - | U43: - | V43: - | W43: - | X43: - | Y43: - | Z43: - | AA43: - | AB43: - | AC43: - | AD43: - | AE43: - | AF43: - | AG43: - | AH43: - | AI43: - | AJ43: - | AK43: - | AL43: - | AM43: - | AN43: -
A44: Ⅲ-4 | B44: 秀和飯田橋ビル | C44: - | D44: - | E44: - | F44: - | G44: -
A45: Ⅲ-5 | B45: 川崎日進町ビルディング | C45: 209 | D45: 211 | E45: 212 | F45: 216 | G45: 225 | H45: 233 | I45: 233 | J45: 229 | K45: 225 | L45: 225 | M45: 223 | N45: 217 | O45: 88 | P45: 165 | Q45: 192 | R45: 193 | S45: 194 | T45: 190 | U45: 191 | V45: 190 | W45: 191 | X45: 190 | Y45: 195 | Z45: 208 | AA45: 216 | AB45: 217 | AC45: 222 | AD45: 226 | AE45: 204 | AF45: 137 | AG45: 131 | AH45: 143 | AI45: 166 | AJ45: 186 | AK45: 203 | AL45: 202 | AM45: 208 | AN45: 212 | AO45: 217 | AP45: 217
A46: Ⅲ-6 | B46: 第44興和ビル | C46: 94 | D46: 88 | E46: 97 | F46: 94 | G46: 97 | H46: 95 | I46: 94 | J46: 93 | K46: 93 | L46: 90 | M46: 91 | N46: 90 | O46: 91 | P46: 90 | Q46: 92 | R46: 91 | S46: 97 | T46: 87 | U46: 88 | V46: 85 | W46: 88 | X46: 90 | Y46: 85
A47: Ⅲ-7 | B47: JEI両国ビル | C47: 115 | D47: 114 | E47: 119 | F47: 119 | G47: 119 | H47: 116 | I47: 108 | J47: 109 | K47: 111 | L47: 106 | M47: 109 | N47: 108 | O47: 102 | P47: 100 | Q47: 105 | R47: 102 | S47: 101 | T47: 99 | U47: 102 | V47: 103 | W47: 104 | X47: 104 | Y47: 107 | Z47: 107 | AA47: 112 | AB47: 112 | AC47: 114 | AD47: 114 | AE47: 117 | AF47: 112 | AG47: 110 | AH47: 115 | AI47: 126 | AJ47: 116 | AK47: 116 | AL47: 116 | AM47: 119 | AN47: 118 | AO47: 126 | AP47: 123
A48: Ⅲ-8 | B48: 海老名プライムタワー | D48: 291 | E48: 559 | F48: 566 | G48: 563 | H48: 548 | I48: 528 | J48: 513 | K48: 406 | L48: 295 | M48: 323 | N48: 324 | O48: 338 | P48: 339 | Q48: 372 | R48: 477 | S48: 406 | T48: 426 | U48: 419 | V48: 421 | W48: 413 | X48: 429 | Y48: 442 | Z48: 390
A49: Ⅲ-9 | B49: 興和川崎西口ビル | E49: 419 | F49: 1194 | G49: 1241 | H49: 1140 | I49: 1135 | J49: 1083 | K49: 999 | L49: 912 | M49: 886 | N49: 913 | O49: 916 | P49: 937 | Q49: 952 | R49: 945 | S49: 950 | T49: 943 | U49: 901 | V49: 924 | W49: 923 | X49: 938 | Y49: 939 | Z49: 951 | AA49: 953 | AB49: 949 | AC49: 984 | AD49: 924 | AE49: 648 | AF49: 642 | AG49: 630 | AH49: 475 | AI49: 285 | AJ49: 274
A50: Ⅲ-10 | B50: パシフィックスクエア千石 | M50: 5 | N50: 80 | O50: 82 | P50: 59 | Q50: 67 | R50: 67 | S50: 55 | T50: 63 | U50: 47 | V50: 49 | W50: 49 | X50: 54 | Y50: 55 | Z50: 55 | AA50: 55 | AB50: 53 | AC50: 54 | AD50: 60 | AE50: 60 | AF50: 61 | AG50: 61 | AH50: 61 | AI50: 62 | AJ50: 62 | AK50: 0
A51: Ⅲ-11 | B51: コアシティ立川 | P51: 228 | Q51: 296 | R51: 363 | S51: 285 | T51: 298 | U51: 306 | V51: 324 | W51: 309 | X51: 308 | Y51: 311 | Z51: 318 | AA51: 316 | AB51: 322 | AC51: 316 | AD51: 322 | AE51: 319 | AF51: 320 | AG51: 312 | AH51: 321 | AI51: 315 | AJ51: 330 | AK51: 320 | AL51: 328 | AM51: 314 | AN51: 320 | AO51: 318 | AP51: 326
A52: Ⅲ-12 | B52: 日石横浜ビル | T52: 537 | U52: 1109 | V52: 1129 | W52: 1134 | X52: 1138 | Y52: 1149 | Z52: 1125 | AA52: 1162 | AB52: 1173 | AC52: 1175 | AD52: 1173 | AE52: 1193 | AF52: 1202 | AG52: 1203 | AH52: 1202 | AI52: 1198 | AJ52: 1218 | AK52: 1187 | AL52: 1210 | AM52: 1211 | AN52: 1219 | AO52: 1282 | AP52: 1222
A53: Ⅲ-13 | B53: 横浜弁天通第一生命ビルディング | Z53: 3 | AA53: 41 | AB53: 42 | AC53: 41 | AD53: 41 | AE53: 42 | AF53: 41 | AG53: 41 | AH53: 41 | AI53: 42 | AJ53: 42 | AK53: 42 | AL53: 42 | AM53: 42 | AN53: 43 | AO53: 44 | AP53: 41
A54: Ⅲ-14 | B54: 新横浜アリーナ通りビル | AJ54: 24 | AK54: 69 | AL54: 63 | AM54: 72 | AN54: 56 | AO54: 60 | AP54: 65
A55: Ⅲ-15 | B55: 浦和SHビル | AO55: - | AP55: -
A59: Ⅳ-1 | B59: 仙台興和ビル | D59: 91 | E59: 248 | F59: 248 | G59: 79
A60: Ⅳ-2 | B60: JEI京橋ビル | M60: 124 | N60: 185 | O60: 182 | P60: 180 | Q60: 187 | R60: 182 | S60: 186 | T60: 184 | U60: 181 | V60: 159 | W60: 166 | X60: 168 | Y60: 182 | Z60: 179 | AA60: 181 | AB60: 177 | AC60: 182 | AD60: 175 | AE60: 187 | AF60: 185 | AG60: 189 | AH60: 180 | AI60: 189 | AJ60: 187 | AK60: 38 | AL60: 4
A61: Ⅳ-3 | B61: JEI広島八丁堀ビル | N61: 33 | O61: 149 | P61: 143 | Q61: 145 | R61: 142 | S61: 144 | T61: 142 | U61: 145 | V61: 144 | W61: 149 | X61: 141 | Y61: 148 | Z61: 147 | AA61: 154 | AB61: 153 | AC61: 156 | AD61: 148 | AE61: 154 | AF61: 153 | AG61: 158 | AH61: 154 | AI61: 138 | AJ61: 146 | AK61: 149 | AL61: 161 | AM61: 158 | AN61: 159 | AO61: 158 | AP61: 160
A62: Ⅳ-4 | B62: SE札幌ビル | P62: 243 | Q62: 373 | R62: 363 | S62: 369 | T62: 359 | U62: 362 | V62: 354 | W62: 369 | X62: 361 | Y62: 368 | Z62: 384 | AA62: 396 | AB62: 403 | AC62: 417 | AD62: 410 | AE62: 411 | AF62: 419 | AG62: 422 | AH62: 428 | AI62: 441 | AJ62: 438 | AK62: 450 | AL62: 442 | AM62: 444 | AN62: 450 | AO62: 447 | AP62: 437
A63: Ⅳ-5 | B63: 青葉通プラザ | R63: 137 | S63: 174 | T63: 172 | U63: 178 | V63: 183 | W63: 188 | X63: 189 | Y63: 191 | Z63: 191 | AA63: 189 | AB63: 196 | AC63: 195 | AD63: 192 | AE63: 193 | AF63: 187 | AG63: 169 | AH63: 157 | AI63: 184 | AJ63: 188 | AK63: 181 | AL63: 183 | AM63: 189 | AN63: 190 | AO63: 191 | AP63: 192
A64: Ⅳ-6 | B64: 大和南森町ビル | R64: 162 | S64: 194 | T64: 196 | U64: 197 | V64: 196 | W64: 198 | X64: 195 | Y64: 198 | Z64: 197 | AA64: 199 | AB64: 198 | AC64: 199 | AD64: 196 | AE64: 198 | AF64: 194 | AG64: 194 | AH64: 195 | AI64: 192 | AJ64: 192 | AK64: 193 | AL64: 193 | AM64: 196 | AN64: 193 | AO64: 197 | AP64: 197
A65: Ⅳ-7 | B65: JEI那覇ビル | U65: 10 | V65: 73 | W65: 74 | X65: 74 | Y65: 80 | Z65: 79 | AA65: 81 | AB65: 82 | AC65: 84 | AD65: 86 | AE65: 76 | AF65: 77 | AG65: 82 | AH65: 85 | AI65: 87 | AJ65: 86 | AK65: 90 | AL65: 88 | AM65: 92 | AN65: 91 | AO65: 95 | AP65: 90
A66: Ⅳ-8 | B66: 広島第一生命OSビルディング | Z66: 12 | AA66: 142 | AB66: 142 | AC66: 143 | AD66: 138 | AE66: 140 | AF66: 141 | AG66: 141 | AH66: 143 | AI66: 147 | AJ66: 147 | AK66: 147 | AL66: 146 | AM66: 155 | AN66: 157 | AO66: 156 | AP66: 161
A67: Ⅳ-9 | B67: 仙信ビル | AC67: 17 | AD67: 48 | AE67: 49 | AF67: 51 | AG67: 50 | AH67: 50 | AI67: 53 | AJ67: 48 | AK67: 45 | AL67: 48 | AM67: 48 | AN67: 47 | AO67: 36
A68: Ⅳ-10 | B68: 札幌大手町ビル | AG68: 21 | AH68: 131 | AI68: 134 | AJ68: 135 | AK68: 136 | AL68: 134 | AM68: 165 | AN68: 137 | AO68: 178 | AP68: 128
B72: その他 | V72: 0 | Z72: - | AA72: 0
B73: 合計 | C73: 4751 | D73: 5505 | E73: 6982 | F73: 7840 | G73: 7647 | H73: 7544 | I73: 7494 | J73: 7302 | K73: 7094 | L73: 7034 | M73: 7085 | N73: 7587 | O73: 7597 | P73: 8409 | Q73: 8848 | R73: 9558 | S73: 9695 | T73: 10121 | U73: 10669 | V73: 10223 | W73: 10653 | X73: 10642 | Y73: 10806 | Z73: 10535 | AA73: 10657 | AB73: 10668 | AC73: 10890 | AD73: 11013 | AE73: 10729 | AF73: 10567 | AG73: 10666 | AH73: 10267 | AI73: 10141 | AJ73: 10079 | AK73: 10102 | AL73: 10662 | AM73: 10981 | AN73: 10466 | AO73: 11115 | AP73: 10920

Sheet 賃貸事業収入
A1: 賃貸事業収入
B3: (単位：百万円）
C4: 1 | D4: 2 | E4: 3 | F4: 4 | G4: 5 | H4: 6 | I4: 7 | J4: 8 | K4: 9 | L4: 10 | M4: 11 | N4: 12 | O4: 13 | P4: 14 | Q4: 15 | R4: 16 | S4: 17 | T4: 18 | U4: 19 | V4: 20 | W4: 21 | X4: 22 | Y4: 23 | Z4: 24 | AA4: 25 | AB4: 26 | AC4: 27 | AD4: 28 | AE4: 29 | AF4: 30 | AG4: 31 | AH4: 32 | AI4: 33 | AJ4: 34 | AK4: 35 | AL4: 36 | AM4: 37 | AN4: 38 | AO4: 39 | AP4: 40
A5: 物件番号 | B5: 物件名 | C5: 38768 | D5: 39083 | E5: 39264 | F5: 39448 | G5: 39630 | H5: 39814 | I5: 39995 | J5: 40179 | K5: 40360 | L5: 40544 | M5: 40725 | N5: 40909 | O5: 41091 | P5: 41275 | Q5: 41456 | R5: 41640 | S5: 41821 | T5: 42005 | U5: 42186 | V5: 42370 | W5: 42552 | X5: 42736 | Y5: 42917 | Z5: 43101 | AA5: 43282 | AB5: 43466 | AC5: 43647 | AD5: 43831 | AE5: 44013 | AF5: 44197 | AG5: 44378 | AH5: 44562 | AI5: 44743 | AJ5: 44927 | AK5: 45108 | AL5: 45292 | AM5: 45474 | AN5: 45658 | AO5: 45839 | AP5: 46023
C6: 39082 | D6: 39263 | E6: 39447 | F6: 39629 | G6: 39813 | H6: 39994 | I6: 40178 | J6: 40359 | K6: 40543 | L6: 40724 | M6: 40908 | N6: 41090 | O6: 41274 | P6: 41455 | Q6: 41639 | R6: 41820 | S6: 42004 | T6: 42185 | U6: 42369 | V6: 42551 | W6: 42735 | X6: 42916 | Y6: 43100 | Z6: 43281 | AA6: 43465 | AB6: 43646 | AC6: 43830 | AD6: 44012 | AE6: 44196 | AF6: 44377 | AG6: 44561 | AH6: 44742 | AI6: 44926 | AJ6: 45107 | AK6: 45291 | AL6: 45473 | AM6: 45657 | AN6: 45838 | AO6: 46022 | AP6: 46203
A7: Ⅰ-1 | B7: 大森ベルポートD館 | C7: 967 | D7: 987 | E7: 1002 | F7: 1008 | G7: 1035 | H7: 1037 | I7: 1019 | J7: 1019 | K7: 963 | L7: 974 | M7: 975 | N7: 941 | O7: 891 | P7: 890 | Q7: 869 | R7: 864 | S7: 868 | T7: 867 | U7: 871 | V7: 869 | W7: 869 | X7: 880 | Y7: 871 | Z7: 878 | AA7: 867 | AB7: 868 | AC7: 873 | AD7: 870 | AE7: 872 | AF7: 868 | AG7: 873 | AH7: 846 | AI7: 734 | AJ7: 756 | AK7: 813 | AL7: 828 | AM7: 811 | AN7: 839 | AO7: 846 | AP7: 844
A8: Ⅰ-2 | B8: 芝二丁目ビルディング | C8: 350 | D8: 345 | E8: 365 | F8: 393 | G8: 365 | H8: 369 | I8: 372 | J8: 370 | K8: 367 | L8: 372 | M8: 371 | N8: 371 | O8: 371 | P8: 371 | Q8: 370 | R8: 370 | S8: 371 | T8: 372 | U8: 372 | V8: 372 | W8: 373 | X8: 371 | Y8: 157 | Z8: 367 | AA8: 371 | AB8: 372 | AC8: 371 | AD8: 372 | AE8: 372 | AF8: 372 | AG8: 372 | AH8: 374 | AI8: 377 | AJ8: 377 | AK8: 378 | AL8: 379 | AM8: 379 | AN8: 380 | AO8: 381 | AP8: 381
A9: Ⅰ-3 | B9: JEI浜松町ビル | C9: 264 | D9: 264 | E9: 272 | F9: 300 | G9: 300 | H9: 301 | I9: 302 | J9: 282 | K9: 282 | L9: 282 | M9: 282 | N9: 242 | O9: 239 | P9: 239 | Q9: 239 | R9: 226 | S9: 180 | T9: 191 | U9: 197 | V9: 196 | W9: 197 | X9: 197 | Y9: 212 | Z9: 216 | AA9: 217 | AB9: 219 | AC9: 220 | AD9: 233 | AE9: 233 | AF9: 233 | AG9: 233 | AH9: 233 | AI9: 233 | AJ9: 113 | AK9: 148 | AL9: 158 | AM9: 140 | AN9: 203 | AO9: 206 | AP9: 9
A10: Ⅰ-4 | B10: 第32興和ビル | C10: 222 | D10: 224 | E10: 227 | F10: 240 | G10: 238 | H10: 226 | I10: 213 | J10: 198 | K10: 221 | L10: 263 | M10: 260 | N10: 260 | O10: 254 | P10: 230 | Q10: 234 | R10: 233 | S10: 233 | T10: 235 | U10: 224
A11: Ⅰ-5 | B11: 第36興和ビル | C11: - | D11: - | E11: - | F11: - | G11: - | H11: - | I11: - | J11: - | K11: - | L11: -
A12: Ⅰ-6 | B12: 第28興和ビル | C12: 142 | D12: 141 | E12: 144 | F12: 145 | G12: 152 | H12: 153 | I12: 137 | J12: 135 | K12: 134 | L12: 129 | M12: 111 | N12: 36
A13: Ⅰ-7 | B13: 赤坂ガーデンシティ | D13: 273 | E13: 517 | F13: 432 | G13: 432 | H13: 532 | I13: 526 | J13: 528 | K13: 530 | L13: 494 | M13: 338 | N13: 340 | O13: 368 | P13: 343 | Q13: 315 | R13: 341 | S13: 345 | T13: 344 | U13: 351 | V13: 355 | W13: 360 | X13: 363 | Y13: 365
A14: Ⅰ-8 | B14: 赤坂インターシティ | E14: 121 | F14: 325 | G14: 339 | H14: 335 | I14: 341 | J14: 300 | K14: 294 | L14: 280 | M14: 282 | N14: 289 | O14: 282 | P14: 488 | Q14: 491 | R14: 463 | S14: 511 | T14: 498 | U14: 503 | V14: 506 | W14: 531 | X14: 535 | Y14: 536 | Z14: 530 | AA14: 544 | AB14: 551 | AC14: 563 | AD14: 541 | AE14: 587 | AF14: 566 | AG14: 566 | AH14: 537 | AI14: 470 | AJ14: 492 | AK14: 527 | AL14: 554 | AM14: 537 | AN14: 554 | AO14: 579 | AP14: 586
A15: Ⅰ-9 | B15: 興和白金台ビル | K15: 7 | L15: 184 | M15: 185 | N15: 178 | O15: 151 | P15: 150 | Q15: 159 | R15: 159 | S15: 158 | T15: 147 | U15: 143 | V15: 144 | W15: 147 | X15: 152 | Y15: 159 | Z15: 152 | AA15: 160 | AB15: 168 | AC15: 170 | AD15: 171 | AE15: 165 | AF15: 158 | AG15: 158 | AH15: 150
A16: Ⅰ-10 | B16: 台場ガーデンシティビル | L16: 276 | M16: 338 | N16: 338 | O16: 338 | P16: 337 | Q16: 336 | R16: 335 | S16: 335 | T16: 335 | U16: 335 | V16: 334 | W16: 334 | X16: 334 | Y16: 334 | Z16: 335 | AA16: 335 | AB16: 335 | AC16: 334 | AD16: 333 | AE16: 331 | AF16: 322 | AG16: 296 | AH16: 296 | AI16: 298 | AJ16: 301 | AK16: 300 | AL16: 311 | AM16: 308 | AN16: 315 | AO16: 313 | AP16: 311
A17: Ⅰ-11 | B17: 第35興和ビル | M17: - | N17: - | O17: - | P17: - | Q17: - | R17: - | S17: - | T17: - | U17: -
A18: Ⅰ-12 | B18: 浜離宮インターシティ | M18: 15 | N18: 248 | O18: 260 | P18: 257 | Q18: 264 | R18: 600 | S18: 679 | T18: 673 | U18: 675 | V18: 679 | W18: 669 | X18: 668 | Y18: 679 | Z18: 685 | AA18: 694 | AB18: 671 | AC18: 668 | AD18: 719 | AE18: 713 | AF18: 725 | AG18: 692 | AH18: 676 | AI18: 681 | AJ18: 697 | AK18: 711 | AL18: 747 | AM18: 753 | AN18: 763 | AO18: 762 | AP18: 766
A19: Ⅰ-13 | B19: 新富町ビル | N19: 34 | O19: 66 | P19: 66 | Q19: 65 | R19: 65 | S19: 65 | T19: 65 | U19: 63 | V19: 61 | W19: 62 | X19: 64 | Y19: 64 | Z19: 65 | AA19: 65 | AB19: 64 | AC19: 66 | AD19: 67 | AE19: 67 | AF19: 67 | AG19: 67 | AH19: 68 | AI19: 41 | AJ19: 5
A20: Ⅰ-14 | B20: 興和西新橋ビル | P20: - | Q20: - | R20: - | S20: - | T20: - | U20: - | V20: - | W20: - | X20: - | Y20: - | Z20: - | AA20: - | AB20: - | AC20: - | AD20: - | AE20: - | AF20: - | AG20: - | AH20: - | AI20: - | AJ20: - | AK20: - | AL20: - | AM20: - | AN20: - | AO20: - | AP20: -
A21: Ⅰ-15 | B21: マンサード代官山 | W21: 257 | X21: 274 | Y21: 273 | Z21: 273 | AA21: 291 | AB21: 293 | AC21: 274 | AD21: 302 | AE21: 295 | AF21: 241 | AG21: 213 | AH21: 206 | AI21: 216 | AJ21: 210 | AK21: 259 | AL21: 259 | AM21: 260 | AN21: 216 | AO21: 254 | AP21: 280
A22: Ⅰ-16 | B22: 赤坂インターシティAIR | AA22: - | AB22: - | AC22: - | AD22: - | AE22: - | AF22: - | AG22: - | AH22: - | AI22: - | AJ22: - | AK22: - | AL22: - | AM22: - | AN22: - | AO22: - | AP22: -
A23: Ⅰ-17 | B23: BIZCORE赤坂見附 | AC23: 46 | AD23: 142 | AE23: 150 | AF23: 150 | AG23: 149 | AH23: 145 | AI23: 125 | AJ23: 126 | AK23: 115 | AL23: 124 | AM23: 125 | AN23: 129 | AO23: 123 | AP23: 121
A24: Ⅰ-18 | B24: BIZCORE神保町 | AF24: - | AG24: - | AH24: - | AI24: - | AJ24: - | AK24: - | AL24: - | AM24: - | AN24: - | AO24: - | AP24: 249
A25: Ⅰ-19 | B25: BIZCORE渋谷 | AI25: 116 | AJ25: 130 | AK25: 142 | AL25: 148 | AM25: 148 | AN25: 135 | AO25: 157 | AP25: 150
A26: Ⅰ-20 | B26: BIZCORE築地 | AK26: - | AL26: - | AM26: - | AN26: - | AO26: - | AP26: -
A27: Ⅰ-21 | B27: 大崎ブライトタワー・大崎ブライトプラザ | AL27: - | AM27: - | AN27: - | AO27: - | AP27: -
A28: Ⅰ-22 | B28: アークヒルズフロントタワー | AN28: 163 | AO28: 394 | AP28: 442
